Workbook

Sheet BAR
A1: Панорама by Mercure Красная Поляна 4*
A2: Тариф "Базовый с завтраком"
A3: Открытые тарифы
A4: завтраки формата "Шведский стол" | B4: 46274 | C4: 46275 | D4: 46276 | E4: 46277 | F4: 46278 | G4: 46279 | H4: 46280 | I4: 46281 | J4: 46282 | K4: 46283 | L4: 46284 | M4: 46285 | N4: 46286 | O4: 46287 | P4: 46288 | Q4: 46289 | R4: 46290 | S4: 46291 | T4: 46292 | U4: 46293 | V4: 46294 | W4: 46295 | X4: 46296 | Y4: 46297 | Z4: 46298 | AA4: 46299 | AB4: 46300 | AC4: 46301 | AD4: 46302 | AE4: 46303 | AF4: 46304 | AG4: 46305 | AH4: 46306 | AI4: 46307 | AJ4: 46308 | AK4: 46309 | AL4: 46310 | AM4: 46311 | AN4: 46312 | AO4: 46313 | AP4: 46314 | AQ4: 46315 | AR4: 46316 | AS4: 46317 | AT4: 46318 | AU4: 46319 | AV4: 46320 | AW4: 46321 | AX4: 46322 | AY4: 46323 | AZ4: 46324 | BA4: 46325 | BB4: 46326 | BC4: 46327 | BD4: 46328 | BE4: 46329 | BF4: 46330 | BG4: 46331 | BH4: 46332 | BI4: 46333 | BJ4: 46334 | BK4: 46335 | BL4: 46336 | BM4: 46337 | BN4: 46338 | BO4: 46339 | BP4: 46340 | BQ4: 46341 | BR4: 46342 | BS4: 46343 | BT4: 46344 | BU4: 46345 | BV4: 46346 | BW4: 46347 | BX4: 46348 | BY4: 46349 | BZ4: 46350 | CA4: 46351 | CB4: 46352 | CC4: 46353 | CD4: 46354 | CE4: 46355 | CF4: 46356 | CG4: 46357 | CH4: 46358 | CI4: 46359 | CJ4: 46360 | CK4: 46361 | CL4: 46362 | CM4: 46363 | CN4: 46364 | CO4: 46365 | CP4: 46366 | CQ4: 46367 | CR4: 46368 | CS4: 46369 | CT4: 46370 | CU4: 46371 | CV4: 46372 | CW4: 46373 | CX4: 46374 | CY4: 46375 | CZ4: 46376 | DA4: 46377 | DB4: 46378 | DC4: 46379 | DD4: 46380 | DE4: 46381 | DF4: 46382 | DG4: 46383 | DH4: 46384 | DI4: 46385 | DJ4: 46386 | DK4: 46387 | DL4: 46388 | DM4: 46389 | DN4: 46390 | DO4: 46391 | DP4: 46392 | DQ4: 46393 | DR4: 46394 | DS4: 46395 | DT4: 46396 | DU4: 46397 | DV4: 46398 | DW4: 46399 | DX4: 46400 | DY4: 46401 | DZ4: 46402 | EA4: 46403 | EB4: 46404 | EC4: 46405 | ED4: 46406 | EE4: 46407 | EF4: 46408 | EG4: 46409 | EH4: 46410 | EI4: 46411 | EJ4: 46412 | EK4: 46413 | EL4: 46414 | EM4: 46415 | EN4: 46416 | EO4: 46417 | EP4: 46418 | EQ4: 46419 | ER4: 46420 | ES4: 46421 | ET4: 46422 | EU4: 46423 | EV4: 46424 | EW4: 46425 | EX4: 46426 | EY4: 46427 | EZ4: 46428 | FA4: 46429 | FB4: 46430 | FC4: 46431 | FD4: 46432 | FE4: 46433 | FF4: 46434 | FG4: 46435 | FH4: 46436 | FI4: 46437 | FJ4: 46438 | FK4: 46439 | FL4: 46440 | FM4: 46441 | FN4: 46442 | FO4: 46443 | FP4: 46444 | FQ4: 46445 | FR4: 46446 | FS4: 46447 | FT4: 46448 | FU4: 46449 | FV4: 46450 | FW4: 46451 | FX4: 46452 | FY4: 46453 | FZ4: 46454 | GA4: 46455 | GB4: 46456 | GC4: 46457 | GD4: 46458 | GE4: 46459 | GF4: 46460 | GG4: 46461 | GH4: 46462 | GI4: 46463 | GJ4: 46464 | GK4: 46465 | GL4: 46466 | GM4: 46467 | GN4: 46468 | GO4: 46469 | GP4: 46470 | GQ4: 46471 | GR4: 46472 | GS4: 46473 | GT4: 46474 | GU4: 46475 | GV4: 46476 | GW4: 46477
A5: Классический номер с двуспальной кроватью, Классический номер с 2 односпальными кроватями
A6: 1 | B6: 8500 | C6: 8000 | D6: 9000 | E6: 9000 | F6: 9000 | G6: 7600 | H6: 7600 | I6: 7600 | J6: 7600 | K6: 8500 | L6: 8500 | M6: 7000 | N6: 7000 | O6: 7000 | P6: 7000 | Q6: 7000 | R6: 7600 | S6: 7600 | T6: 7000 | U6: 7000 | V6: 7000 | W6: 7000 | X6: 6900 | Y6: 7200 | Z6: 7200 | AA6: 6900 | AB6: 6900 | AC6: 6900 | AD6: 6900 | AE6: 6900 | AF6: 7200 | AG6: 7200 | AH6: 6900 | AI6: 7200 | AJ6: 7200 | AK6: 7200 | AL6: 7200 | AM6: 7200 | AN6: 7200 | AO6: 6900 | AP6: 6900 | AQ6: 6900 | AR6: 6900 | AS6: 6900 | AT6: 7200 | AU6: 7200 | AV6: 6900 | AW6: 6900 | AX6: 6900 | AY6: 6900 | AZ6: 6900 | BA6: 7200 | BB6: 7200 | BC6: 6600 | BD6: 6600 | BE6: 6600 | BF6: 7200 | BG6: 7200 | BH6: 7200 | BI6: 7200 | BJ6: 6400 | BK6: 6400 | BL6: 6400 | BM6: 6400 | BN6: 6400 | BO6: 6600 | BP6: 6600 | BQ6: 6400 | BR6: 6400 | BS6: 6400 | BT6: 6400 | BU6: 6400 | BV6: 6600 | BW6: 6600 | BX6: 6400 | BY6: 6400 | BZ6: 6400 | CA6: 6400 | CB6: 6400 | CC6: 6600 | CD6: 6600 | CE6: 6400 | CF6: 6400 | CG6: 6400 | CH6: 6400 | CI6: 6400 | CJ6: 6600 | CK6: 6600 | CL6: 6400 | CM6: 6400 | CN6: 6400 | CO6: 6400 | CP6: 6400 | CQ6: 7500 | CR6: 7500 | CS6: 7500 | CT6: 7500 | CU6: 7500 | CV6: 7500 | CW6: 7500 | CX6: 8000 | CY6: 8000 | CZ6: 8000 | DA6: 8000 | DB6: 8000 | DC6: 8000 | DD6: 8000 | DE6: 9000 | DF6: 9000 | DG6: 9000 | DH6: 9000 | DI6: 20000 | DJ6: 32000 | DK6: 32000 | DL6: 32000 | DM6: 32000 | DN6: 32000 | DO6: 32000 | DP6: 32000 | DQ6: 32000 | DR6: 32000 | DS6: 29000 | DT6: 18000 | DU6: 18000 | DV6: 18000 | DW6: 18000 | DX6: 18000 | DY6: 18000 | DZ6: 18000 | EA6: 19000 | EB6: 19000 | EC6: 19000 | ED6: 19000 | EE6: 19000 | EF6: 19000 | EG6: 19000 | EH6: 19000 | EI6: 19000 | EJ6: 19000 | EK6: 19000 | EL6: 19000 | EM6: 19000 | EN6: 19000 | EO6: 19000 | EP6: 19000 | EQ6: 20000 | ER6: 20000 | ES6: 20000 | ET6: 20000 | EU6: 20000 | EV6: 20000 | EW6: 20000 | EX6: 20000 | EY6: 20000 | EZ6: 20000 | FA6: 20000 | FB6: 20000 | FC6: 20000 | FD6: 20000 | FE6: 20000 | FF6: 20000 | FG6: 20000 | FH6: 20000 | FI6: 20000 | FJ6: 20000 | FK6: 22600 | FL6: 22600 | FM6: 22600 | FN6: 20000 | FO6: 20000 | FP6: 20000 | FQ6: 20000 | FR6: 20000 | FS6: 18000 | FT6: 18000 | FU6: 18000 | FV6: 18000 | FW6: 18000 | FX6: 18000 | FY6: 18000 | FZ6: 23900 | GA6: 19000 | GB6: 13200 | GC6: 13200 | GD6: 13200 | GE6: 13200 | GF6: 13200 | GG6: 13200 | GH6: 13200 | GI6: 13200 | GJ6: 13200 | GK6: 13200 | GL6: 13200 | GM6: 13200 | GN6: 13200 | GO6: 13200 | GP6: 13200 | GQ6: 13200 | GR6: 13200 | GS6: 13200 | GT6: 13200 | GU6: 13200 | GV6: 13200 | GW6: 13200
A7: 2 | B7: =B6+1850 -> 10350 | C7: =C6+1850 -> 9850 | D7: =D6+1850 -> 10850 | E7: =E6+1850 -> 10850 | F7: =F6+1850 -> 10850 | G7: =G6+1850 -> 9450 | H7: =H6+1850 -> 9450 | I7: =I6+1850 -> 9450 | ... DH7: =DH6+1850 -> 10850 | DI7: =DI6+2300 -> 22300 | DJ7: =DJ6+2300 -> 34300 | DK7: =DK6+2300 -> 34300 | DL7: =DL6+2300 -> 34300 | DM7: =DM6+2300 -> 34300 | DN7: =DN6+2300 -> 34300 | DO7: =DO6+2300 -> 34300 | DP7: =DP6+2300 -> 34300 | ... DS7: =DS6+2300 -> 31300 | DT7: =DT6+2000 -> 20000 | DU7: =DU6+2000 -> 20000 | DV7: =DV6+2000 -> 20000 | DW7: =DW6+2000 -> 20000 | DX7: =DX6+2000 -> 20000 | DY7: =DY6+2000 -> 20000 | DZ7: =DZ6+2000 -> 20000 | EA7: =EA6+2000 -> 21000 | ... GW7: =GW6+2000 -> 15200
A8: Классический улучшенный номер с двуспальной кроватью, Классический улучшенный номер с 2 односпальными кроватями
A9: 1 | B9: =B6+2000 -> 10500 | C9: =C6+2000 -> 10000 | D9: =D6+2000 -> 11000 | E9: =E6+2000 -> 11000 | F9: =F6+2000 -> 11000 | G9: =G6+2000 -> 9600 | H9: =H6+2000 -> 9600 | I9: =I6+2000 -> 9600 | ... W9: =W6+2000 -> 9000 | X9: =X6+1500 -> 8400 | Y9: =Y6+1500 -> 8700 | Z9: =Z6+1500 -> 8700 | AA9: =AA6+1500 -> 8400 | AB9: =AB6+1500 -> 8400 | AC9: =AC6+1500 -> 8400 | AD9: =AD6+1500 -> 8400 | AE9: =AE6+1500 -> 8400 | ... DH9: =DH6+1500 -> 10500 | DI9: =DI6+2500 -> 22500 | DJ9: =DJ6+2500 -> 34500 | DK9: =DK6+2500 -> 34500 | DL9: =DL6+2500 -> 34500 | DM9: =DM6+2500 -> 34500 | DN9: =DN6+2500 -> 34500 | DO9: =DO6+2500 -> 34500 | DP9: =DP6+2500 -> 34500 | ... GA9: =GA6+2500 -> 21500 | GB9: =GB6+1700 -> 14900 | GC9: =GC6+1700 -> 14900 | GD9: =GD6+1700 -> 14900 | GE9: =GE6+1700 -> 14900 | GF9: =GF6+1700 -> 14900 | GG9: =GG6+1700 -> 14900 | GH9: =GH6+1700 -> 14900 | GI9: =GI6+1700 -> 14900 | ... GW9: =GW6+1700 -> 14900
A10: 2 | B10: =B9+1850 -> 12350 | C10: =C9+1850 -> 11850 | D10: =D9+1850 -> 12850 | E10: =E9+1850 -> 12850 | F10: =F9+1850 -> 12850 | G10: =G9+1850 -> 11450 | H10: =H9+1850 -> 11450 | I10: =I9+1850 -> 11450 | ... DH10: =DH9+1850 -> 12350 | DI10: =DI9+2300 -> 24800 | DJ10: =DJ9+2300 -> 36800 | DK10: =DK9+2300 -> 36800 | DL10: =DL9+2300 -> 36800 | DM10: =DM9+2300 -> 36800 | DN10: =DN9+2300 -> 36800 | DO10: =DO9+2300 -> 36800 | DP10: =DP9+2300 -> 36800 | ... DS10: =DS9+2300 -> 33800 | DT10: =DT9+2000 -> 22500 | DU10: =DU9+2000 -> 22500 | DV10: =DV9+2000 -> 22500 | DW10: =DW9+2000 -> 22500 | DX10: =DX9+2000 -> 22500 | DY10: =DY9+2000 -> 22500 | DZ10: =DZ9+2000 -> 22500 | EA10: =EA9+2000 -> 23500 | ... GW10: =GW9+2000 -> 16900
A11: Классический улучшенный номер Комфорт, вид на горы - с 2 односпальными кроватями
A12: 1 | B12: =B6+6000 -> 14500 | C12: =C6+6000 -> 14000 | D12: =D6+6000 -> 15000 | E12: =E6+6000 -> 15000 | F12: =F6+6000 -> 15000 | G12: =G6+6000 -> 13600 | H12: =H6+6000 -> 13600 | I12: =I6+6000 -> 13600 | ... W12: =W6+6000 -> 13000 | X12: =X6+5000 -> 11900 | Y12: =Y6+5000 -> 12200 | Z12: =Z6+5000 -> 12200 | AA12: =AA6+5000 -> 11900 | AB12: =AB6+5000 -> 11900 | AC12: =AC6+5000 -> 11900 | AD12: =AD6+5000 -> 11900 | AE12: =AE6+5000 -> 11900 | ... DH12: =DH6+5000 -> 14000 | DI12: =DI6+7300 -> 27300 | DJ12: =DJ6+5000 -> 37000 | DK12: =DK6+5000 -> 37000 | DL12: =DL6+5000 -> 37000 | DM12: =DM6+5000 -> 37000 | DN12: =DN6+5000 -> 37000 | DO12: =DO6+5000 -> 37000 | DP12: =DP6+5000 -> 37000 | DQ12: =DQ6+5000 -> 37000 | ... DS12: =DS6+5000 -> 34000 | DT12: =DT6+4000 -> 22000 | DU12: =DU6+4000 -> 22000 | DV12: =DV6+4000 -> 22000 | DW12: =DW6+4000 -> 22000 | DX12: =DX6+4000 -> 22000 | DY12: =DY6+4000 -> 22000 | DZ12: =DZ6+4000 -> 22000 | EA12: =EA6+4000 -> 23000 | ... GW12: =GW6+4000 -> 17200
A13: 2 | B13: =B12+1850 -> 16350 | C13: =C12+1850 -> 15850 | D13: =D12+1850 -> 16850 | E13: =E12+1850 -> 16850 | F13: =F12+1850 -> 16850 | G13: =G12+1850 -> 15450 | H13: =H12+1850 -> 15450 | I13: =I12+1850 -> 15450 | ... DH13: =DH12+1850 -> 15850 | DI13: =DI12+2300 -> 29600 | DJ13: =DJ12+2300 -> 39300 | DK13: =DK12+2300 -> 39300 | DL13: =DL12+2300 -> 39300 | DM13: =DM12+2300 -> 39300 | DN13: =DN12+2300 -> 39300 | DO13: =DO12+2300 -> 39300 | DP13: =DP12+2300 -> 39300 | ... DS13: =DS12+2300 -> 36300 | DT13: =DT12+2000 -> 24000 | DU13: =DU12+2000 -> 24000 | DV13: =DV12+2000 -> 24000 | DW13: =DW12+2000 -> 24000 | DX13: =DX12+2000 -> 24000 | DY13: =DY12+2000 -> 24000 | DZ13: =DZ12+2000 -> 24000 | EA13: =EA12+2000 -> 25000 | ... GW13: =GW12+2000 -> 19200
A14: Номер Привилегия с двуспальной кроватью Номер Привилегия, для маломобильных с двуспальной кроватью
A15: 1 | B15: =B6+7500 -> 16000 | C15: =C6+7500 -> 15500 | D15: =D6+7500 -> 16500 | E15: =E6+7500 -> 16500 | F15: =F6+7500 -> 16500 | G15: =G6+7500 -> 15100 | H15: =H6+7500 -> 15100 | I15: =I6+7500 -> 15100 | ... W15: =W6+7500 -> 14500 | X15: =X6+6500 -> 13400 | Y15: =Y6+6500 -> 13700 | Z15: =Z6+6500 -> 13700 | AA15: =AA6+6500 -> 13400 | AB15: =AB6+6500 -> 13400 | AC15: =AC6+6500 -> 13400 | AD15: =AD6+6500 -> 13400 | AE15: =AE6+6500 -> 13400 | ... DH15: =DH6+6500 -> 15500 | DI15: =DI6+10000 -> 30000 | DJ15: =DJ6+10000 -> 42000 | DK15: =DK6+10000 -> 42000 | DL15: =DL6+10000 -> 42000 | DM15: =DM6+10000 -> 42000 | DN15: =DN6+10000 -> 42000 | DO15: =DO6+10000 -> 42000 | DP15: =DP6+10000 -> 42000 | ... GA15: =GA6+10000 -> 29000 | GB15: =GB6+5500 -> 18700 | GC15: =GC6+5500 -> 18700 | GD15: =GD6+5500 -> 18700 | GE15: =GE6+5500 -> 18700 | GF15: =GF6+5500 -> 18700 | GG15: =GG6+5500 -> 18700 | GH15: =GH6+5500 -> 18700 | GI15: =GI6+5500 -> 18700 | ... GW15: =GW6+5500 -> 18700
A16: 2 | B16: =B15+1850 -> 17850 | C16: =C15+1850 -> 17350 | D16: =D15+1850 -> 18350 | E16: =E15+1850 -> 18350 | F16: =F15+1850 -> 18350 | G16: =G15+1850 -> 16950 | H16: =H15+1850 -> 16950 | I16: =I15+1850 -> 16950 | ... DH16: =DH15+1850 -> 17350 | DI16: =DI15+2300 -> 32300 | DJ16: =DJ15+2300 -> 44300 | DK16: =DK15+2300 -> 44300 | DL16: =DL15+2300 -> 44300 | DM16: =DM15+2300 -> 44300 | DN16: =DN15+2300 -> 44300 | DO16: =DO15+2300 -> 44300 | DP16: =DP15+2300 -> 44300 | ... DS16: =DS15+2300 -> 41300 | DT16: =DT15+2000 -> 30000 | DU16: =DU15+2000 -> 30000 | DV16: =DV15+2000 -> 30000 | DW16: =DW15+2000 -> 30000 | DX16: =DX15+2000 -> 30000 | DY16: =DY15+2000 -> 30000 | DZ16: =DZ15+2000 -> 30000 | EA16: =EA15+2000 -> 31000 | ... GW16: =GW15+2000 -> 20700
A17: Номер Привилегия Люкс с двуспальной кроватью, Номер Привилегия Люкс с 2 односпальными кроватями
A18: 1 | B18: =B6+9500 -> 18000 | C18: =C6+9500 -> 17500 | D18: =D6+9500 -> 18500 | E18: =E6+9500 -> 18500 | F18: =F6+9500 -> 18500 | G18: =G6+9500 -> 17100 | H18: =H6+9500 -> 17100 | I18: =I6+9500 -> 17100 | ... W18: =W6+9500 -> 16500 | X18: =X6+8000 -> 14900 | Y18: =Y6+8000 -> 15200 | Z18: =Z6+8000 -> 15200 | AA18: =AA6+8000 -> 14900 | AB18: =AB6+8000 -> 14900 | AC18: =AC6+8000 -> 14900 | AD18: =AD6+8000 -> 14900 | AE18: =AE6+8000 -> 14900 | ... DH18: =DH6+8000 -> 17000 | DI18: =DI6+15000 -> 35000 | DJ18: =DJ6+15000 -> 47000 | DK18: =DK6+15000 -> 47000 | DL18: =DL6+15000 -> 47000 | DM18: =DM6+15000 -> 47000 | DN18: =DN6+15000 -> 47000 | DO18: =DO6+15000 -> 47000 | DP18: =DP6+15000 -> 47000 | ... GA18: =GA6+15000 -> 34000 | GB18: =GB6+8500 -> 21700 | GC18: =GC6+8500 -> 21700 | GD18: =GD6+8500 -> 21700 | GE18: =GE6+8500 -> 21700 | GF18: =GF6+8500 -> 21700 | GG18: =GG6+8500 -> 21700 | GH18: =GH6+8500 -> 21700 | GI18: =GI6+8500 -> 21700 | ... GW18: =GW6+8500 -> 21700
A19: 2 | B19: =B18+1850 -> 19850 | C19: =C18+1850 -> 19350 | D19: =D18+1850 -> 20350 | E19: =E18+1850 -> 20350 | F19: =F18+1850 -> 20350 | G19: =G18+1850 -> 18950 | H19: =H18+1850 -> 18950 | I19: =I18+1850 -> 18950 | ... DH19: =DH18+1850 -> 18850 | DI19: =DI18+2300 -> 37300 | DJ19: =DJ18+2300 -> 49300 | DK19: =DK18+2300 -> 49300 | DL19: =DL18+2300 -> 49300 | DM19: =DM18+2300 -> 49300 | DN19: =DN18+2300 -> 49300 | DO19: =DO18+2300 -> 49300 | DP19: =DP18+2300 -> 49300 | ... DS19: =DS18+2300 -> 46300 | DT19: =DT18+2000 -> 35000 | DU19: =DU18+2000 -> 35000 | DV19: =DV18+2000 -> 35000 | DW19: =DW18+2000 -> 35000 | DX19: =DX18+2000 -> 35000 | DY19: =DY18+2000 -> 35000 | DZ19: =DZ18+2000 -> 35000 | EA19: =EA18+2000 -> 36000 | ... GW19: =GW18+2000 -> 23700
A20: Номер Семейный Люкс с 2 спальнями
A21: 1 | B21: =B6+18000 -> 26500 | C21: =C6+18000 -> 26000 | D21: =D6+18000 -> 27000 | E21: =E6+18000 -> 27000 | F21: =F6+18000 -> 27000 | G21: =G6+18000 -> 25600 | H21: =H6+18000 -> 25600 | I21: =I6+18000 -> 25600 | ... W21: =W6+18000 -> 25000 | X21: =X6+15000 -> 21900 | Y21: =Y6+15000 -> 22200 | Z21: =Z6+15000 -> 22200 | AA21: =AA6+15000 -> 21900 | AB21: =AB6+15000 -> 21900 | AC21: =AC6+15000 -> 21900 | AD21: =AD6+15000 -> 21900 | AE21: =AE6+15000 -> 21900 | ... DH21: =DH6+15000 -> 24000 | DI21: =DI6+23700 -> 43700 | DJ21: =DJ6+23700 -> 55700 | DK21: =DK6+23700 -> 55700 | DL21: =DL6+23700 -> 55700 | DM21: =DM6+23700 -> 55700 | DN21: =DN6+23700 -> 55700 | DO21: =DO6+23700 -> 55700 | DP21: =DP6+23700 -> 55700 | ... DS21: =DS6+23700 -> 52700 | DT21: =DT6+23100 -> 41100 | DU21: =DU6+23100 -> 41100 | DV21: =DV6+23100 -> 41100 | DW21: =DW6+23100 -> 41100 | DX21: =DX6+23100 -> 41100 | DY21: =DY6+23100 -> 41100 | DZ21: =DZ6+23100 -> 41100 | EA21: =EA6+23100 -> 42100 | ... GA21: =GA6+23100 -> 42100 | GB21: =GB6+20100 -> 33300 | GC21: =GC6+20100 -> 33300 | GD21: =GD6+20100 -> 33300 | GE21: =GE6+20100 -> 33300 | GF21: =GF6+20100 -> 33300 | GG21: =GG6+20100 -> 33300 | GH21: =GH6+20100 -> 33300 | GI21: =GI6+20100 -> 33300 | ... GW21: =GW6+20100 -> 33300
A22: 2 | B22: =B21 -> 26500 | C22: =C21 -> 26000 | D22: =D21 -> 27000 | E22: =E21 -> 27000 | F22: =F21 -> 27000 | G22: =G21 -> 25600 | H22: =H21 -> 25600 | I22: =I21 -> 25600 | ... GW22: =GW21 -> 33300
A23: 3 | B23: =B21 -> 26500 | C23: =C21 -> 26000 | D23: =D21 -> 27000 | E23: =E21 -> 27000 | F23: =F21 -> 27000 | G23: =G21 -> 25600 | H23: =H21 -> 25600 | I23: =I21 -> 25600 | ... GW23: =GW21 -> 33300
A24: 4 | B24: =B21 -> 26500 | C24: =C21 -> 26000 | D24: =D21 -> 27000 | E24: =E21 -> 27000 | F24: =F21 -> 27000 | G24: =G21 -> 25600 | H24: =H21 -> 25600 | I24: =I21 -> 25600 | ... GW24: =GW21 -> 33300
A25: Доп.инфо:
A26: 📌Дополнительное место с завтраком: 01.04.26 - 28.12.26 взр 2850 руб/сут, реб 1950 руб/сут 29.12.26 - 08.01.27 взр 3300 руб/сут, реб 2150 руб/сут 09.01.27 - 31.03.27 взр 3000 руб/сут, реб 2000 руб/сут 📌Завтраки: 01.04.26 - 28.12.26 взр 1850 руб/сут, реб 950 руб/сут 29.12.26 - 08.01.27 взр 2300 руб/сут, реб 1150 руб/сут 09.01.27 - 31.03.27 взр 2000 руб/сут, реб 1000 руб/сут 📌Доплата за размещение с животными (до 15 кг и 45 см в холке) – 2500 руб. единоразово при заселении. Допустимо проживание не более 1-го животного в номере. Обязателен вет.паспорт животного. 📌Услуга "Ранний заезд или Поздний выезд" предоставляется при 100% гарантиии доп. суток размещения по возможности отеля. Негарантированный РЗ/ПВ оформляется в отеле и предоставляется по возможности отеля. Время негарантированных услуг: РЗ с 00:00 до 02:59 - 100%, с 03:00 до 15:00 - 50%; ПВ с 12:00 до 18:00 - 50%, после 18:00 - 100%
A27: Даты тарифа (включительно):
A28: Период продажи: 20.03.2026 - 30.03.2027 Период проживания: 20.03.2026 - 31.03.2027
A29: Новогодний тариф (включительно):
A30: Период продажи: 22.07.2026 – 08.01.2027 Период проживания: 29.12.2026 – 08.01.2027 Условия бронирования: При бронировании номера в даты проживания с 30.12.25-08.01.26 необходима предоплата в размере 1-х суток и полная оплата в размере 100% до 01.12.2026. Условия аннуляции: бесплатная отмена до 00:00 дня заезда и при отмене после 00:00 часов дня заезда удерживается стоимость первых суток.
A31: В стоимость включено:
A32: Завтрак по системе "Шведский стол"; Посещение СПА-центра и тренажерного зала отеля; Бесплатная парковка на Поляне 960; Подъем на канатной дороге до Поляны 960; Бесплатный Wi-Fi на территории всего отеля; Комната для хранения горнолыжного оборудования
A33: Условия аннуляции:
A34: В случае отмены или изменения бронирования менее чем за 24 часа до заезда удерживается стоимость первых суток.
A35: Пропуск "Сочинский национальный парк":
A36: Территория Курорта Красная поляна является особо охраняемой природной территорией "Сочинский национальный парк". При подъёме выше отметки +960 и при прогулках по экотропам Курорта, вам необходимо оформить пропуск. *Детям дошкольного и школьного возраста, гостям пенсионного возраста - приобретают льготный билет (0Р) в кассе Сочинского национального парка, на высоте 960 Купить пропуск в национальный парк https://npsochi.ru/tickets/ Ознакомиться с правилами Сочинского национального парка https://npsochi.ru/rules/
A37: Обратная связь:

Sheet RO
A1: Панорама by Mercure Красная Поляна 4*
A2: тариф "Базовый без завтрака"
A3: Открытые тарифы
A4: Проживание без питания (Room only) | B4: 46169 | C4: 46170 | D4: 46171 | E4: 46172 | F4: 46173
A5: Классический номер с двуспальной кроватью, Классический номер с 2 односпальными кроватями
A6: 1 | B6: =BAR!#REF!-1000 -> #REF! | C6: =BAR!#REF!-1000 -> #REF! | D6: =BAR!#REF!-1000 -> #REF! | E6: =BAR!#REF!-1000 -> #REF! | F6: =BAR!#REF!-1000 -> #REF!
A7: 2 | B7: =B6 -> #REF! | C7: =C6 -> #REF! | D7: =D6 -> #REF! | E7: =E6 -> #REF! | F7: =F6 -> #REF!
A8: Классический улучшенный номер с двуспальной кроватью, Классический улучшенный номер с 2 односпальными кроватями
A9: 1 | B9: =B6+2000 -> #REF! | C9: =C6+2000 -> #REF! | D9: =D6+2000 -> #REF! | E9: =E6+2000 -> #REF! | F9: =F6+2000 -> #REF!
A10: 2 | B10: =B9 -> #REF! | C10: =C9 -> #REF! | D10: =D9 -> #REF! | E10: =E9 -> #REF! | F10: =F9 -> #REF!
A11: Классический улучшенный номер Комфорт, вид на горы - с 2 односпальными кроватями
A12: 1 | B12: =B6+4700 -> #REF! | C12: =C6+4700 -> #REF! | D12: =D6+4700 -> #REF! | E12: =E6+4700 -> #REF! | F12: =F6+4700 -> #REF!
A13: 2 | B13: =B12 -> #REF! | C13: =C12 -> #REF! | D13: =D12 -> #REF! | E13: =E12 -> #REF! | F13: =F12 -> #REF!
A14: Номер Привилегия с двуспальной кроватью Номер Привилегия, для маломобильных с двуспальной кроватью
A15: 1 | B15: =B6+6500 -> #REF! | C15: =C6+6500 -> #REF! | D15: =D6+6500 -> #REF! | E15: =E6+6500 -> #REF! | F15: =F6+6500 -> #REF!
A16: 2 | B16: =B15 -> #REF! | C16: =C15 -> #REF! | D16: =D15 -> #REF! | E16: =E15 -> #REF! | F16: =F15 -> #REF!
A17: Номер Привилегия Люкс с двуспальной кроватью, Номер Привилегия Люкс с 2 односпальными кроватями
A18: 1 | B18: =B6+8500 -> #REF! | C18: =C6+8500 -> #REF! | D18: =D6+8500 -> #REF! | E18: =E6+8500 -> #REF! | F18: =F6+8500 -> #REF!
A19: 2 | B19: =B18 -> #REF! | C19: =C18 -> #REF! | D19: =D18 -> #REF! | E19: =E18 -> #REF! | F19: =F18 -> #REF!
A20: Номер Семейный Люкс с 2 спальнями
A21: 1 | B21: =B6+15000 -> #REF! | C21: =C6+15000 -> #REF! | D21: =D6+15000 -> #REF! | E21: =E6+15000 -> #REF! | F21: =F6+15000 -> #REF!
A22: 2 | B22: =B21 -> #REF! | C22: =C21 -> #REF! | D22: =D21 -> #REF! | E22: =E21 -> #REF! | F22: =F21 -> #REF!
A23: 3 | B23: =B21 -> #REF! | C23: =C21 -> #REF! | D23: =D21 -> #REF! | E23: =E21 -> #REF! | F23: =F21 -> #REF!
A24: 4 | B24: =B21 -> #REF! | C24: =C21 -> #REF! | D24: =D21 -> #REF! | E24: =E21 -> #REF! | F24: =F21 -> #REF!
A25: Даты тарифа (включительно):
A26: Период продажи: 20.03.2026 - 30.05.2026 Период проживания: 01.04.2026 - 31.05.2026
A27: Закрытые даты (включительно):
A28: 07.06.2026-11.06.2026
A29: 22.06.2026-25.06.2026
A30: 21.09.2026-24.09.2026
A31: 30.09.2026-03.10.2026
A32: В стоимость включено:
A33: Посещение СПА-центра и тренажерного зала отеля; Бесплатная парковка на Поляне 960; Подъем на канатной дороге до Поляны 960; Бесплатный Wi-Fi на территории всего отеля; Комната для хранения горнолыжного оборудования
A34: Условия аннуляции:
A35: В случае отмены или изменения бронирования после 00:00 часов дня заезда удерживается стоимость первых суток.
A36: Регламентные работы:
A37: Ежегодные регламентные работы на канатных дорогах курорта Красная Поляна пройдут с 16 марта по 24 июня 2026 года. С 10 по 31 мая будут закрыты канатные дороги Центрального сектора: («Красная Поляна» 540-960 м, «Реликтовый лес» 960-1460 м, «Вершина» 1460-2200 м, «Аибга» 2200-2050 м, «Черная Пирамида» 2050-2300 м). На время регламентных работ между уровнями 540-960 м будут курсировать шаттлы курорта. С 16 марта по 24 апреля будет закрыта канатная дорога Восточного сектора К‑13 «Водопад Поликаря. С 1 апреля по 24 апреля будут закрыты канатные дороги К‑10 «Восточный лес» и К‑12 «Старт чемпиона». К‑8 «Снежная звезда»: закрыта с 1 по 24 июня.

Sheet РБ10%
A1: Панорама by Mercure Красная Поляна 4*
A2: Тариф "Раннее бронирование со скидкой 10%, завтрак включен"
A3: Открытые тарифы
A4: завтраки формата "Шведский стол" | B4: 46274 | C4: 46275 | D4: 46276 | E4: 46277 | F4: 46278 | G4: 46279 | H4: 46280 | I4: 46281 | J4: 46282 | K4: 46283 | L4: 46284 | M4: 46285 | N4: 46286 | O4: 46287 | P4: 46288 | Q4: 46289 | R4: 46290 | S4: 46291 | T4: 46292 | U4: 46293 | V4: 46294 | W4: 46295 | X4: 46296 | Y4: 46297 | Z4: 46298 | AA4: 46299 | AB4: 46300 | AC4: 46301 | AD4: 46302 | AE4: 46303 | AF4: 46304 | AG4: 46305 | AH4: 46306 | AI4: 46307 | AJ4: 46308 | AK4: 46309 | AL4: 46310 | AM4: 46311 | AN4: 46312 | AO4: 46313 | AP4: 46314 | AQ4: 46315 | AR4: 46316 | AS4: 46317 | AT4: 46318 | AU4: 46319 | AV4: 46320 | AW4: 46321 | AX4: 46322 | AY4: 46323 | AZ4: 46324 | BA4: 46325 | BB4: 46326 | BC4: 46327 | BD4: 46328 | BE4: 46329 | BF4: 46330 | BG4: 46331 | BH4: 46332 | BI4: 46333 | BJ4: 46334 | BK4: 46335 | BL4: 46336 | BM4: 46337 | BN4: 46338 | BO4: 46339 | BP4: 46340 | BQ4: 46341 | BR4: 46342 | BS4: 46343 | BT4: 46344 | BU4: 46345 | BV4: 46346 | BW4: 46347 | BX4: 46348 | BY4: 46349 | BZ4: 46350 | CA4: 46351 | CB4: 46352 | CC4: 46353 | CD4: 46354 | CE4: 46355 | CF4: 46356 | CG4: 46357 | CH4: 46358 | CI4: 46359 | CJ4: 46360 | CK4: 46361 | CL4: 46362 | CM4: 46363 | CN4: 46364 | CO4: 46365 | CP4: 46366 | CQ4: 46367 | CR4: 46368 | CS4: 46369 | CT4: 46370 | CU4: 46371 | CV4: 46372 | CW4: 46373 | CX4: 46374 | CY4: 46375 | CZ4: 46376 | DA4: 46377 | DB4: 46378 | DC4: 46379 | DD4: 46380 | DE4: 46381 | DF4: 46382 | DG4: 46383 | DH4: 46384 | DI4: 46385 | DJ4: 46386 | DK4: 46387 | DL4: 46388 | DM4: 46389 | DN4: 46390 | DO4: 46391 | DP4: 46392 | DQ4: 46393 | DR4: 46394 | DS4: 46395 | DT4: 46396 | DU4: 46397 | DV4: 46398 | DW4: 46399 | DX4: 46400 | DY4: 46401 | DZ4: 46402 | EA4: 46403 | EB4: 46404 | EC4: 46405 | ED4: 46406 | EE4: 46407 | EF4: 46408 | EG4: 46409 | EH4: 46410 | EI4: 46411 | EJ4: 46412 | EK4: 46413 | EL4: 46414 | EM4: 46415 | EN4: 46416 | EO4: 46417 | EP4: 46418 | EQ4: 46419 | ER4: 46420 | ES4: 46421 | ET4: 46422 | EU4: 46423 | EV4: 46424 | EW4: 46425 | EX4: 46426 | EY4: 46427 | EZ4: 46428 | FA4: 46429 | FB4: 46430 | FC4: 46431 | FD4: 46432 | FE4: 46433 | FF4: 46434 | FG4: 46435 | FH4: 46436 | FI4: 46437 | FJ4: 46438 | FK4: 46439 | FL4: 46440 | FM4: 46441 | FN4: 46442 | FO4: 46443 | FP4: 46444 | FQ4: 46445 | FR4: 46446 | FS4: 46447 | FT4: 46448 | FU4: 46449 | FV4: 46450 | FW4: 46451 | FX4: 46452 | FY4: 46453 | FZ4: 46454 | GA4: 46455 | GB4: 46456 | GC4: 46457 | GD4: 46458 | GE4: 46459 | GF4: 46460 | GG4: 46461 | GH4: 46462 | GI4: 46463 | GJ4: 46464 | GK4: 46465 | GL4: 46466 | GM4: 46467 | GN4: 46468 | GO4: 46469 | GP4: 46470 | GQ4: 46471 | GR4: 46472 | GS4: 46473 | GT4: 46474 | GU4: 46475 | GV4: 46476 | GW4: 46477
A5: Классический номер с двуспальной кроватью, Классический номер с 2 односпальными кроватями
A6: 1 | B6: =BAR!B6*0.9 -> 7650 | C6: =BAR!C6*0.9 -> 7200 | D6: =BAR!D6*0.9 -> 8100 | E6: =BAR!E6*0.9 -> 8100 | F6: =BAR!F6*0.9 -> 8100 | G6: =BAR!G6*0.9 -> 6840 | H6: =BAR!H6*0.9 -> 6840 | I6: =BAR!I6*0.9 -> 6840 | ... GW6: =BAR!GW6*0.9 -> 11880
A7: 2 | B7: =BAR!B7*0.9 -> 9315 | C7: =BAR!C7*0.9 -> 8865 | D7: =BAR!D7*0.9 -> 9765 | E7: =BAR!E7*0.9 -> 9765 | F7: =BAR!F7*0.9 -> 9765 | G7: =BAR!G7*0.9 -> 8505 | H7: =BAR!H7*0.9 -> 8505 | I7: =BAR!I7*0.9 -> 8505 | ... GW7: =BAR!GW7*0.9 -> 13680
A8: Классический улучшенный номер с двуспальной кроватью, Классический улучшенный номер с 2 односпальными кроватями
A9: 1 | B9: =BAR!B9*0.9 -> 9450 | C9: =BAR!C9*0.9 -> 9000 | D9: =BAR!D9*0.9 -> 9900 | E9: =BAR!E9*0.9 -> 9900 | F9: =BAR!F9*0.9 -> 9900 | G9: =BAR!G9*0.9 -> 8640 | H9: =BAR!H9*0.9 -> 8640 | I9: =BAR!I9*0.9 -> 8640 | ... GW9: =BAR!GW9*0.9 -> 13410
A10: 2 | B10: =BAR!B10*0.9 -> 11115 | C10: =BAR!C10*0.9 -> 10665 | D10: =BAR!D10*0.9 -> 11565 | E10: =BAR!E10*0.9 -> 11565 | F10: =BAR!F10*0.9 -> 11565 | G10: =BAR!G10*0.9 -> 10305 | H10: =BAR!H10*0.9 -> 10305 | I10: =BAR!I10*0.9 -> 10305 | ... GW10: =BAR!GW10*0.9 -> 15210
A11: Классический улучшенный номер Комфорт, вид на горы - с 2 односпальными кроватями
A12: 1 | B12: =BAR!B12*0.9 -> 13050 | C12: =BAR!C12*0.9 -> 12600 | D12: =BAR!D12*0.9 -> 13500 | E12: =BAR!E12*0.9 -> 13500 | F12: =BAR!F12*0.9 -> 13500 | G12: =BAR!G12*0.9 -> 12240 | H12: =BAR!H12*0.9 -> 12240 | I12: =BAR!I12*0.9 -> 12240 | ... GW12: =BAR!GW12*0.9 -> 15480
A13: 2 | B13: =BAR!B13*0.9 -> 14715 | C13: =BAR!C13*0.9 -> 14265 | D13: =BAR!D13*0.9 -> 15165 | E13: =BAR!E13*0.9 -> 15165 | F13: =BAR!F13*0.9 -> 15165 | G13: =BAR!G13*0.9 -> 13905 | H13: =BAR!H13*0.9 -> 13905 | I13: =BAR!I13*0.9 -> 13905 | ... GW13: =BAR!GW13*0.9 -> 17280
A14: Номер Привилегия с двуспальной кроватью Номер Привилегия, для маломобильных с двуспальной кроватью
A15: 1 | B15: =BAR!B15*0.9 -> 14400 | C15: =BAR!C15*0.9 -> 13950 | D15: =BAR!D15*0.9 -> 14850 | E15: =BAR!E15*0.9 -> 14850 | F15: =BAR!F15*0.9 -> 14850 | G15: =BAR!G15*0.9 -> 13590 | H15: =BAR!H15*0.9 -> 13590 | I15: =BAR!I15*0.9 -> 13590 | ... GW15: =BAR!GW15*0.9 -> 16830
A16: 2 | B16: =BAR!B16*0.9 -> 16065 | C16: =BAR!C16*0.9 -> 15615 | D16: =BAR!D16*0.9 -> 16515 | E16: =BAR!E16*0.9 -> 16515 | F16: =BAR!F16*0.9 -> 16515 | G16: =BAR!G16*0.9 -> 15255 | H16: =BAR!H16*0.9 -> 15255 | I16: =BAR!I16*0.9 -> 15255 | ... GW16: =BAR!GW16*0.9 -> 18630
A17: Номер Привилегия Люкс с двуспальной кроватью, Номер Привилегия Люкс с 2 односпальными кроватями
A18: 1 | B18: =BAR!B18*0.9 -> 16200 | C18: =BAR!C18*0.9 -> 15750 | D18: =BAR!D18*0.9 -> 16650 | E18: =BAR!E18*0.9 -> 16650 | F18: =BAR!F18*0.9 -> 16650 | G18: =BAR!G18*0.9 -> 15390 | H18: =BAR!H18*0.9 -> 15390 | I18: =BAR!I18*0.9 -> 15390 | ... GW18: =BAR!GW18*0.9 -> 19530
A19: 2 | B19: =BAR!B19*0.9 -> 17865 | C19: =BAR!C19*0.9 -> 17415 | D19: =BAR!D19*0.9 -> 18315 | E19: =BAR!E19*0.9 -> 18315 | F19: =BAR!F19*0.9 -> 18315 | G19: =BAR!G19*0.9 -> 17055 | H19: =BAR!H19*0.9 -> 17055 | I19: =BAR!I19*0.9 -> 17055 | ... GW19: =BAR!GW19*0.9 -> 21330
A20: Номер Семейный Люкс с 2 спальнями
A21: 1 | B21: =BAR!B21*0.9 -> 23850 | C21: =BAR!C21*0.9 -> 23400 | D21: =BAR!D21*0.9 -> 24300 | E21: =BAR!E21*0.9 -> 24300 | F21: =BAR!F21*0.9 -> 24300 | G21: =BAR!G21*0.9 -> 23040 | H21: =BAR!H21*0.9 -> 23040 | I21: =BAR!I21*0.9 -> 23040 | ... GW21: =BAR!GW21*0.9 -> 29970
A22: 2 | B22: =BAR!B22*0.9 -> 23850 | C22: =BAR!C22*0.9 -> 23400 | D22: =BAR!D22*0.9 -> 24300 | E22: =BAR!E22*0.9 -> 24300 | F22: =BAR!F22*0.9 -> 24300 | G22: =BAR!G22*0.9 -> 23040 | H22: =BAR!H22*0.9 -> 23040 | I22: =BAR!I22*0.9 -> 23040 | ... GW22: =BAR!GW22*0.9 -> 29970
A23: 3 | B23: =BAR!B23*0.9 -> 23850 | C23: =BAR!C23*0.9 -> 23400 | D23: =BAR!D23*0.9 -> 24300 | E23: =BAR!E23*0.9 -> 24300 | F23: =BAR!F23*0.9 -> 24300 | G23: =BAR!G23*0.9 -> 23040 | H23: =BAR!H23*0.9 -> 23040 | I23: =BAR!I23*0.9 -> 23040 | ... GW23: =BAR!GW23*0.9 -> 29970
A24: 4 | B24: =BAR!B24*0.9 -> 23850 | C24: =BAR!C24*0.9 -> 23400 | D24: =BAR!D24*0.9 -> 24300 | E24: =BAR!E24*0.9 -> 24300 | F24: =BAR!F24*0.9 -> 24300 | G24: =BAR!G24*0.9 -> 23040 | H24: =BAR!H24*0.9 -> 23040 | I24: =BAR!I24*0.9 -> 23040 | ... GW24: =BAR!GW24*0.9 -> 29970
A25: ВАЖНО:
A26: Доступен для бронирования от 7 до 14 дней до заезда.
A27: Даты тарифа (включительно):
A28: Период продажи: 20.03.2026 - 30.03.2027 Период проживания: 20.03.2026 - 31.03.2027
A29: Закрытые даты (включительно):
A30: 30.12.2026 - 08.01.2027
A31: В стоимость включено:
A32: Завтрак по системе "Шведский стол"; Посещение СПА-центра и тренажерного зала отеля; Бесплатная парковка на Поляне 960; Подъем на канатной дороге до Поляны 960; Бесплатный Wi-Fi на территории всего отеля; Комната для хранения горнолыжного оборудования
A33: Условия аннуляции:
A34: Для оформления бронирования необходимо внести 100% предоплату в размере полной стоимости проживания. В случае отмены или изменения бронирования менее чем за 24 часа до заезда удерживается стоимость первых суток.

Sheet РБ15%
A1: Панорама by Mercure Красная Поляна 4*
A2: Тариф "Раннее бронирование со скидкой 15%, завтрак включен"
A3: Открытые тарифы
A4: завтраки формата "Шведский стол" | B4: 46274 | C4: 46275 | D4: 46276 | E4: 46277 | F4: 46278 | G4: 46279 | H4: 46280 | I4: 46281 | J4: 46282 | K4: 46283 | L4: 46284 | M4: 46285 | N4: 46286 | O4: 46287 | P4: 46288 | Q4: 46289 | R4: 46290 | S4: 46291 | T4: 46292 | U4: 46293 | V4: 46294 | W4: 46295 | X4: 46296 | Y4: 46297 | Z4: 46298 | AA4: 46299 | AB4: 46300 | AC4: 46301 | AD4: 46302 | AE4: 46303 | AF4: 46304 | AG4: 46305 | AH4: 46306 | AI4: 46307 | AJ4: 46308 | AK4: 46309 | AL4: 46310 | AM4: 46311 | AN4: 46312 | AO4: 46313 | AP4: 46314 | AQ4: 46315 | AR4: 46316 | AS4: 46317 | AT4: 46318 | AU4: 46319 | AV4: 46320 | AW4: 46321 | AX4: 46322 | AY4: 46323 | AZ4: 46324 | BA4: 46325 | BB4: 46326 | BC4: 46327 | BD4: 46328 | BE4: 46329 | BF4: 46330 | BG4: 46331 | BH4: 46332 | BI4: 46333 | BJ4: 46334 | BK4: 46335 | BL4: 46336 | BM4: 46337 | BN4: 46338 | BO4: 46339 | BP4: 46340 | BQ4: 46341 | BR4: 46342 | BS4: 46343 | BT4: 46344 | BU4: 46345 | BV4: 46346 | BW4: 46347 | BX4: 46348 | BY4: 46349 | BZ4: 46350 | CA4: 46351 | CB4: 46352 | CC4: 46353 | CD4: 46354 | CE4: 46355 | CF4: 46356 | CG4: 46357 | CH4: 46358 | CI4: 46359 | CJ4: 46360 | CK4: 46361 | CL4: 46362 | CM4: 46363 | CN4: 46364 | CO4: 46365 | CP4: 46366 | CQ4: 46367 | CR4: 46368 | CS4: 46369 | CT4: 46370 | CU4: 46371 | CV4: 46372 | CW4: 46373 | CX4: 46374 | CY4: 46375 | CZ4: 46376 | DA4: 46377 | DB4: 46378 | DC4: 46379 | DD4: 46380 | DE4: 46381 | DF4: 46382 | DG4: 46383 | DH4: 46384 | DI4: 46385 | DJ4: 46386 | DK4: 46387 | DL4: 46388 | DM4: 46389 | DN4: 46390 | DO4: 46391 | DP4: 46392 | DQ4: 46393 | DR4: 46394 | DS4: 46395 | DT4: 46396 | DU4: 46397 | DV4: 46398 | DW4: 46399 | DX4: 46400 | DY4: 46401 | DZ4: 46402 | EA4: 46403 | EB4: 46404 | EC4: 46405 | ED4: 46406 | EE4: 46407 | EF4: 46408 | EG4: 46409 | EH4: 46410 | EI4: 46411 | EJ4: 46412 | EK4: 46413 | EL4: 46414 | EM4: 46415 | EN4: 46416 | EO4: 46417 | EP4: 46418 | EQ4: 46419 | ER4: 46420 | ES4: 46421 | ET4: 46422 | EU4: 46423 | EV4: 46424 | EW4: 46425 | EX4: 46426 | EY4: 46427 | EZ4: 46428 | FA4: 46429 | FB4: 46430 | FC4: 46431 | FD4: 46432 | FE4: 46433 | FF4: 46434 | FG4: 46435 | FH4: 46436 | FI4: 46437 | FJ4: 46438 | FK4: 46439 | FL4: 46440 | FM4: 46441 | FN4: 46442 | FO4: 46443 | FP4: 46444 | FQ4: 46445 | FR4: 46446 | FS4: 46447 | FT4: 46448 | FU4: 46449 | FV4: 46450 | FW4: 46451 | FX4: 46452 | FY4: 46453 | FZ4: 46454 | GA4: 46455 | GB4: 46456 | GC4: 46457 | GD4: 46458 | GE4: 46459 | GF4: 46460 | GG4: 46461 | GH4: 46462 | GI4: 46463 | GJ4: 46464 | GK4: 46465 | GL4: 46466 | GM4: 46467 | GN4: 46468 | GO4: 46469 | GP4: 46470 | GQ4: 46471 | GR4: 46472 | GS4: 46473 | GT4: 46474 | GU4: 46475 | GV4: 46476 | GW4: 46477
A5: Классический номер с двуспальной кроватью, Классический номер с 2 односпальными кроватями
A6: 1 | B6: =BAR!B6*0.85 -> 7225 | C6: =BAR!C6*0.85 -> 6800 | D6: =BAR!D6*0.85 -> 7650 | E6: =BAR!E6*0.85 -> 7650 | F6: =BAR!F6*0.85 -> 7650 | G6: =BAR!G6*0.85 -> 6460 | H6: =BAR!H6*0.85 -> 6460 | I6: =BAR!I6*0.85 -> 6460 | ... GW6: =BAR!GW6*0.85 -> 11220
A7: 2 | B7: =BAR!B7*0.85 -> 8797.5 | C7: =BAR!C7*0.85 -> 8372.5 | D7: =BAR!D7*0.85 -> 9222.5 | E7: =BAR!E7*0.85 -> 9222.5 | F7: =BAR!F7*0.85 -> 9222.5 | G7: =BAR!G7*0.85 -> 8032.5 | H7: =BAR!H7*0.85 -> 8032.5 | I7: =BAR!I7*0.85 -> 8032.5 | ... GW7: =BAR!GW7*0.85 -> 12920
A8: Классический улучшенный номер с двуспальной кроватью, Классический улучшенный номер с 2 односпальными кроватями
A9: 1 | B9: =BAR!B9*0.85 -> 8925 | C9: =BAR!C9*0.85 -> 8500 | D9: =BAR!D9*0.85 -> 9350 | E9: =BAR!E9*0.85 -> 9350 | F9: =BAR!F9*0.85 -> 9350 | G9: =BAR!G9*0.85 -> 8160 | H9: =BAR!H9*0.85 -> 8160 | I9: =BAR!I9*0.85 -> 8160 | ... GW9: =BAR!GW9*0.85 -> 12665
A10: 2 | B10: =BAR!B10*0.85 -> 10497.5 | C10: =BAR!C10*0.85 -> 10072.5 | D10: =BAR!D10*0.85 -> 10922.5 | E10: =BAR!E10*0.85 -> 10922.5 | F10: =BAR!F10*0.85 -> 10922.5 | G10: =BAR!G10*0.85 -> 9732.5 | H10: =BAR!H10*0.85 -> 9732.5 | I10: =BAR!I10*0.85 -> 9732.5 | ... GW10: =BAR!GW10*0.85 -> 14365
A11: Классический улучшенный номер Комфорт, вид на горы - с 2 односпальными кроватями
A12: 1 | B12: =BAR!B12*0.85 -> 12325 | C12: =BAR!C12*0.85 -> 11900 | D12: =BAR!D12*0.85 -> 12750 | E12: =BAR!E12*0.85 -> 12750 | F12: =BAR!F12*0.85 -> 12750 | G12: =BAR!G12*0.85 -> 11560 | H12: =BAR!H12*0.85 -> 11560 | I12: =BAR!I12*0.85 -> 11560 | ... GW12: =BAR!GW12*0.85 -> 14620
A13: 2 | B13: =BAR!B13*0.85 -> 13897.5 | C13: =BAR!C13*0.85 -> 13472.5 | D13: =BAR!D13*0.85 -> 14322.5 | E13: =BAR!E13*0.85 -> 14322.5 | F13: =BAR!F13*0.85 -> 14322.5 | G13: =BAR!G13*0.85 -> 13132.5 | H13: =BAR!H13*0.85 -> 13132.5 | I13: =BAR!I13*0.85 -> 13132.5 | ... GW13: =BAR!GW13*0.85 -> 16320
A14: Номер Привилегия с двуспальной кроватью Номер Привилегия, для маломобильных с двуспальной кроватью
A15: 1 | B15: =BAR!B15*0.85 -> 13600 | C15: =BAR!C15*0.85 -> 13175 | D15: =BAR!D15*0.85 -> 14025 | E15: =BAR!E15*0.85 -> 14025 | F15: =BAR!F15*0.85 -> 14025 | G15: =BAR!G15*0.85 -> 12835 | H15: =BAR!H15*0.85 -> 12835 | I15: =BAR!I15*0.85 -> 12835 | ... GW15: =BAR!GW15*0.85 -> 15895
A16: 2 | B16: =BAR!B16*0.85 -> 15172.5 | C16: =BAR!C16*0.85 -> 14747.5 | D16: =BAR!D16*0.85 -> 15597.5 | E16: =BAR!E16*0.85 -> 15597.5 | F16: =BAR!F16*0.85 -> 15597.5 | G16: =BAR!G16*0.85 -> 14407.5 | H16: =BAR!H16*0.85 -> 14407.5 | I16: =BAR!I16*0.85 -> 14407.5 | ... GW16: =BAR!GW16*0.85 -> 17595
A17: Номер Привилегия Люкс с двуспальной кроватью, Номер Привилегия Люкс с 2 односпальными кроватями
A18: 1 | B18: =BAR!B18*0.85 -> 15300 | C18: =BAR!C18*0.85 -> 14875 | D18: =BAR!D18*0.85 -> 15725 | E18: =BAR!E18*0.85 -> 15725 | F18: =BAR!F18*0.85 -> 15725 | G18: =BAR!G18*0.85 -> 14535 | H18: =BAR!H18*0.85 -> 14535 | I18: =BAR!I18*0.85 -> 14535 | ... GW18: =BAR!GW18*0.85 -> 18445
A19: 2 | B19: =BAR!B19*0.85 -> 16872.5 | C19: =BAR!C19*0.85 -> 16447.5 | D19: =BAR!D19*0.85 -> 17297.5 | E19: =BAR!E19*0.85 -> 17297.5 | F19: =BAR!F19*0.85 -> 17297.5 | G19: =BAR!G19*0.85 -> 16107.5 | H19: =BAR!H19*0.85 -> 16107.5 | I19: =BAR!I19*0.85 -> 16107.5 | ... GW19: =BAR!GW19*0.85 -> 20145
A20: Номер Семейный Люкс с 2 спальнями
A21: 1 | B21: =BAR!B21*0.85 -> 22525 | C21: =BAR!C21*0.85 -> 22100 | D21: =BAR!D21*0.85 -> 22950 | E21: =BAR!E21*0.85 -> 22950 | F21: =BAR!F21*0.85 -> 22950 | G21: =BAR!G21*0.85 -> 21760 | H21: =BAR!H21*0.85 -> 21760 | I21: =BAR!I21*0.85 -> 21760 | ... GW21: =BAR!GW21*0.85 -> 28305
A22: 2 | B22: =BAR!B22*0.85 -> 22525 | C22: =BAR!C22*0.85 -> 22100 | D22: =BAR!D22*0.85 -> 22950 | E22: =BAR!E22*0.85 -> 22950 | F22: =BAR!F22*0.85 -> 22950 | G22: =BAR!G22*0.85 -> 21760 | H22: =BAR!H22*0.85 -> 21760 | I22: =BAR!I22*0.85 -> 21760 | ... GW22: =BAR!GW22*0.85 -> 28305
A23: 3 | B23: =BAR!B23*0.85 -> 22525 | C23: =BAR!C23*0.85 -> 22100 | D23: =BAR!D23*0.85 -> 22950 | E23: =BAR!E23*0.85 -> 22950 | F23: =BAR!F23*0.85 -> 22950 | G23: =BAR!G23*0.85 -> 21760 | H23: =BAR!H23*0.85 -> 21760 | I23: =BAR!I23*0.85 -> 21760 | ... GW23: =BAR!GW23*0.85 -> 28305
A24: 4 | B24: =BAR!B24*0.85 -> 22525 | C24: =BAR!C24*0.85 -> 22100 | D24: =BAR!D24*0.85 -> 22950 | E24: =BAR!E24*0.85 -> 22950 | F24: =BAR!F24*0.85 -> 22950 | G24: =BAR!G24*0.85 -> 21760 | H24: =BAR!H24*0.85 -> 21760 | I24: =BAR!I24*0.85 -> 21760 | ... GW24: =BAR!GW24*0.85 -> 28305
A25: ВАЖНО:
A26: Доступен для бронирования от 15 дней до заезда.
A27: Даты тарифа (включительно):
A28: Период продажи: 20.03.2026 - 30.03.2027 Период проживания: 20.03.2026 - 31.03.2027
A29: В стоимость включено:
A30: Завтрак по системе "Шведский стол"; Посещение СПА-центра и тренажерного зала отеля; Бесплатная парковка на Поляне 960; Подъем на канатной дороге до Поляны 960; Бесплатный Wi-Fi на территории всего отеля; Комната для хранения горнолыжного оборудования
A31: Условия аннуляции:
A32: Для оформления бронирования необходимо внести 100% предоплату в размере полной стоимости проживания. В случае отмены или изменения бронирования менее чем за 24 часа до заезда удерживается стоимость первых суток.

Sheet ОиК
A1: Панорама by Mercure Красная Поляна 4*
A2: тариф ОТДЫХАЙ и КАТАЙ
A3: Открытые тарифы
A4: завтраки формата "Шведский стол"
A5: Классический номер с двуспальной кроватью, Классический номер с 2 односпальными кроватями
A6: 1
A7: 2
A8: Классический улучшенный номер с двуспальной кроватью, Классический улучшенный номер с 2 односпальными кроватями
A9: 1
A10: 2
A11: Классический улучшенный номер Комфорт, вид на горы - с 2 односпальными кроватями
A12: 1
A13: 2
A14: Номер Привилегия с двуспальной кроватью Номер Привилегия, для маломобильных с двуспальной кроватью
A15: 1
A16: 2
A17: Номер Привилегия Люкс с двуспальной кроватью, Номер Привилегия Люкс с 2 односпальными кроватями
A18: 1
A19: 2
A20: Номер Семейный Люкс с 2 спальнями
A21: 1
A22: 2
A23: 3
A24: 4
A25: ВАЖНО:
A26: Дополнительно на каждый день проживания в стоимость заявки добавляются ски-пассы для каждого взрослого, стоимость: 09.01.2025 - 31.03.2026 включительно - 3500 рублей. 01.04.2026 - 09.05.2026 включительно - 2000 рублей. При размещении дополнительных гостей, также на каждый день проживания добавляются в стоимость заявки ски-пассы на каждого взрослого гостя: 09.01.2025 - 31.03.2026 включительно - 3500 рублей. 01.04.2026 - 09.05.2026 включительно - 2000 рублей.
A27: В Тravelline тариф выгружается с учетом стоимости ски-пассов на каждого взрослого в заявке. В заявки, направляемые вручную по почте, дополнительно на каждый день проживания в стоимость добавляется стоимость ски-пассов для каждого взрослого самостоятельно.
A28: Выдача электронного купона производится при заселении на стойке регистрации. Получить ски-пассы можно в автоматах (пикап-поинтах) у канатных дорог. Возврат средств за неиспользованные ски-пассы не производится. Тариф включает ски-пассы только для взрослых гостей. Детские ски-пассы приобретаются в кассе курорта или на стойке «Чем заняться» за 1 рубль.
A29: Даты тарифа:
A30: Период продажи: 31.10.2025 - 09.05.2026 Период проживания: 09.01.2026 - 10.05.2026
A31: В стоимость включено:
A32: Проживание в номере выбранной категории со скидкой 10%; Ски-пасс "Дневной взрослый" со скидкой 50% на весь период проживания (от открытой стоимости krasnayapolyanaresort.ru);* Завтрак по системе "Шведский стол"; Посещение СПА-центра и тренажерного зала отеля; Бесплатная парковка на Поляне 960; Подъем на канатной дороге до Поляны 960; Бесплатный Wi-Fi на территории всего отеля; Комната для хранения горнолыжного оборудования *Количество ски-пассов равно количеству ночей проживания
A33: Дополнительно в стоимость включено с 08.04.2026:
A34: Скидка 15% на все массажи и спа-процедуры во всех СПА Курорта (Mövenpick5*, Novotel Resort&Spa 5*, Rixos 5* и Marriott 5*, с 13.04.26 в отеле Panorama by Mercure 4*); Скидка 30% на меню и напитки ресторана «Вершина» (2200 м); Скидка 25% на разовый визит в СПА Novotel Resort&Spa 5* с открытым бассейном; Аренда малого банного комплекса с 9:00 до 11:00 (не более 5 гостей) - до 5 авторских процедур в подарок «Ритуал Воздуха» или «Сила Стихий»; Разовое посещение большого банного комплекса от 4 000р./взр и детский тариф со скидкой 50% от стоимости тарифа для взрослых (Посещение не входит в стоимость, оплачивается дополнительно). Подробная информация о предоставлении услуг в Службе поддержки Курорта: тел. 8 800 550 20 20 e-mail: infocenter@kpresort.ru. Услуги предложения действуют только в период проживания и предоставляются однократно, согласно условиям в купонной книге. Купонная книга выдается при заселении из расчета: 1 номер = 1 книга. Предложение ограничено и не комбинируется с другими действующими акциями отеля. НАО «Красная поляна» оставляет за собой право изменять услуги в составе пакета. Предоставление услуг может зависеть от высокой загрузки СПА и банного комплекса.
A35: Условия аннуляции:
A36: В случае отмены или изменения бронирования после 00:00 часов дня заезда удерживается стоимость первых суток.
... A38: Ежегодные регламентные работы на канатных дорогах курорта Красная Поляна пройдут с 16 марта по 24 июня 2026 года. С 10 по 31 мая будут закрыты канатные дороги Центрального сектора: («Красная Поляна» 540-960 м, «Реликтовый лес» 960-1460 м, «Вершина» 1460-2200 м, «Аибга» 2200-2050 м, «Черная Пирамида» 2050-2300 м). На время регламентных работ между уровнями 540-960 м будут курсировать шаттлы курорта. С 16 марта по 24 апреля будет закрыта канатная дорога Восточного сектора К‑13 «Водопад Поликаря. С 1 апреля по 24 апреля будут закрыты канатные дороги К‑10 «Восточный лес» и К‑12 «Старт чемпиона». К‑8 «Снежная звезда»: закрыта с 1 по 24 июня.

Sheet СП
A1: Панорама by Mercure Красная Поляна 4*
A2: Отель и Сочи Парк (Проживание + билет в Сочи Парк)
A3: Нетто тарифы
A4: завтраки формата "Шведский стол" | B4: =BAR!#REF! -> #REF!
A5: Классический номер с двуспальной кроватью, Классический номер с 2 односпальными кроватями
A6: 1 | B6: =ROUNDUP(BAR!#REF!*0.95,) -> #REF!
A7: 2 | B7: =ROUNDUP(BAR!#REF!*0.95,) -> #REF!
A8: Классический улучшенный номер с двуспальной кроватью, Классический улучшенный номер с 2 односпальными кроватями
A9: 1 | B9: =ROUNDUP(BAR!#REF!*0.95,) -> #REF!
A10: 2 | B10: =ROUNDUP(BAR!#REF!*0.95,) -> #REF!
A11: Классический улучшенный номер Комфорт, вид на горы - с 2 односпальными кроватями
A12: 1 | B12: =ROUNDUP(BAR!#REF!*0.95,) -> #REF!
A13: 2 | B13: =ROUNDUP(BAR!#REF!*0.95,) -> #REF!
A14: Номер Привилегия с двуспальной кроватью Номер Привилегия, для маломобильных с двуспальной кроватью
A15: 1 | B15: =ROUNDUP(BAR!#REF!*0.95,) -> #REF!
A16: 2 | B16: =ROUNDUP(BAR!#REF!*0.95,) -> #REF!
A17: Номер Привилегия Люкс с двуспальной кроватью, Номер Привилегия Люкс с 2 односпальными кроватями
A18: 1 | B18: =ROUNDUP(BAR!#REF!*0.95,) -> #REF!
A19: 2 | B19: =ROUNDUP(BAR!#REF!*0.95,) -> #REF!
A20: Номер Семейный Люкс с 2 спальнями
A21: 1 | B21: =ROUNDUP(BAR!#REF!*0.95,) -> #REF!
A22: 2 | B22: =ROUNDUP(BAR!#REF!*0.95,) -> #REF!
A23: 3 | B23: =ROUNDUP(BAR!#REF!*0.95,) -> #REF!
A24: 4 | B24: =ROUNDUP(BAR!#REF!*0.95,) -> #REF!
A25: ВАЖНО:
A26: Дополнительно единоразово за каждого взрослого и каждого ребенка с 7 лет к стоимости тарифа добавляется 1275руб.
A27: Даты тарифа:
A28: Даты бронирования: 13.02-22.04.26 вкл-но Даты проживания: 13.02-24.04.26 вкл-но.
A29: Тариф включает:
A30: Завтрак по системе "Шведский стол"; Билет в Сочи Парк (единоразовое посещение парка)* Посещение СПА-центра и тренажерного зала отеля; Бесплатная парковка на Поляне 960; Подъем на канатной дороге до Поляны 960; Бесплатный Wi-Fi на территории всего отеля; Комната для хранения горнолыжного оборудования
A31: Условия аннуляции:
A32: В случае отмены или изменения бронирования после 00:00 часов дня заезда удерживается стоимость первых суток.
A33: Дополнительная информация:
A34: • Билет в парк предоставляется один раз для всех проживающих гостей от 7-ми лет. В случае размещения дополнительных гостей, не указанных в бронировании, все услуги для них приобретаются отдельно по открытой стоимости в Сочи Парке. • Воспользоваться данной услугой возможно только в период проживания. Билеты в Сочи Парк предоставляются в бумажном виде на стойке приема и размещения в день заселения. • До 7-ми лет гости посещают парк без билета, при условии сопровождения взрослого от 18-ти лет с действительным билетом по тарифу «Сочи Парк КП» и предъявления при входе в парк документа, подтверждающего возраст ребёнка. Предоставление документов допускается в электронном виде. Каждый взрослый от 18 лет с билетом по тарифу «Сочи Парк КП» имеет право сопровождать не более 3-х гостей до 6 лет включительно. • Аттракционы Сочи Парка работают в зависимости от погодных условий. С подробной афишей можно ознакомиться на sochipark.ru • При предъявлении билета можно выходить из парка и повторно входить в течение дня. • Дополнительный тариф, доступный в продаже только в кассе парка: «Льготный» – инвалидам только 1 группы, детям-инвалидам, гостям старше 65 лет. Все льготы предоставляются только по предъявлению соответствующих документов. • Тематический парк "Сочи Парк" находится по адресу: г. Сочи, Олимпийский просп., 21, режим работы с 10:00 до 22:00.
A35: Регламентные работы:
A36: Ежегодные регламентные работы на канатных дорогах курорта Красная Поляна пройдут с 16 марта по 24 июня 2026 года. С 10 по 31 мая будут закрыты канатные дороги Центрального сектора: («Красная Поляна» 540-960 м, «Реликтовый лес» 960-1460 м, «Вершина» 1460-2200 м, «Аибга» 2200-2050 м, «Черная Пирамида» 2050-2300 м). На время регламентных работ между уровнями 540-960 м будут курсировать шаттлы курорта. С 16 марта по 24 апреля будет закрыта канатная дорога Восточного сектора К‑13 «Водопад Поликаря. С 1 апреля по 24 апреля будут закрыты канатные дороги К‑10 «Восточный лес» и К‑12 «Старт чемпиона». К‑8 «Снежная звезда»: закрыта с 1 по 24 июня.

Sheet НсЛ
A1: Панорама by Mercure Красная Поляна 4*
A2: тариф НАПОЛНИ СВОЕ ЛЕТО
A3: Открытые тарифы
A4: завтраки формата "Шведский стол" | B4: 46274 | C4: 46275 | D4: 46276 | E4: 46277 | F4: 46278 | G4: 46279 | H4: 46280 | I4: 46281 | J4: 46282 | K4: 46283 | L4: 46284 | M4: 46285 | N4: 46286 | O4: 46287 | P4: 46288 | Q4: 46289 | R4: 46290 | S4: 46291 | T4: 46292 | U4: 46293 | V4: 46294 | W4: 46295
A5: Классический номер с двуспальной кроватью, Классический номер с 2 односпальными кроватями
A6: 1 | B6: =BAR!B6*0.9 -> 7650 | C6: =BAR!C6*0.9 -> 7200 | D6: =BAR!D6*0.9 -> 8100 | E6: =BAR!E6*0.9 -> 8100 | F6: =BAR!F6*0.9 -> 8100 | G6: =BAR!G6*0.9 -> 6840 | H6: =BAR!H6*0.9 -> 6840 | I6: =BAR!I6*0.9 -> 6840 | ... W6: =BAR!W6*0.9 -> 6300
A7: 2 | B7: =BAR!B7*0.9 -> 9315 | C7: =BAR!C7*0.9 -> 8865 | D7: =BAR!D7*0.9 -> 9765 | E7: =BAR!E7*0.9 -> 9765 | F7: =BAR!F7*0.9 -> 9765 | G7: =BAR!G7*0.9 -> 8505 | H7: =BAR!H7*0.9 -> 8505 | I7: =BAR!I7*0.9 -> 8505 | ... W7: =BAR!W7*0.9 -> 7965
A8: Классический улучшенный номер с двуспальной кроватью, Классический улучшенный номер с 2 односпальными кроватями
A9: 1 | B9: =BAR!B9*0.9 -> 9450 | C9: =BAR!C9*0.9 -> 9000 | D9: =BAR!D9*0.9 -> 9900 | E9: =BAR!E9*0.9 -> 9900 | F9: =BAR!F9*0.9 -> 9900 | G9: =BAR!G9*0.9 -> 8640 | H9: =BAR!H9*0.9 -> 8640 | I9: =BAR!I9*0.9 -> 8640 | ... W9: =BAR!W9*0.9 -> 8100
A10: 2 | B10: =BAR!B10*0.9 -> 11115 | C10: =BAR!C10*0.9 -> 10665 | D10: =BAR!D10*0.9 -> 11565 | E10: =BAR!E10*0.9 -> 11565 | F10: =BAR!F10*0.9 -> 11565 | G10: =BAR!G10*0.9 -> 10305 | H10: =BAR!H10*0.9 -> 10305 | I10: =BAR!I10*0.9 -> 10305 | ... W10: =BAR!W10*0.9 -> 9765
A11: Классический улучшенный номер Комфорт, вид на горы - с 2 односпальными кроватями
A12: 1 | B12: =BAR!B12*0.9 -> 13050 | C12: =BAR!C12*0.9 -> 12600 | D12: =BAR!D12*0.9 -> 13500 | E12: =BAR!E12*0.9 -> 13500 | F12: =BAR!F12*0.9 -> 13500 | G12: =BAR!G12*0.9 -> 12240 | H12: =BAR!H12*0.9 -> 12240 | I12: =BAR!I12*0.9 -> 12240 | ... W12: =BAR!W12*0.9 -> 11700
A13: 2 | B13: =BAR!B13*0.9 -> 14715 | C13: =BAR!C13*0.9 -> 14265 | D13: =BAR!D13*0.9 -> 15165 | E13: =BAR!E13*0.9 -> 15165 | F13: =BAR!F13*0.9 -> 15165 | G13: =BAR!G13*0.9 -> 13905 | H13: =BAR!H13*0.9 -> 13905 | I13: =BAR!I13*0.9 -> 13905 | ... W13: =BAR!W13*0.9 -> 13365
A14: Номер Привилегия с двуспальной кроватью Номер Привилегия, для маломобильных с двуспальной кроватью
A15: 1 | B15: =BAR!B15*0.9 -> 14400 | C15: =BAR!C15*0.9 -> 13950 | D15: =BAR!D15*0.9 -> 14850 | E15: =BAR!E15*0.9 -> 14850 | F15: =BAR!F15*0.9 -> 14850 | G15: =BAR!G15*0.9 -> 13590 | H15: =BAR!H15*0.9 -> 13590 | I15: =BAR!I15*0.9 -> 13590 | ... W15: =BAR!W15*0.9 -> 13050
A16: 2 | B16: =BAR!B16*0.9 -> 16065 | C16: =BAR!C16*0.9 -> 15615 | D16: =BAR!D16*0.9 -> 16515 | E16: =BAR!E16*0.9 -> 16515 | F16: =BAR!F16*0.9 -> 16515 | G16: =BAR!G16*0.9 -> 15255 | H16: =BAR!H16*0.9 -> 15255 | I16: =BAR!I16*0.9 -> 15255 | ... W16: =BAR!W16*0.9 -> 14715
A17: Номер Привилегия Люкс с двуспальной кроватью, Номер Привилегия Люкс с 2 односпальными кроватями
A18: 1 | B18: =BAR!B18*0.9 -> 16200 | C18: =BAR!C18*0.9 -> 15750 | D18: =BAR!D18*0.9 -> 16650 | E18: =BAR!E18*0.9 -> 16650 | F18: =BAR!F18*0.9 -> 16650 | G18: =BAR!G18*0.9 -> 15390 | H18: =BAR!H18*0.9 -> 15390 | I18: =BAR!I18*0.9 -> 15390 | ... W18: =BAR!W18*0.9 -> 14850
A19: 2 | B19: =BAR!B19*0.9 -> 17865 | C19: =BAR!C19*0.9 -> 17415 | D19: =BAR!D19*0.9 -> 18315 | E19: =BAR!E19*0.9 -> 18315 | F19: =BAR!F19*0.9 -> 18315 | G19: =BAR!G19*0.9 -> 17055 | H19: =BAR!H19*0.9 -> 17055 | I19: =BAR!I19*0.9 -> 17055 | ... W19: =BAR!W19*0.9 -> 16515
A20: Номер Семейный Люкс с 2 спальнями
A21: 1 | B21: =BAR!B21*0.9 -> 23850 | C21: =BAR!C21*0.9 -> 23400 | D21: =BAR!D21*0.9 -> 24300 | E21: =BAR!E21*0.9 -> 24300 | F21: =BAR!F21*0.9 -> 24300 | G21: =BAR!G21*0.9 -> 23040 | H21: =BAR!H21*0.9 -> 23040 | I21: =BAR!I21*0.9 -> 23040 | ... W21: =BAR!W21*0.9 -> 22500
A22: 2 | B22: =BAR!B22*0.9 -> 23850 | C22: =BAR!C22*0.9 -> 23400 | D22: =BAR!D22*0.9 -> 24300 | E22: =BAR!E22*0.9 -> 24300 | F22: =BAR!F22*0.9 -> 24300 | G22: =BAR!G22*0.9 -> 23040 | H22: =BAR!H22*0.9 -> 23040 | I22: =BAR!I22*0.9 -> 23040 | ... W22: =BAR!W22*0.9 -> 22500
A23: 3 | B23: =BAR!B23*0.9 -> 23850 | C23: =BAR!C23*0.9 -> 23400 | D23: =BAR!D23*0.9 -> 24300 | E23: =BAR!E23*0.9 -> 24300 | F23: =BAR!F23*0.9 -> 24300 | G23: =BAR!G23*0.9 -> 23040 | H23: =BAR!H23*0.9 -> 23040 | I23: =BAR!I23*0.9 -> 23040 | ... W23: =BAR!W23*0.9 -> 22500
A24: 4 | B24: =BAR!B24*0.9 -> 23850 | C24: =BAR!C24*0.9 -> 23400 | D24: =BAR!D24*0.9 -> 24300 | E24: =BAR!E24*0.9 -> 24300 | F24: =BAR!F24*0.9 -> 24300 | G24: =BAR!G24*0.9 -> 23040 | H24: =BAR!H24*0.9 -> 23040 | I24: =BAR!I24*0.9 -> 23040 | ... W24: =BAR!W24*0.9 -> 22500
A25: ВАЖНО:
A26: Дополнительно ЕДИНОРАЗОВО в стоимость заявки добавляется стоимость за купонную книгу за каждого взрослого гостя (возраст от 13 лет), стоимость - 2650 руб. за гостя и за каждого ребенка от 0-12 лет включительно -1000 рублей за ребенка. При размещении дополнительных взрослых гостей, также ЕДИНОРАЗОВО добавляется в стоимость заявки купонная книга на каждого взрослого гостя - 2650 руб. (возраст от 13 лет) и за каждого ребенка от 0-12 лет включительно -1000 руб. Стоимость купонной книги на всех взрослых и детей просим сразу добавлять в заявку. В системе трэвэллайн тариф указан без учета стоимости купонной книги на взрослых и детей, необходимо добавлять стоимость вручную.
A27: Даты тарифа (включительно):
A28: Период продажи: 17.04.2025 - 29.09.2026 Период проживания: 01.06.2026 - 30.09.2026
A29: В стоимость включено:
A30: Проживание в номере выбранной категории; Завтрак по системе "Шведский стол"; Посещение СПА-центра и тренажерного зала отеля; Бесплатная парковка на Поляне 960; Подъем на канатной дороге до Поляны 960; Бесплатный Wi-Fi на территории всего отеля; Комната для хранения горнолыжного оборудования
A31: В предложение «Наполни свое лето» входят бесплатно (условия предоставления услуг подробно представлены в купонной книге):
A32: ✔Трансфер на побережье Черного моря Пляж Сочи Парк Отеля - по предварительной записи для всех гостей, проживающих в номере. ✔Прогулочные билеты "Панорама Красной Поляны" Для всех гостей с 7 лет, проживающих в номере. Для детей до 6 лет вкл-но билет приобретается в кассе за 1 ₽. ✔Верёвочный парк Прохождение маршрута "Воздушный сноуборд" для взрослых (рост от 140 см) либо маршрута "Маугли" для детей (рост от 110 см до 140 см). Единоразовое посещение во время проживания для всех гостей в номере с 7 лет; ✔Хаски центр Единоразовое посещение для всех гостей, проживающих в номере; ✔Капибары и друзья Единоразовое посещение для всех гостей, проживающих в номере; ✔Скидка 30% на аренду роликов или скейтборда на 1 час. Единоразовое использование для всех гостей, проживающих в номере. Количество оборудования ограничено. Действует в пункте проката на уровне 540.
A33: Дополнительная информация:
A34: Подробная информация о предоставлении услуг в Службе поддержки Курорта: тел. 8 800 550 20 20 e-mail: infocenter@kpresort.ru 🔸 В случае размещения дополнительных гостей, не указанных в бронировании, все услуги для них приобретаются отдельно в отеле. 🔸 Пляжные полотенца предоставляются по предъявлению towel card для всех проживающих гостей. Пляжное оборудование (шезлонг, зонт) предоставляется за дополнительную плату. Количество мест ограничено. 🔸 Пляж функционирует с 01.06.2026-30.09.2026, в график могут быть внесены изменения в зависимости от погодных условий. Трансфер предоставляется ежедневно для всех гостей, проживающих в номере. 🔸 Предварительная запись на трансфер обязательна. Расписание трансфера необходимо уточнять на ресепшн отеля. 🔸Услуги предложения действуют только в период проживания и предоставляются однократно, согласно условиям в Купонной книге. Купонная книга выдается при заселении из расчета: 1 номер = 1 книга. Предложение ограничено и не комбинируется с другими действующими акциями отеля. 🔸 Возврат средств за неиспользованные услуги Купонных книг не производится. НАО «Красная поляна» оставляет за собой право изменять услуги в составе пакета. Предоставление услуг может зависеть от погодных условий и графика работы канатных дорог. 🔸 Согласно приказу МЧС от 1.09.25 г. нахождение на пляжах Федеральной территории Сириус с животными запрещено (за исключением собак-поводырей). Для трансфера -питомцы в переноске разрешены к провозу (если поездка не на пляж).
A35: Условия аннуляции:
A36: В случае отмены или изменения бронирования менее чем за 24 часа до заезда удерживается стоимость первых суток.

Sheet ТЧК
A1: Панорама by Mercure Красная Поляна 4*
A2: ТОЧКА ПРИТЯЖЕНИЯ
A3: Открытые тарифы
A4: завтраки формата "Шведский стол" | B4: 46215 | C4: 46216 | D4: 46217 | E4: 46218 | F4: 46219 | G4: 46220 | H4: 46221 | I4: 46222 | J4: 46223 | K4: 46224 | L4: 46225 | M4: 46226 | N4: 46227 | O4: 46228 | P4: 46229 | Q4: 46230 | R4: 46231 | S4: 46232 | T4: 46233 | U4: 46234 | V4: 46235 | W4: 46236 | X4: 46237 | Y4: 46238 | Z4: 46239 | AA4: 46240 | AB4: 46241 | AC4: 46242 | AD4: 46243 | AE4: 46244 | AF4: 46245 | AG4: 46246 | AH4: 46247 | AI4: 46248 | AJ4: 46249 | AK4: 46250 | AL4: 46251 | AM4: 46252 | AN4: 46253 | AO4: 46254 | AP4: 46255 | AQ4: 46256 | AR4: 46257 | AS4: 46258 | AT4: 46259 | AU4: 46260 | AV4: 46261 | AW4: 46262 | AX4: 46263 | AY4: 46264 | AZ4: 46265
A5: Классический номер с двуспальной кроватью, Классический номер с 2 односпальными кроватями
A6: 1 | B6: =BAR!#REF!*0.7 -> #REF! | C6: =BAR!#REF!*0.7 -> #REF! | D6: =BAR!#REF!*0.7 -> #REF! | E6: =BAR!#REF!*0.7 -> #REF! | F6: =BAR!#REF!*0.7 -> #REF! | G6: =BAR!#REF!*0.7 -> #REF! | H6: =BAR!#REF!*0.7 -> #REF! | I6: =BAR!#REF!*0.7 -> #REF! | ... AZ6: =BAR!#REF!*0.7 -> #REF!
A7: 2 | B7: =BAR!#REF!*0.7 -> #REF! | C7: =BAR!#REF!*0.7 -> #REF! | D7: =BAR!#REF!*0.7 -> #REF! | E7: =BAR!#REF!*0.7 -> #REF! | F7: =BAR!#REF!*0.7 -> #REF! | G7: =BAR!#REF!*0.7 -> #REF! | H7: =BAR!#REF!*0.7 -> #REF! | I7: =BAR!#REF!*0.7 -> #REF! | ... AZ7: =BAR!#REF!*0.7 -> #REF!
A8: Классический улучшенный номер с двуспальной кроватью, Классический улучшенный номер с 2 односпальными кроватями
A9: 1 | B9: =BAR!#REF!*0.7 -> #REF! | C9: =BAR!#REF!*0.7 -> #REF! | D9: =BAR!#REF!*0.7 -> #REF! | E9: =BAR!#REF!*0.7 -> #REF! | F9: =BAR!#REF!*0.7 -> #REF! | G9: =BAR!#REF!*0.7 -> #REF! | H9: =BAR!#REF!*0.7 -> #REF! | I9: =BAR!#REF!*0.7 -> #REF! | ... AZ9: =BAR!#REF!*0.7 -> #REF!
A10: 2 | B10: =BAR!#REF!*0.7 -> #REF! | C10: =BAR!#REF!*0.7 -> #REF! | D10: =BAR!#REF!*0.7 -> #REF! | E10: =BAR!#REF!*0.7 -> #REF! | F10: =BAR!#REF!*0.7 -> #REF! | G10: =BAR!#REF!*0.7 -> #REF! | H10: =BAR!#REF!*0.7 -> #REF! | I10: =BAR!#REF!*0.7 -> #REF! | ... AZ10: =BAR!#REF!*0.7 -> #REF!
A11: Классический улучшенный номер Комфорт, вид на горы - с 2 односпальными кроватями
A12: 1 | B12: =BAR!#REF!*0.7 -> #REF! | C12: =BAR!#REF!*0.7 -> #REF! | D12: =BAR!#REF!*0.7 -> #REF! | E12: =BAR!#REF!*0.7 -> #REF! | F12: =BAR!#REF!*0.7 -> #REF! | G12: =BAR!#REF!*0.7 -> #REF! | H12: =BAR!#REF!*0.7 -> #REF! | I12: =BAR!#REF!*0.7 -> #REF! | ... AZ12: =BAR!#REF!*0.7 -> #REF!
A13: 2 | B13: =BAR!#REF!*0.7 -> #REF! | C13: =BAR!#REF!*0.7 -> #REF! | D13: =BAR!#REF!*0.7 -> #REF! | E13: =BAR!#REF!*0.7 -> #REF! | F13: =BAR!#REF!*0.7 -> #REF! | G13: =BAR!#REF!*0.7 -> #REF! | H13: =BAR!#REF!*0.7 -> #REF! | I13: =BAR!#REF!*0.7 -> #REF! | ... AZ13: =BAR!#REF!*0.7 -> #REF!
A14: Номер Привилегия с двуспальной кроватью Номер Привилегия, для маломобильных с двуспальной кроватью
A15: 1 | B15: =BAR!#REF!*0.7 -> #REF! | C15: =BAR!#REF!*0.7 -> #REF! | D15: =BAR!#REF!*0.7 -> #REF! | E15: =BAR!#REF!*0.7 -> #REF! | F15: =BAR!#REF!*0.7 -> #REF! | G15: =BAR!#REF!*0.7 -> #REF! | H15: =BAR!#REF!*0.7 -> #REF! | I15: =BAR!#REF!*0.7 -> #REF! | ... AZ15: =BAR!#REF!*0.7 -> #REF!
A16: 2 | B16: =BAR!#REF!*0.7 -> #REF! | C16: =BAR!#REF!*0.7 -> #REF! | D16: =BAR!#REF!*0.7 -> #REF! | E16: =BAR!#REF!*0.7 -> #REF! | F16: =BAR!#REF!*0.7 -> #REF! | G16: =BAR!#REF!*0.7 -> #REF! | H16: =BAR!#REF!*0.7 -> #REF! | I16: =BAR!#REF!*0.7 -> #REF! | ... AZ16: =BAR!#REF!*0.7 -> #REF!
A17: Номер Привилегия Люкс с двуспальной кроватью, Номер Привилегия Люкс с 2 односпальными кроватями
A18: 1 | B18: =BAR!#REF!*0.7 -> #REF! | C18: =BAR!#REF!*0.7 -> #REF! | D18: =BAR!#REF!*0.7 -> #REF! | E18: =BAR!#REF!*0.7 -> #REF! | F18: =BAR!#REF!*0.7 -> #REF! | G18: =BAR!#REF!*0.7 -> #REF! | H18: =BAR!#REF!*0.7 -> #REF! | I18: =BAR!#REF!*0.7 -> #REF! | ... AZ18: =BAR!#REF!*0.7 -> #REF!
A19: 2 | B19: =BAR!#REF!*0.7 -> #REF! | C19: =BAR!#REF!*0.7 -> #REF! | D19: =BAR!#REF!*0.7 -> #REF! | E19: =BAR!#REF!*0.7 -> #REF! | F19: =BAR!#REF!*0.7 -> #REF! | G19: =BAR!#REF!*0.7 -> #REF! | H19: =BAR!#REF!*0.7 -> #REF! | I19: =BAR!#REF!*0.7 -> #REF! | ... AZ19: =BAR!#REF!*0.7 -> #REF!
A20: Номер Семейный Люкс с 2 спальнями
A21: 1 | B21: =BAR!#REF!*0.7 -> #REF! | C21: =BAR!#REF!*0.7 -> #REF! | D21: =BAR!#REF!*0.7 -> #REF! | E21: =BAR!#REF!*0.7 -> #REF! | F21: =BAR!#REF!*0.7 -> #REF! | G21: =BAR!#REF!*0.7 -> #REF! | H21: =BAR!#REF!*0.7 -> #REF! | I21: =BAR!#REF!*0.7 -> #REF! | ... AZ21: =BAR!#REF!*0.7 -> #REF!
A22: 2 | B22: =BAR!#REF!*0.7 -> #REF! | C22: =BAR!#REF!*0.7 -> #REF! | D22: =BAR!#REF!*0.7 -> #REF! | E22: =BAR!#REF!*0.7 -> #REF! | F22: =BAR!#REF!*0.7 -> #REF! | G22: =BAR!#REF!*0.7 -> #REF! | H22: =BAR!#REF!*0.7 -> #REF! | I22: =BAR!#REF!*0.7 -> #REF! | ... AZ22: =BAR!#REF!*0.7 -> #REF!
A23: 3 | B23: =BAR!#REF!*0.7 -> #REF! | C23: =BAR!#REF!*0.7 -> #REF! | D23: =BAR!#REF!*0.7 -> #REF! | E23: =BAR!#REF!*0.7 -> #REF! | F23: =BAR!#REF!*0.7 -> #REF! | G23: =BAR!#REF!*0.7 -> #REF! | H23: =BAR!#REF!*0.7 -> #REF! | I23: =BAR!#REF!*0.7 -> #REF! | ... AZ23: =BAR!#REF!*0.7 -> #REF!
A24: 4 | B24: =BAR!#REF!*0.7 -> #REF! | C24: =BAR!#REF!*0.7 -> #REF! | D24: =BAR!#REF!*0.7 -> #REF! | E24: =BAR!#REF!*0.7 -> #REF! | F24: =BAR!#REF!*0.7 -> #REF! | G24: =BAR!#REF!*0.7 -> #REF! | H24: =BAR!#REF!*0.7 -> #REF! | I24: =BAR!#REF!*0.7 -> #REF! | ... AZ24: =BAR!#REF!*0.7 -> #REF!
A25: Даты тарифа (включительно):
A26: Период продажи: 17.06.2026 - 29.06.2026 Период проживания: 12.07.2026 - 31.08.2026
A27: Ограничения:
A28: Минимальный срок проживания - 2 ночи
A29: В стоимость включено:
A30: 🔸Скидка 30% на проживание; 🔸Завтрак Шведский стол; 🔸Бесплатный Wi-Fi на территории всего отеля; 🔸Посещение СПА-центра и тренажерного зала отеля; 🔸Подъем на канатной дороге до Поляны 960; 🔸Бесплатная парковка на Поляне 960; 🔸Прогулочный билет на все открытые канатные дороги для всех гостей в бронировании (предоставляется один раз во время проживания). 🔸Скидка 15% на меню в ресторане (-ах) отеля (на весь чек, на все время проживания)
A31: Условия аннуляции:
A32: В случае отмены или изменения бронирования после 00:00 часов дня заезда удерживается стоимость первых суток.
A33: Пропуск "Сочинский национальный парк":
A34: Территория Курорта Красная поляна является особо охраняемой природной территорией "Сочинский национальный парк". При подъёме выше отметки +960 и при прогулках по экотропам Курорта, вам необходимо оформить пропуск. *Детям дошкольного и школьного возраста, гостям пенсионного возраста - приобретают льготный билет (0Р) в кассе Сочинского национального парка, на высоте 960 Купить пропуск в национальный парк https://npsochi.ru/tickets/ Ознакомиться с правилами Сочинского национального парка https://npsochi.ru/rules/

Sheet HB
A1: Панорама by Mercure Красная Поляна 4*
A2: ПОЛУПАНСИОН
A3: Открытые тарифы
A4: завтраки "Шведский стол" + ужины (сет-меню или "Шведский стол") | B4: 46274 | C4: 46275 | D4: 46276 | E4: 46277 | F4: 46278 | G4: 46279 | H4: 46280 | I4: 46281 | J4: 46282 | K4: 46283 | L4: 46284 | M4: 46285 | N4: 46286 | O4: 46287 | P4: 46288 | Q4: 46289 | R4: 46290 | S4: 46291 | T4: 46292 | U4: 46293 | V4: 46294 | W4: 46295 | X4: 46296 | Y4: 46297 | Z4: 46298 | AA4: 46299 | AB4: 46300 | AC4: 46301 | AD4: 46302 | AE4: 46303 | AF4: 46304 | AG4: 46305 | AH4: 46306 | AI4: 46307 | AJ4: 46308 | AK4: 46309 | AL4: 46310 | AM4: 46311 | AN4: 46312 | AO4: 46313 | AP4: 46314 | AQ4: 46315 | AR4: 46316 | AS4: 46317 | AT4: 46318 | AU4: 46319 | AV4: 46320 | AW4: 46321 | AX4: 46322 | AY4: 46323 | AZ4: 46324 | BA4: 46325 | BB4: 46326 | BC4: 46327 | BD4: 46328 | BE4: 46329 | BF4: 46330 | BG4: 46331 | BH4: 46332 | BI4: 46333 | BJ4: 46334 | BK4: 46335 | BL4: 46336 | BM4: 46337 | BN4: 46338 | BO4: 46339 | BP4: 46340 | BQ4: 46341 | BR4: 46342 | BS4: 46343 | BT4: 46344 | BU4: 46345 | BV4: 46346 | BW4: 46347 | BX4: 46348 | BY4: 46349 | BZ4: 46350 | CA4: 46351 | CB4: 46352 | CC4: 46353 | CD4: 46354 | CE4: 46355 | CF4: 46356 | CG4: 46357 | CH4: 46358 | CI4: 46359 | CJ4: 46360 | CK4: 46361 | CL4: 46362 | CM4: 46363 | CN4: 46364 | CO4: 46365 | CP4: 46366 | CQ4: 46367 | CR4: 46368 | CS4: 46369 | CT4: 46370 | CU4: 46371 | CV4: 46372 | CW4: 46373 | CX4: 46374 | CY4: 46375 | CZ4: 46376 | DA4: 46377 | DB4: 46378 | DC4: 46379 | DD4: 46380 | DE4: 46381
A5: Классический номер с двуспальной кроватью, Классический номер с 2 односпальными кроватями
A6: 1 | B6: =BAR!B6*0.85+1650 -> 8875 | C6: =BAR!C6*0.85+1650 -> 8450 | D6: =BAR!D6*0.85+1650 -> 9300 | E6: =BAR!E6*0.85+1650 -> 9300 | F6: =BAR!F6*0.85+1650 -> 9300 | G6: =BAR!G6*0.85+1650 -> 8110 | H6: =BAR!H6*0.85+1650 -> 8110 | I6: =BAR!I6*0.85+1650 -> 8110 | ... DE6: =BAR!DE6*0.85+1650 -> 9300
A7: 2 | B7: =BAR!B7*0.85+2*1650 -> 12097.5 | C7: =BAR!C7*0.85+2*1650 -> 11672.5 | D7: =BAR!D7*0.85+2*1650 -> 12522.5 | E7: =BAR!E7*0.85+2*1650 -> 12522.5 | F7: =BAR!F7*0.85+2*1650 -> 12522.5 | G7: =BAR!G7*0.85+2*1650 -> 11332.5 | H7: =BAR!H7*0.85+2*1650 -> 11332.5 | I7: =BAR!I7*0.85+2*1650 -> 11332.5 | ... DE7: =BAR!DE7*0.85+2*1650 -> 12522.5
A8: Классический улучшенный номер с двуспальной кроватью, Классический улучшенный номер с 2 односпальными кроватями
A9: 1 | B9: =BAR!B9*0.85+1650 -> 10575 | C9: =BAR!C9*0.85+1650 -> 10150 | D9: =BAR!D9*0.85+1650 -> 11000 | E9: =BAR!E9*0.85+1650 -> 11000 | F9: =BAR!F9*0.85+1650 -> 11000 | G9: =BAR!G9*0.85+1650 -> 9810 | H9: =BAR!H9*0.85+1650 -> 9810 | I9: =BAR!I9*0.85+1650 -> 9810 | ... DE9: =BAR!DE9*0.85+1650 -> 10575
A10: 2 | B10: =BAR!B10*0.85+2*1650 -> 13797.5 | C10: =BAR!C10*0.85+2*1650 -> 13372.5 | D10: =BAR!D10*0.85+2*1650 -> 14222.5 | E10: =BAR!E10*0.85+2*1650 -> 14222.5 | F10: =BAR!F10*0.85+2*1650 -> 14222.5 | G10: =BAR!G10*0.85+2*1650 -> 13032.5 | H10: =BAR!H10*0.85+2*1650 -> 13032.5 | I10: =BAR!I10*0.85+2*1650 -> 13032.5 | ... DE10: =BAR!DE10*0.85+2*1650 -> 13797.5
A11: Классический улучшенный номер Комфорт, вид на горы - с 2 односпальными кроватями
A12: 1 | B12: =BAR!B12*0.85+1650 -> 13975 | C12: =BAR!C12*0.85+1650 -> 13550 | D12: =BAR!D12*0.85+1650 -> 14400 | E12: =BAR!E12*0.85+1650 -> 14400 | F12: =BAR!F12*0.85+1650 -> 14400 | G12: =BAR!G12*0.85+1650 -> 13210 | H12: =BAR!H12*0.85+1650 -> 13210 | I12: =BAR!I12*0.85+1650 -> 13210 | ... DE12: =BAR!DE12*0.85+1650 -> 13550
A13: 2 | B13: =BAR!B13*0.85+2*1650 -> 17197.5 | C13: =BAR!C13*0.85+2*1650 -> 16772.5 | D13: =BAR!D13*0.85+2*1650 -> 17622.5 | E13: =BAR!E13*0.85+2*1650 -> 17622.5 | F13: =BAR!F13*0.85+2*1650 -> 17622.5 | G13: =BAR!G13*0.85+2*1650 -> 16432.5 | H13: =BAR!H13*0.85+2*1650 -> 16432.5 | I13: =BAR!I13*0.85+2*1650 -> 16432.5 | ... DE13: =BAR!DE13*0.85+2*1650 -> 16772.5
A14: Номер Привилегия с двуспальной кроватью Номер Привилегия, для маломобильных с двуспальной кроватью
A15: 1 | B15: =BAR!B15*0.85+1650 -> 15250 | C15: =BAR!C15*0.85+1650 -> 14825 | D15: =BAR!D15*0.85+1650 -> 15675 | E15: =BAR!E15*0.85+1650 -> 15675 | F15: =BAR!F15*0.85+1650 -> 15675 | G15: =BAR!G15*0.85+1650 -> 14485 | H15: =BAR!H15*0.85+1650 -> 14485 | I15: =BAR!I15*0.85+1650 -> 14485 | ... DE15: =BAR!DE15*0.85+1650 -> 14825
A16: 2 | B16: =BAR!B16*0.85+2*1650 -> 18472.5 | C16: =BAR!C16*0.85+2*1650 -> 18047.5 | D16: =BAR!D16*0.85+2*1650 -> 18897.5 | E16: =BAR!E16*0.85+2*1650 -> 18897.5 | F16: =BAR!F16*0.85+2*1650 -> 18897.5 | G16: =BAR!G16*0.85+2*1650 -> 17707.5 | H16: =BAR!H16*0.85+2*1650 -> 17707.5 | I16: =BAR!I16*0.85+2*1650 -> 17707.5 | ... DE16: =BAR!DE16*0.85+2*1650 -> 18047.5
A17: Номер Привилегия Люкс с двуспальной кроватью, Номер Привилегия Люкс с 2 односпальными кроватями
A18: 1 | B18: =BAR!B18*0.85+1650 -> 16950 | C18: =BAR!C18*0.85+1650 -> 16525 | D18: =BAR!D18*0.85+1650 -> 17375 | E18: =BAR!E18*0.85+1650 -> 17375 | F18: =BAR!F18*0.85+1650 -> 17375 | G18: =BAR!G18*0.85+1650 -> 16185 | H18: =BAR!H18*0.85+1650 -> 16185 | I18: =BAR!I18*0.85+1650 -> 16185 | ... DE18: =BAR!DE18*0.85+1650 -> 16100
A19: 2 | B19: =BAR!B19*0.85+2*1650 -> 20172.5 | C19: =BAR!C19*0.85+2*1650 -> 19747.5 | D19: =BAR!D19*0.85+2*1650 -> 20597.5 | E19: =BAR!E19*0.85+2*1650 -> 20597.5 | F19: =BAR!F19*0.85+2*1650 -> 20597.5 | G19: =BAR!G19*0.85+2*1650 -> 19407.5 | H19: =BAR!H19*0.85+2*1650 -> 19407.5 | I19: =BAR!I19*0.85+2*1650 -> 19407.5 | ... DE19: =BAR!DE19*0.85+2*1650 -> 19322.5
A20: Номер Семейный Люкс с 2 спальнями
A21: 1 | B21: =BAR!B21*0.85+1650 -> 24175 | C21: =BAR!C21*0.85+1650 -> 23750 | D21: =BAR!D21*0.85+1650 -> 24600 | E21: =BAR!E21*0.85+1650 -> 24600 | F21: =BAR!F21*0.85+1650 -> 24600 | G21: =BAR!G21*0.85+1650 -> 23410 | H21: =BAR!H21*0.85+1650 -> 23410 | I21: =BAR!I21*0.85+1650 -> 23410 | ... DE21: =BAR!DE21*0.85+1650 -> 22050
A22: 2 | B22: =BAR!B22*0.85+2*1650 -> 25825 | C22: =BAR!C22*0.85+2*1650 -> 25400 | D22: =BAR!D22*0.85+2*1650 -> 26250 | E22: =BAR!E22*0.85+2*1650 -> 26250 | F22: =BAR!F22*0.85+2*1650 -> 26250 | G22: =BAR!G22*0.85+2*1650 -> 25060 | H22: =BAR!H22*0.85+2*1650 -> 25060 | I22: =BAR!I22*0.85+2*1650 -> 25060 | ... DE22: =BAR!DE22*0.85+2*1650 -> 23700
A23: 3 | B23: =BAR!B23*0.85+3*1650 -> 27475 | C23: =BAR!C23*0.85+3*1650 -> 27050 | D23: =BAR!D23*0.85+3*1650 -> 27900 | E23: =BAR!E23*0.85+3*1650 -> 27900 | F23: =BAR!F23*0.85+3*1650 -> 27900 | G23: =BAR!G23*0.85+3*1650 -> 26710 | H23: =BAR!H23*0.85+3*1650 -> 26710 | I23: =BAR!I23*0.85+3*1650 -> 26710 | ... DE23: =BAR!DE23*0.85+3*1650 -> 25350
A24: 4 | B24: =BAR!B24*0.85+4*1650 -> 29125 | C24: =BAR!C24*0.85+4*1650 -> 28700 | D24: =BAR!D24*0.85+4*1650 -> 29550 | E24: =BAR!E24*0.85+4*1650 -> 29550 | F24: =BAR!F24*0.85+4*1650 -> 29550 | G24: =BAR!G24*0.85+4*1650 -> 28360 | H24: =BAR!H24*0.85+4*1650 -> 28360 | I24: =BAR!I24*0.85+4*1650 -> 28360 | ... DE24: =BAR!DE24*0.85+4*1650 -> 27000
A25: Даты тарифа:
A26: Период продажи: 24.06.2026 - 25.12.2026 Период проживания: 11.07.2026 - 26.12.2026
A27: В стоимость включено:
A28: 🔸Скидка 15% на проживание; 🔸Завтрак по системе "Шведский стол" в ресторане "ROMA" 6:30-11:00; 🔸Ужин* в ресторане "РИМ" 19:00-21:00 (включен в стоимость тарифов); Взрослый (с 13лет) - 1650 руб; Ребенок 7 - 12 лет вкл-но - 825 руб; Ребенок 0 - 6 лет вкл-но - бесплатно 🔸Посещение СПА-центра и тренажерного зала отеля; 🔸Бесплатная парковка на Поляне 960; 🔸Подъем на канатной дороге до Поляны 960; 🔸Бесплатный Wi-Fi на территории всего отеля; *До 25 гостей – по сет-меню, более 25 гостей - по системе "Шведский стол" Напитки включены в стоимость
A29: Условия аннуляции:
A30: Для оформления бронирования необходимо внести 100% предоплату в размере полной стоимости проживания. В случае отмены или изменения бронирования менее чем за 24 часа до заезда удерживается стоимость первых суток.
A31: Пропуск "Сочинский национальный парк":
A32: Территория Курорта Красная поляна является особо охраняемой природной территорией "Сочинский национальный парк". При подъёме выше отметки +960 и при прогулках по экотропам Курорта, вам необходимо оформить пропуск. *Детям дошкольного и школьного возраста, гостям пенсионного возраста - приобретают льготный билет (0Р) в кассе Сочинского национального парка, на высоте 960 Купить пропуск в национальный парк https://npsochi.ru/tickets/ Ознакомиться с правилами Сочинского национального парка https://npsochi.ru/rules/

Sheet КвГ
A1: Панорама by Mercure Красная Поляна 4*
A2: тариф "Каникулы в горах"
A3: Нетто тарифы
A4: завтраки формата "Шведский стол" | B4: 46296 | C4: 46297 | D4: 46298 | E4: 46299 | F4: 46300 | G4: 46301 | H4: 46302 | I4: 46303 | J4: 46304 | K4: 46305 | L4: 46306 | M4: 46307 | N4: 46308 | O4: 46309 | P4: 46310 | Q4: 46311 | R4: 46312 | S4: 46313 | T4: 46314 | U4: 46315 | V4: 46316 | W4: 46317 | X4: 46318 | Y4: 46319 | Z4: 46320 | AA4: 46321 | AB4: 46322 | AC4: 46323 | AD4: 46324 | AE4: 46325 | AF4: 46326 | AG4: 46327 | AH4: 46328 | AI4: 46329 | AJ4: 46330 | AK4: 46331 | AL4: 46332 | AM4: 46333 | AN4: 46334 | AO4: 46335 | AP4: 46336 | AQ4: 46337 | AR4: 46338 | AS4: 46339 | AT4: 46340 | AU4: 46341 | AV4: 46342 | AW4: 46343 | AX4: 46344 | AY4: 46345 | AZ4: 46346 | BA4: 46347 | BB4: 46348 | BC4: 46349 | BD4: 46350 | BE4: 46351 | BF4: 46352 | BG4: 46353 | BH4: 46354 | BI4: 46355 | BJ4: 46356
A5: Классический номер с двуспальной кроватью, Классический номер с 2 односпальными кроватями
A6: 1 | B6: =BAR!X6*0.9 -> 6210 | C6: =BAR!Y6*0.9 -> 6480 | D6: =BAR!Z6*0.9 -> 6480 | E6: =BAR!AA6*0.9 -> 6210 | F6: =BAR!AB6*0.9 -> 6210 | G6: =BAR!AC6*0.9 -> 6210 | H6: =BAR!AD6*0.9 -> 6210 | I6: =BAR!AE6*0.9 -> 6210 | ... BJ6: =BAR!CF6*0.9 -> 5760
A7: 2 | B7: =BAR!X7*0.9 -> 7875 | C7: =BAR!Y7*0.9 -> 8145 | D7: =BAR!Z7*0.9 -> 8145 | E7: =BAR!AA7*0.9 -> 7875 | F7: =BAR!AB7*0.9 -> 7875 | G7: =BAR!AC7*0.9 -> 7875 | H7: =BAR!AD7*0.9 -> 7875 | I7: =BAR!AE7*0.9 -> 7875 | ... BJ7: =BAR!CF7*0.9 -> 7425
A8: Классический улучшенный номер с двуспальной кроватью, Классический улучшенный номер с 2 односпальными кроватями
A9: 1 | B9: =BAR!X9*0.9 -> 7560 | C9: =BAR!Y9*0.9 -> 7830 | D9: =BAR!Z9*0.9 -> 7830 | E9: =BAR!AA9*0.9 -> 7560 | F9: =BAR!AB9*0.9 -> 7560 | G9: =BAR!AC9*0.9 -> 7560 | H9: =BAR!AD9*0.9 -> 7560 | I9: =BAR!AE9*0.9 -> 7560 | ... BJ9: =BAR!CF9*0.9 -> 7110
A10: 2 | B10: =BAR!X10*0.9 -> 9225 | C10: =BAR!Y10*0.9 -> 9495 | D10: =BAR!Z10*0.9 -> 9495 | E10: =BAR!AA10*0.9 -> 9225 | F10: =BAR!AB10*0.9 -> 9225 | G10: =BAR!AC10*0.9 -> 9225 | H10: =BAR!AD10*0.9 -> 9225 | I10: =BAR!AE10*0.9 -> 9225 | ... BJ10: =BAR!CF10*0.9 -> 8775
A11: Классический улучшенный номер Комфорт, вид на горы - с 2 односпальными кроватями
A12: 1 | B12: =BAR!X12*0.9 -> 10710 | C12: =BAR!Y12*0.9 -> 10980 | D12: =BAR!Z12*0.9 -> 10980 | E12: =BAR!AA12*0.9 -> 10710 | F12: =BAR!AB12*0.9 -> 10710 | G12: =BAR!AC12*0.9 -> 10710 | H12: =BAR!AD12*0.9 -> 10710 | I12: =BAR!AE12*0.9 -> 10710 | ... BJ12: =BAR!CF12*0.9 -> 10260
A13: 2 | B13: =BAR!X13*0.9 -> 12375 | C13: =BAR!Y13*0.9 -> 12645 | D13: =BAR!Z13*0.9 -> 12645 | E13: =BAR!AA13*0.9 -> 12375 | F13: =BAR!AB13*0.9 -> 12375 | G13: =BAR!AC13*0.9 -> 12375 | H13: =BAR!AD13*0.9 -> 12375 | I13: =BAR!AE13*0.9 -> 12375 | ... BJ13: =BAR!CF13*0.9 -> 11925
A14: Номер Привилегия с двуспальной кроватью Номер Привилегия, для маломобильных с двуспальной кроватью
A15: 1 | B15: =BAR!X15*0.9 -> 12060 | C15: =BAR!Y15*0.9 -> 12330 | D15: =BAR!Z15*0.9 -> 12330 | E15: =BAR!AA15*0.9 -> 12060 | F15: =BAR!AB15*0.9 -> 12060 | G15: =BAR!AC15*0.9 -> 12060 | H15: =BAR!AD15*0.9 -> 12060 | I15: =BAR!AE15*0.9 -> 12060 | ... BJ15: =BAR!CF15*0.9 -> 11610
A16: 2 | B16: =BAR!X16*0.9 -> 13725 | C16: =BAR!Y16*0.9 -> 13995 | D16: =BAR!Z16*0.9 -> 13995 | E16: =BAR!AA16*0.9 -> 13725 | F16: =BAR!AB16*0.9 -> 13725 | G16: =BAR!AC16*0.9 -> 13725 | H16: =BAR!AD16*0.9 -> 13725 | I16: =BAR!AE16*0.9 -> 13725 | ... BJ16: =BAR!CF16*0.9 -> 13275
A17: Номер Привилегия Люкс с двуспальной кроватью, Номер Привилегия Люкс с 2 односпальными кроватями
A18: 1 | B18: =BAR!X18*0.9 -> 13410 | C18: =BAR!Y18*0.9 -> 13680 | D18: =BAR!Z18*0.9 -> 13680 | E18: =BAR!AA18*0.9 -> 13410 | F18: =BAR!AB18*0.9 -> 13410 | G18: =BAR!AC18*0.9 -> 13410 | H18: =BAR!AD18*0.9 -> 13410 | I18: =BAR!AE18*0.9 -> 13410 | ... BJ18: =BAR!CF18*0.9 -> 12960
A19: 2 | B19: =BAR!X19*0.9 -> 15075 | C19: =BAR!Y19*0.9 -> 15345 | D19: =BAR!Z19*0.9 -> 15345 | E19: =BAR!AA19*0.9 -> 15075 | F19: =BAR!AB19*0.9 -> 15075 | G19: =BAR!AC19*0.9 -> 15075 | H19: =BAR!AD19*0.9 -> 15075 | I19: =BAR!AE19*0.9 -> 15075 | ... BJ19: =BAR!CF19*0.9 -> 14625
A20: Номер Семейный Люкс с 2 спальнями
A21: 1 | B21: =BAR!X21*0.9 -> 19710 | C21: =BAR!Y21*0.9 -> 19980 | D21: =BAR!Z21*0.9 -> 19980 | E21: =BAR!AA21*0.9 -> 19710 | F21: =BAR!AB21*0.9 -> 19710 | G21: =BAR!AC21*0.9 -> 19710 | H21: =BAR!AD21*0.9 -> 19710 | I21: =BAR!AE21*0.9 -> 19710 | ... BJ21: =BAR!CF21*0.9 -> 19260
A22: 2 | B22: =B21 -> 19710 | C22: =C21 -> 19980 | D22: =D21 -> 19980 | E22: =E21 -> 19710 | F22: =F21 -> 19710 | G22: =G21 -> 19710 | H22: =H21 -> 19710 | I22: =I21 -> 19710 | ... BJ22: =BJ21 -> 19260
A23: 3 | B23: =B21 -> 19710 | C23: =C21 -> 19980 | D23: =D21 -> 19980 | E23: =E21 -> 19710 | F23: =F21 -> 19710 | G23: =G21 -> 19710 | H23: =H21 -> 19710 | I23: =I21 -> 19710 | ... BJ23: =BJ21 -> 19260
A24: 4 | B24: =B21 -> 19710 | C24: =C21 -> 19980 | D24: =D21 -> 19980 | E24: =E21 -> 19710 | F24: =F21 -> 19710 | G24: =G21 -> 19710 | H24: =H21 -> 19710 | I24: =I21 -> 19710 | ... BJ24: =BJ21 -> 19260
A25: ВАЖНО:
A26: Дополнительно ЕДИНОРАЗОВО в стоимость заявки добавляется стоимость за купонную книгу за каждого взрослого гостя (возраст от 12 лет), стоимость - 2650 руб. за гостя и за каждого ребенка от 0-11 лет включительно -1000 рублей за ребенка. При размещении дополнительных взрослых гостей, также ЕДИНОРАЗОВО добавляется в стоимость заявки купонная книга на каждого взрослого гостя - 2650 руб. (возраст от 12 лет) и за каждого ребенка от 0-11 лет включительно -1000 руб. Стоимость купонной книги на всех взрослых и детей просим сразу добавлять в заявку. В системе трэвэллайн тариф указан без учета стоимости купонной книги на взрослых и детей, необходимо добавлять стоимость вручную.
A27: Даты тарифа:
A28: Период продажи: 19.08.2026 - 30.11.2026 Период проживания: 01.10.2026 - 01.12.2026
A29: Условия аннуляции:
A30: В случае отмены или изменения бронирования менее чем за 24 часа до заезда удерживается стоимость первых суток.
A31: В стоимость включено:
A32: Проживание в номере выбранной категории; Завтрак по системе "Шведский стол"; Посещение СПА-центра и тренажерного зала отеля; Услуги парковки автомобиля на Поляне 960 (крытая и открытая парковка); Подъём по канатной дороге с Поляны 540 на Поляну 960; Бесплатный Wi-Fi на территории всего отеля; Комната для хранения горнолыжного оборудования Бесплатное размещение 2-х детей до 12 лет вкл-но. Бесплатно предоставляются завтраки для 2-х детей и одно дополнительное место в номерах высокой категории. Второй ребенок размещается на основных спальных местах. В категориях Классический, Улучш.Классический и Классический улучшенный номер Комфорт не устанавливаются доп.места (2-ое детей размещаются только на основных местах).
A33: По купонной книге в предложение "Каникулы в горах" входят бесплатно:
A34: 1. Прогулочные билеты "Панорама Красной Поляны" (для всех гостей, проживающих в номере); 2. Посещение Хаски центра (для всех гостей, проживающих в номере); 3. Посещение мини-зоопарка «Капибара и друзья» (для всех гостей, проживающих в номере); 4. Один маршрут веревочного парка (для всех гостей, проживающих в номере), услуга доступна при проживании с 01.05.2026; 5. Скидка 20% скидка на посещение Сочи Парка; 6. Скидка 50% скидка на посещение Аквапарка + дети до 12 включительно бесплатно.
A35: Дополнительная информация:
A36: Услуги и бонусы предложения действуют только в период проживания и предоставляются однократно, согласно условиям в купонной книге. Купонная книга выдается при заселении из расчета: 1 номер = 1 книга. Предложение ограничено и не комбинируется с другими действующими акциями отеля. НАО «Красная поляна» оставляет за собой право изменять услуги в составе пакета. Предоставление услуг может зависеть от погодных условий и графика работы канатных дорог.
... A38: Ежегодные регламентные работы на канатных дорогах курорта Красная Поляна пройдут с 16 марта по 24 июня 2026 года. С 10 по 31 мая будут закрыты канатные дороги Центрального сектора: («Красная Поляна» 540-960 м, «Реликтовый лес» 960-1460 м, «Вершина» 1460-2200 м, «Аибга» 2200-2050 м, «Черная Пирамида» 2050-2300 м). На время регламентных работ между уровнями 540-960 м будут курсировать шаттлы курорта. С 16 марта по 24 апреля будет закрыта канатная дорога Восточного сектора К‑13 «Водопад Поликаря. С 1 апреля по 24 апреля будут закрыты канатные дороги К‑10 «Восточный лес» и К‑12 «Старт чемпиона». К‑8 «Снежная звезда»: закрыта с 1 по 24 июня.

Sheet нетто FIT15
A1: Панорама by Mercure Красная Поляна 4*
A2: Тариф "Базовый с завтраком"
A3: Нетто тарифы
A4: завтраки формата "Шведский стол" | B4: 46274 | C4: 46275 | D4: 46276 | E4: 46277 | F4: 46278 | G4: 46279 | H4: 46280 | I4: 46281 | J4: 46282 | K4: 46283 | L4: 46284 | M4: 46285 | N4: 46286 | O4: 46287 | P4: 46288 | Q4: 46289 | R4: 46290 | S4: 46291 | T4: 46292 | U4: 46293 | V4: 46294 | W4: 46295 | X4: 46296 | Y4: 46297 | Z4: 46298 | AA4: 46299 | AB4: 46300 | AC4: 46301 | AD4: 46302 | AE4: 46303 | AF4: 46304 | AG4: 46305 | AH4: 46306 | AI4: 46307 | AJ4: 46308 | AK4: 46309 | AL4: 46310 | AM4: 46311 | AN4: 46312 | AO4: 46313 | AP4: 46314 | AQ4: 46315 | AR4: 46316 | AS4: 46317 | AT4: 46318 | AU4: 46319 | AV4: 46320 | AW4: 46321 | AX4: 46322 | AY4: 46323 | AZ4: 46324 | BA4: 46325 | BB4: 46326 | BC4: 46327 | BD4: 46328 | BE4: 46329 | BF4: 46330 | BG4: 46331 | BH4: 46332 | BI4: 46333 | BJ4: 46334 | BK4: 46335 | BL4: 46336 | BM4: 46337 | BN4: 46338 | BO4: 46339 | BP4: 46340 | BQ4: 46341 | BR4: 46342 | BS4: 46343 | BT4: 46344 | BU4: 46345 | BV4: 46346 | BW4: 46347 | BX4: 46348 | BY4: 46349 | BZ4: 46350 | CA4: 46351 | CB4: 46352 | CC4: 46353 | CD4: 46354 | CE4: 46355 | CF4: 46356 | CG4: 46357 | CH4: 46358 | CI4: 46359 | CJ4: 46360 | CK4: 46361 | CL4: 46362 | CM4: 46363 | CN4: 46364 | CO4: 46365 | CP4: 46366 | CQ4: 46367 | CR4: 46368 | CS4: 46369 | CT4: 46370 | CU4: 46371 | CV4: 46372 | CW4: 46373 | CX4: 46374 | CY4: 46375 | CZ4: 46376 | DA4: 46377 | DB4: 46378 | DC4: 46379 | DD4: 46380 | DE4: 46381 | DF4: 46382 | DG4: 46383 | DH4: 46384 | DI4: 46385 | DJ4: 46386 | DK4: 46387 | DL4: 46388 | DM4: 46389 | DN4: 46390 | DO4: 46391 | DP4: 46392 | DQ4: 46393 | DR4: 46394 | DS4: 46395 | DT4: 46396 | DU4: 46397 | DV4: 46398 | DW4: 46399 | DX4: 46400 | DY4: 46401 | DZ4: 46402 | EA4: 46403 | EB4: 46404 | EC4: 46405 | ED4: 46406 | EE4: 46407 | EF4: 46408 | EG4: 46409 | EH4: 46410 | EI4: 46411 | EJ4: 46412 | EK4: 46413 | EL4: 46414 | EM4: 46415 | EN4: 46416 | EO4: 46417 | EP4: 46418 | EQ4: 46419 | ER4: 46420 | ES4: 46421 | ET4: 46422 | EU4: 46423 | EV4: 46424 | EW4: 46425 | EX4: 46426 | EY4: 46427 | EZ4: 46428 | FA4: 46429 | FB4: 46430 | FC4: 46431 | FD4: 46432 | FE4: 46433 | FF4: 46434 | FG4: 46435 | FH4: 46436 | FI4: 46437 | FJ4: 46438 | FK4: 46439 | FL4: 46440 | FM4: 46441 | FN4: 46442 | FO4: 46443 | FP4: 46444 | FQ4: 46445 | FR4: 46446 | FS4: 46447 | FT4: 46448 | FU4: 46449 | FV4: 46450 | FW4: 46451 | FX4: 46452 | FY4: 46453 | FZ4: 46454 | GA4: 46455 | GB4: 46456 | GC4: 46457 | GD4: 46458 | GE4: 46459 | GF4: 46460 | GG4: 46461 | GH4: 46462 | GI4: 46463 | GJ4: 46464 | GK4: 46465 | GL4: 46466 | GM4: 46467 | GN4: 46468 | GO4: 46469 | GP4: 46470 | GQ4: 46471 | GR4: 46472 | GS4: 46473 | GT4: 46474 | GU4: 46475 | GV4: 46476 | GW4: 46477
A5: Классический номер с двуспальной кроватью, Классический номер с 2 односпальными кроватями
A6: 1 | B6: =ROUNDUP(BAR!B6*0.85,) -> 7225 | C6: =ROUNDUP(BAR!C6*0.85,) -> 6800 | D6: =ROUNDUP(BAR!D6*0.85,) -> 7650 | E6: =ROUNDUP(BAR!E6*0.85,) -> 7650 | F6: =ROUNDUP(BAR!F6*0.85,) -> 7650 | G6: =ROUNDUP(BAR!G6*0.85,) -> 6460 | H6: =ROUNDUP(BAR!H6*0.85,) -> 6460 | I6: =ROUNDUP(BAR!I6*0.85,) -> 6460 | ... GW6: =ROUNDUP(BAR!GW6*0.85,) -> 11220
A7: 2 | B7: =ROUNDUP(BAR!B7*0.85,) -> 8798 | C7: =ROUNDUP(BAR!C7*0.85,) -> 8373 | D7: =ROUNDUP(BAR!D7*0.85,) -> 9223 | E7: =ROUNDUP(BAR!E7*0.85,) -> 9223 | F7: =ROUNDUP(BAR!F7*0.85,) -> 9223 | G7: =ROUNDUP(BAR!G7*0.85,) -> 8033 | H7: =ROUNDUP(BAR!H7*0.85,) -> 8033 | I7: =ROUNDUP(BAR!I7*0.85,) -> 8033 | ... GW7: =ROUNDUP(BAR!GW7*0.85,) -> 12920
A8: Классический улучшенный номер с двуспальной кроватью, Классический улучшенный номер с 2 односпальными кроватями
A9: 1 | B9: =ROUNDUP(BAR!B9*0.85,) -> 8925 | C9: =ROUNDUP(BAR!C9*0.85,) -> 8500 | D9: =ROUNDUP(BAR!D9*0.85,) -> 9350 | E9: =ROUNDUP(BAR!E9*0.85,) -> 9350 | F9: =ROUNDUP(BAR!F9*0.85,) -> 9350 | G9: =ROUNDUP(BAR!G9*0.85,) -> 8160 | H9: =ROUNDUP(BAR!H9*0.85,) -> 8160 | I9: =ROUNDUP(BAR!I9*0.85,) -> 8160 | ... GW9: =ROUNDUP(BAR!GW9*0.85,) -> 12665
A10: 2 | B10: =ROUNDUP(BAR!B10*0.85,) -> 10498 | C10: =ROUNDUP(BAR!C10*0.85,) -> 10073 | D10: =ROUNDUP(BAR!D10*0.85,) -> 10923 | E10: =ROUNDUP(BAR!E10*0.85,) -> 10923 | F10: =ROUNDUP(BAR!F10*0.85,) -> 10923 | G10: =ROUNDUP(BAR!G10*0.85,) -> 9733 | H10: =ROUNDUP(BAR!H10*0.85,) -> 9733 | I10: =ROUNDUP(BAR!I10*0.85,) -> 9733 | ... GW10: =ROUNDUP(BAR!GW10*0.85,) -> 14365
A11: Классический улучшенный номер Комфорт, вид на горы - с 2 односпальными кроватями
A12: 1 | B12: =ROUNDUP(BAR!B12*0.85,) -> 12325 | C12: =ROUNDUP(BAR!C12*0.85,) -> 11900 | D12: =ROUNDUP(BAR!D12*0.85,) -> 12750 | E12: =ROUNDUP(BAR!E12*0.85,) -> 12750 | F12: =ROUNDUP(BAR!F12*0.85,) -> 12750 | G12: =ROUNDUP(BAR!G12*0.85,) -> 11560 | H12: =ROUNDUP(BAR!H12*0.85,) -> 11560 | I12: =ROUNDUP(BAR!I12*0.85,) -> 11560 | ... GW12: =ROUNDUP(BAR!GW12*0.85,) -> 14620
A13: 2 | B13: =ROUNDUP(BAR!B13*0.85,) -> 13898 | C13: =ROUNDUP(BAR!C13*0.85,) -> 13473 | D13: =ROUNDUP(BAR!D13*0.85,) -> 14323 | E13: =ROUNDUP(BAR!E13*0.85,) -> 14323 | F13: =ROUNDUP(BAR!F13*0.85,) -> 14323 | G13: =ROUNDUP(BAR!G13*0.85,) -> 13133 | H13: =ROUNDUP(BAR!H13*0.85,) -> 13133 | I13: =ROUNDUP(BAR!I13*0.85,) -> 13133 | ... GW13: =ROUNDUP(BAR!GW13*0.85,) -> 16320
A14: Номер Привилегия с двуспальной кроватью Номер Привилегия, для маломобильных с двуспальной кроватью
A15: 1 | B15: =ROUNDUP(BAR!B15*0.85,) -> 13600 | C15: =ROUNDUP(BAR!C15*0.85,) -> 13175 | D15: =ROUNDUP(BAR!D15*0.85,) -> 14025 | E15: =ROUNDUP(BAR!E15*0.85,) -> 14025 | F15: =ROUNDUP(BAR!F15*0.85,) -> 14025 | G15: =ROUNDUP(BAR!G15*0.85,) -> 12835 | H15: =ROUNDUP(BAR!H15*0.85,) -> 12835 | I15: =ROUNDUP(BAR!I15*0.85,) -> 12835 | ... GW15: =ROUNDUP(BAR!GW15*0.85,) -> 15895
A16: 2 | B16: =ROUNDUP(BAR!B16*0.85,) -> 15173 | C16: =ROUNDUP(BAR!C16*0.85,) -> 14748 | D16: =ROUNDUP(BAR!D16*0.85,) -> 15598 | E16: =ROUNDUP(BAR!E16*0.85,) -> 15598 | F16: =ROUNDUP(BAR!F16*0.85,) -> 15598 | G16: =ROUNDUP(BAR!G16*0.85,) -> 14408 | H16: =ROUNDUP(BAR!H16*0.85,) -> 14408 | I16: =ROUNDUP(BAR!I16*0.85,) -> 14408 | ... GW16: =ROUNDUP(BAR!GW16*0.85,) -> 17595
A17: Номер Привилегия Люкс с двуспальной кроватью, Номер Привилегия Люкс с 2 односпальными кроватями
A18: 1 | B18: =ROUNDUP(BAR!B18*0.85,) -> 15300 | C18: =ROUNDUP(BAR!C18*0.85,) -> 14875 | D18: =ROUNDUP(BAR!D18*0.85,) -> 15725 | E18: =ROUNDUP(BAR!E18*0.85,) -> 15725 | F18: =ROUNDUP(BAR!F18*0.85,) -> 15725 | G18: =ROUNDUP(BAR!G18*0.85,) -> 14535 | H18: =ROUNDUP(BAR!H18*0.85,) -> 14535 | I18: =ROUNDUP(BAR!I18*0.85,) -> 14535 | ... GW18: =ROUNDUP(BAR!GW18*0.85,) -> 18445
A19: 2 | B19: =ROUNDUP(BAR!B19*0.85,) -> 16873 | C19: =ROUNDUP(BAR!C19*0.85,) -> 16448 | D19: =ROUNDUP(BAR!D19*0.85,) -> 17298 | E19: =ROUNDUP(BAR!E19*0.85,) -> 17298 | F19: =ROUNDUP(BAR!F19*0.85,) -> 17298 | G19: =ROUNDUP(BAR!G19*0.85,) -> 16108 | H19: =ROUNDUP(BAR!H19*0.85,) -> 16108 | I19: =ROUNDUP(BAR!I19*0.85,) -> 16108 | ... GW19: =ROUNDUP(BAR!GW19*0.85,) -> 20145
A20: Номер Семейный Люкс с 2 спальнями
A21: 1 | B21: =ROUNDUP(BAR!B21*0.85,) -> 22525 | C21: =ROUNDUP(BAR!C21*0.85,) -> 22100 | D21: =ROUNDUP(BAR!D21*0.85,) -> 22950 | E21: =ROUNDUP(BAR!E21*0.85,) -> 22950 | F21: =ROUNDUP(BAR!F21*0.85,) -> 22950 | G21: =ROUNDUP(BAR!G21*0.85,) -> 21760 | H21: =ROUNDUP(BAR!H21*0.85,) -> 21760 | I21: =ROUNDUP(BAR!I21*0.85,) -> 21760 | ... GW21: =ROUNDUP(BAR!GW21*0.85,) -> 28305
A22: 2 | B22: =ROUNDUP(BAR!B22*0.85,) -> 22525 | C22: =ROUNDUP(BAR!C22*0.85,) -> 22100 | D22: =ROUNDUP(BAR!D22*0.85,) -> 22950 | E22: =ROUNDUP(BAR!E22*0.85,) -> 22950 | F22: =ROUNDUP(BAR!F22*0.85,) -> 22950 | G22: =ROUNDUP(BAR!G22*0.85,) -> 21760 | H22: =ROUNDUP(BAR!H22*0.85,) -> 21760 | I22: =ROUNDUP(BAR!I22*0.85,) -> 21760 | ... GW22: =ROUNDUP(BAR!GW22*0.85,) -> 28305
A23: 3 | B23: =ROUNDUP(BAR!B23*0.85,) -> 22525 | C23: =ROUNDUP(BAR!C23*0.85,) -> 22100 | D23: =ROUNDUP(BAR!D23*0.85,) -> 22950 | E23: =ROUNDUP(BAR!E23*0.85,) -> 22950 | F23: =ROUNDUP(BAR!F23*0.85,) -> 22950 | G23: =ROUNDUP(BAR!G23*0.85,) -> 21760 | H23: =ROUNDUP(BAR!H23*0.85,) -> 21760 | I23: =ROUNDUP(BAR!I23*0.85,) -> 21760 | ... GW23: =ROUNDUP(BAR!GW23*0.85,) -> 28305
A24: 4 | B24: =ROUNDUP(BAR!B24*0.85,) -> 22525 | C24: =ROUNDUP(BAR!C24*0.85,) -> 22100 | D24: =ROUNDUP(BAR!D24*0.85,) -> 22950 | E24: =ROUNDUP(BAR!E24*0.85,) -> 22950 | F24: =ROUNDUP(BAR!F24*0.85,) -> 22950 | G24: =ROUNDUP(BAR!G24*0.85,) -> 21760 | H24: =ROUNDUP(BAR!H24*0.85,) -> 21760 | I24: =ROUNDUP(BAR!I24*0.85,) -> 21760 | ... GW24: =ROUNDUP(BAR!GW24*0.85,) -> 28305
A25: Доп.инфо:
A26: 📌Дополнительное место с завтраком: 01.04.26 - 28.12.26 взр 2850 руб/сут, реб 1950 руб/сут 29.12.26 - 08.01.27 взр 3300 руб/сут, реб 2150 руб/сут 09.01.27 - 31.03.27 взр 3000 руб/сут, реб 2000 руб/сут 📌Завтраки: 01.04.26 - 28.12.26 взр 1850 руб/сут, реб 950 руб/сут 29.12.26 - 08.01.27 взр 2300 руб/сут, реб 1150 руб/сут 09.01.27 - 31.03.27 взр 2000 руб/сут, реб 1000 руб/сут 📌Доплата за размещение с животными (до 15 кг и 45 см в холке) – 2500 руб. единоразово при заселении. Допустимо проживание не более 1-го животного в номере. Обязателен вет.паспорт животного. 📌Услуга "Ранний заезд или Поздний выезд" предоставляется при 100% гарантиии доп. суток размещения по возможности отеля. Негарантированный РЗ/ПВ оформляется в отеле и предоставляется по возможности отеля. Время негарантированных услуг: РЗ с 00:00 до 02:59 - 100%, с 03:00 до 15:00 - 50%; ПВ с 12:00 до 18:00 - 50%, после 18:00 - 100%
A27: Даты тарифа (включительно):
A28: Период продажи: 20.03.2026 - 30.03.2027 Период проживания: 20.03.2026 - 31.03.2027
A29: Новогодний тариф (включительно):
A30: Период продажи: 22.07.2026 – 08.01.2027 Период проживания: 29.12.2026 – 08.01.2027 Условия бронирования: При бронировании номера в даты проживания с 30.12.25-08.01.26 необходима предоплата в размере 1-х суток и полная оплата в размере 100% до 01.12.2026. Условия аннуляции: бесплатная отмена до 00:00 дня заезда и при отмене после 00:00 часов дня заезда удерживается стоимость первых суток.
A31: В стоимость включено:
A32: Завтрак по системе "Шведский стол"; Посещение СПА-центра и тренажерного зала отеля; Бесплатная парковка на Поляне 960; Подъем на канатной дороге до Поляны 960; Бесплатный Wi-Fi на территории всего отеля; Комната для хранения горнолыжного оборудования
A33: Условия аннуляции:
A34: В случае отмены или изменения бронирования после 00:00 часов дня заезда удерживается стоимость первых суток.
A35: Пропуск "Сочинский национальный парк":
A36: Территория Курорта Красная поляна является особо охраняемой природной территорией "Сочинский национальный парк". При подъёме выше отметки +960 и при прогулках по экотропам Курорта, вам необходимо оформить пропуск. *Детям дошкольного и школьного возраста, гостям пенсионного возраста - приобретают льготный билет (0Р) в кассе Сочинского национального парка, на высоте 960 Купить пропуск в национальный парк https://npsochi.ru/tickets/ Ознакомиться с правилами Сочинского национального парка https://npsochi.ru/rules/
... A38: Вопросы и замечения по тарифным сеткам просьба направлять в адрес Супервайзеры отдела бронирования отелей ACCOR <res.supervisor.accor@kpresort.ru>

Sheet RO FIT15 
A1: Панорама by Mercure Красная Поляна 4*
A2: тариф "Базовый без завтрака"
A3: Нетто тарифы
A4: Проживание без питания (Room only) | B4: 46169 | C4: 46170 | D4: 46171 | E4: 46172 | F4: 46173
A5: Классический номер с двуспальной кроватью, Классический номер с 2 односпальными кроватями
A6: 1 | B6: =ROUNDUP(RO!B6*0.87,) -> #REF! | C6: =ROUNDUP(RO!C6*0.87,) -> #REF! | D6: =ROUNDUP(RO!D6*0.87,) -> #REF! | E6: =ROUNDUP(RO!E6*0.87,) -> #REF! | F6: =ROUNDUP(RO!F6*0.87,) -> #REF!
A7: 2 | B7: =B6 -> #REF! | C7: =C6 -> #REF! | D7: =D6 -> #REF! | E7: =E6 -> #REF! | F7: =F6 -> #REF!
A8: Классический улучшенный номер с двуспальной кроватью, Классический улучшенный номер с 2 односпальными кроватями
A9: 1 | B9: =ROUNDUP(RO!B9*0.87,) -> #REF! | C9: =ROUNDUP(RO!C9*0.87,) -> #REF! | D9: =ROUNDUP(RO!D9*0.87,) -> #REF! | E9: =ROUNDUP(RO!E9*0.87,) -> #REF! | F9: =ROUNDUP(RO!F9*0.87,) -> #REF!
A10: 2 | B10: =B9 -> #REF! | C10: =C9 -> #REF! | D10: =D9 -> #REF! | E10: =E9 -> #REF! | F10: =F9 -> #REF!
A11: Классический улучшенный номер Комфорт, вид на горы - с 2 односпальными кроватями
A12: 1 | B12: =ROUNDUP(RO!B12*0.87,) -> #REF! | C12: =ROUNDUP(RO!C12*0.87,) -> #REF! | D12: =ROUNDUP(RO!D12*0.87,) -> #REF! | E12: =ROUNDUP(RO!E12*0.87,) -> #REF! | F12: =ROUNDUP(RO!F12*0.87,) -> #REF!
A13: 2 | B13: =B12 -> #REF! | C13: =C12 -> #REF! | D13: =D12 -> #REF! | E13: =E12 -> #REF! | F13: =F12 -> #REF!
A14: Номер Привилегия с двуспальной кроватью Номер Привилегия, для маломобильных с двуспальной кроватью
A15: 1 | B15: =ROUNDUP(RO!B15*0.85,) -> #REF! | C15: =ROUNDUP(RO!C15*0.85,) -> #REF! | D15: =ROUNDUP(RO!D15*0.85,) -> #REF! | E15: =ROUNDUP(RO!E15*0.85,) -> #REF! | F15: =ROUNDUP(RO!F15*0.85,) -> #REF!
A16: 2 | B16: =B15 -> #REF! | C16: =C15 -> #REF! | D16: =D15 -> #REF! | E16: =E15 -> #REF! | F16: =F15 -> #REF!
A17: Номер Привилегия Люкс с двуспальной кроватью, Номер Привилегия Люкс с 2 односпальными кроватями
A18: 1 | B18: =ROUNDUP(RO!B18*0.87,) -> #REF! | C18: =ROUNDUP(RO!C18*0.87,) -> #REF! | D18: =ROUNDUP(RO!D18*0.87,) -> #REF! | E18: =ROUNDUP(RO!E18*0.87,) -> #REF! | F18: =ROUNDUP(RO!F18*0.87,) -> #REF!
A19: 2 | B19: =B18 -> #REF! | C19: =C18 -> #REF! | D19: =D18 -> #REF! | E19: =E18 -> #REF! | F19: =F18 -> #REF!
A20: Номер Семейный Люкс с 2 спальнями
A21: 1 | B21: =ROUNDUP(RO!B21*0.87,) -> #REF! | C21: =ROUNDUP(RO!C21*0.87,) -> #REF! | D21: =ROUNDUP(RO!D21*0.87,) -> #REF! | E21: =ROUNDUP(RO!E21*0.87,) -> #REF! | F21: =ROUNDUP(RO!F21*0.87,) -> #REF!
A22: 2 | B22: =B21 -> #REF! | C22: =C21 -> #REF! | D22: =D21 -> #REF! | E22: =E21 -> #REF! | F22: =F21 -> #REF!
A23: 3 | B23: =B21 -> #REF! | C23: =C21 -> #REF! | D23: =D21 -> #REF! | E23: =E21 -> #REF! | F23: =F21 -> #REF!
A24: 4 | B24: =B21 -> #REF! | C24: =C21 -> #REF! | D24: =D21 -> #REF! | E24: =E21 -> #REF! | F24: =F21 -> #REF!
A25: Даты тарифа:
A26: Период продажи: 20.03.2026 - 30.05.2026 Период проживания: 01.04.2026 - 31.05.2026
A27: Закрытые даты (включительно):
A28: 07.06.2026-11.06.2026
A29: 22.06.2026-25.06.2026
A30: 21.09.2026-24.09.2026
A31: 30.09.2026-03.10.2026
A32: В стоимость включено:
A33: Посещение СПА-центра и тренажерного зала отеля; Бесплатная парковка на Поляне 960; Подъем на канатной дороге до Поляны 960; Бесплатный Wi-Fi на территории всего отеля; Комната для хранения горнолыжного оборудования
A34: Условия аннуляции:
A35: В случае отмены или изменения бронирования после 00:00 часов дня заезда удерживается стоимость первых суток.
A36: Регламентные работы:
A37: Ежегодные регламентные работы на канатных дорогах курорта Красная Поляна пройдут с 16 марта по 24 июня 2026 года. С 10 по 31 мая будут закрыты канатные дороги Центрального сектора: («Красная Поляна» 540-960 м, «Реликтовый лес» 960-1460 м, «Вершина» 1460-2200 м, «Аибга» 2200-2050 м, «Черная Пирамида» 2050-2300 м). На время регламентных работ между уровнями 540-960 м будут курсировать шаттлы курорта. С 16 марта по 24 апреля будет закрыта канатная дорога Восточного сектора К‑13 «Водопад Поликаря. С 1 апреля по 24 апреля будут закрыты канатные дороги К‑10 «Восточный лес» и К‑12 «Старт чемпиона». К‑8 «Снежная звезда»: закрыта с 1 по 24 июня.

Sheet РБ10% FIT15 
A1: Панорама by Mercure Красная Поляна 4*
A2: Тариф "Раннее бронирование со скидкой 10%, завтрак включен"
A3: Нетто тарифы
A4: завтраки формата "Шведский стол" | B4: 46274 | C4: 46275 | D4: 46276 | E4: 46277 | F4: 46278 | G4: 46279 | H4: 46280 | I4: 46281 | J4: 46282 | K4: 46283 | L4: 46284 | M4: 46285 | N4: 46286 | O4: 46287 | P4: 46288 | Q4: 46289 | R4: 46290 | S4: 46291 | T4: 46292 | U4: 46293 | V4: 46294 | W4: 46295 | X4: 46296 | Y4: 46297 | Z4: 46298 | AA4: 46299 | AB4: 46300 | AC4: 46301 | AD4: 46302 | AE4: 46303 | AF4: 46304 | AG4: 46305 | AH4: 46306 | AI4: 46307 | AJ4: 46308 | AK4: 46309 | AL4: 46310 | AM4: 46311 | AN4: 46312 | AO4: 46313 | AP4: 46314 | AQ4: 46315 | AR4: 46316 | AS4: 46317 | AT4: 46318 | AU4: 46319 | AV4: 46320 | AW4: 46321 | AX4: 46322 | AY4: 46323 | AZ4: 46324 | BA4: 46325 | BB4: 46326 | BC4: 46327 | BD4: 46328 | BE4: 46329 | BF4: 46330 | BG4: 46331 | BH4: 46332 | BI4: 46333 | BJ4: 46334 | BK4: 46335 | BL4: 46336 | BM4: 46337 | BN4: 46338 | BO4: 46339 | BP4: 46340 | BQ4: 46341 | BR4: 46342 | BS4: 46343 | BT4: 46344 | BU4: 46345 | BV4: 46346 | BW4: 46347 | BX4: 46348 | BY4: 46349 | BZ4: 46350 | CA4: 46351 | CB4: 46352 | CC4: 46353 | CD4: 46354 | CE4: 46355 | CF4: 46356 | CG4: 46357 | CH4: 46358 | CI4: 46359 | CJ4: 46360 | CK4: 46361 | CL4: 46362 | CM4: 46363 | CN4: 46364 | CO4: 46365 | CP4: 46366 | CQ4: 46367 | CR4: 46368 | CS4: 46369 | CT4: 46370 | CU4: 46371 | CV4: 46372 | CW4: 46373 | CX4: 46374 | CY4: 46375 | CZ4: 46376 | DA4: 46377 | DB4: 46378 | DC4: 46379 | DD4: 46380 | DE4: 46381 | DF4: 46382 | DG4: 46383 | DH4: 46384 | DI4: 46385 | DJ4: 46386 | DK4: 46387 | DL4: 46388 | DM4: 46389 | DN4: 46390 | DO4: 46391 | DP4: 46392 | DQ4: 46393 | DR4: 46394 | DS4: 46395 | DT4: 46396 | DU4: 46397 | DV4: 46398 | DW4: 46399 | DX4: 46400 | DY4: 46401 | DZ4: 46402 | EA4: 46403 | EB4: 46404 | EC4: 46405 | ED4: 46406 | EE4: 46407 | EF4: 46408 | EG4: 46409 | EH4: 46410 | EI4: 46411 | EJ4: 46412 | EK4: 46413 | EL4: 46414 | EM4: 46415 | EN4: 46416 | EO4: 46417 | EP4: 46418 | EQ4: 46419 | ER4: 46420 | ES4: 46421 | ET4: 46422 | EU4: 46423 | EV4: 46424 | EW4: 46425 | EX4: 46426 | EY4: 46427 | EZ4: 46428 | FA4: 46429 | FB4: 46430 | FC4: 46431 | FD4: 46432 | FE4: 46433 | FF4: 46434 | FG4: 46435 | FH4: 46436 | FI4: 46437 | FJ4: 46438 | FK4: 46439 | FL4: 46440 | FM4: 46441 | FN4: 46442 | FO4: 46443 | FP4: 46444 | FQ4: 46445 | FR4: 46446 | FS4: 46447 | FT4: 46448 | FU4: 46449 | FV4: 46450 | FW4: 46451 | FX4: 46452 | FY4: 46453 | FZ4: 46454 | GA4: 46455 | GB4: 46456 | GC4: 46457 | GD4: 46458 | GE4: 46459 | GF4: 46460 | GG4: 46461 | GH4: 46462 | GI4: 46463 | GJ4: 46464 | GK4: 46465 | GL4: 46466 | GM4: 46467 | GN4: 46468 | GO4: 46469 | GP4: 46470 | GQ4: 46471 | GR4: 46472 | GS4: 46473 | GT4: 46474 | GU4: 46475 | GV4: 46476 | GW4: 46477
A5: Классический номер с двуспальной кроватью, Классический номер с 2 односпальными кроватями
A6: 1 | B6: =ROUNDUP(BAR!B6*0.9*0.9,) -> 6885 | C6: =ROUNDUP(BAR!C6*0.9*0.9,) -> 6480 | D6: =ROUNDUP(BAR!D6*0.9*0.9,) -> 7290 | E6: =ROUNDUP(BAR!E6*0.9*0.9,) -> 7290 | F6: =ROUNDUP(BAR!F6*0.9*0.9,) -> 7290 | G6: =ROUNDUP(BAR!G6*0.9*0.9,) -> 6156 | H6: =ROUNDUP(BAR!H6*0.9*0.9,) -> 6156 | I6: =ROUNDUP(BAR!I6*0.9*0.9,) -> 6156 | ... GW6: =ROUNDUP(BAR!GW6*0.9*0.9,) -> 10692
A7: 2 | B7: =ROUNDUP(BAR!B7*0.9*0.9,) -> 8384 | C7: =ROUNDUP(BAR!C7*0.9*0.9,) -> 7979 | D7: =ROUNDUP(BAR!D7*0.9*0.9,) -> 8789 | E7: =ROUNDUP(BAR!E7*0.9*0.9,) -> 8789 | F7: =ROUNDUP(BAR!F7*0.9*0.9,) -> 8789 | G7: =ROUNDUP(BAR!G7*0.9*0.9,) -> 7655 | H7: =ROUNDUP(BAR!H7*0.9*0.9,) -> 7655 | I7: =ROUNDUP(BAR!I7*0.9*0.9,) -> 7655 | ... GW7: =ROUNDUP(BAR!GW7*0.9*0.9,) -> 12312
A8: Классический улучшенный номер с двуспальной кроватью, Классический улучшенный номер с 2 односпальными кроватями
A9: 1 | B9: =ROUNDUP(BAR!B9*0.9*0.9,) -> 8505 | C9: =ROUNDUP(BAR!C9*0.9*0.9,) -> 8100 | D9: =ROUNDUP(BAR!D9*0.9*0.9,) -> 8910 | E9: =ROUNDUP(BAR!E9*0.9*0.9,) -> 8910 | F9: =ROUNDUP(BAR!F9*0.9*0.9,) -> 8910 | G9: =ROUNDUP(BAR!G9*0.9*0.9,) -> 7776 | H9: =ROUNDUP(BAR!H9*0.9*0.9,) -> 7776 | I9: =ROUNDUP(BAR!I9*0.9*0.9,) -> 7776 | ... GW9: =ROUNDUP(BAR!GW9*0.9*0.9,) -> 12069
A10: 2 | B10: =ROUNDUP(BAR!B10*0.9*0.9,) -> 10004 | C10: =ROUNDUP(BAR!C10*0.9*0.9,) -> 9599 | D10: =ROUNDUP(BAR!D10*0.9*0.9,) -> 10409 | E10: =ROUNDUP(BAR!E10*0.9*0.9,) -> 10409 | F10: =ROUNDUP(BAR!F10*0.9*0.9,) -> 10409 | G10: =ROUNDUP(BAR!G10*0.9*0.9,) -> 9275 | H10: =ROUNDUP(BAR!H10*0.9*0.9,) -> 9275 | I10: =ROUNDUP(BAR!I10*0.9*0.9,) -> 9275 | ... GW10: =ROUNDUP(BAR!GW10*0.9*0.9,) -> 13689
A11: Классический улучшенный номер Комфорт, вид на горы - с 2 односпальными кроватями
A12: 1 | B12: =ROUNDUP(BAR!B12*0.9*0.9,) -> 11745 | C12: =ROUNDUP(BAR!C12*0.9*0.9,) -> 11340 | D12: =ROUNDUP(BAR!D12*0.9*0.9,) -> 12150 | E12: =ROUNDUP(BAR!E12*0.9*0.9,) -> 12150 | F12: =ROUNDUP(BAR!F12*0.9*0.9,) -> 12150 | G12: =ROUNDUP(BAR!G12*0.9*0.9,) -> 11016 | H12: =ROUNDUP(BAR!H12*0.9*0.9,) -> 11016 | I12: =ROUNDUP(BAR!I12*0.9*0.9,) -> 11016 | ... GW12: =ROUNDUP(BAR!GW12*0.9*0.9,) -> 13932
A13: 2 | B13: =ROUNDUP(BAR!B13*0.9*0.9,) -> 13244 | C13: =ROUNDUP(BAR!C13*0.9*0.9,) -> 12839 | D13: =ROUNDUP(BAR!D13*0.9*0.9,) -> 13649 | E13: =ROUNDUP(BAR!E13*0.9*0.9,) -> 13649 | F13: =ROUNDUP(BAR!F13*0.9*0.9,) -> 13649 | G13: =ROUNDUP(BAR!G13*0.9*0.9,) -> 12515 | H13: =ROUNDUP(BAR!H13*0.9*0.9,) -> 12515 | I13: =ROUNDUP(BAR!I13*0.9*0.9,) -> 12515 | ... GW13: =ROUNDUP(BAR!GW13*0.9*0.9,) -> 15552
A14: Номер Привилегия с двуспальной кроватью Номер Привилегия, для маломобильных с двуспальной кроватью
A15: 1 | B15: =ROUNDUP(BAR!B15*0.9*0.9,) -> 12960 | C15: =ROUNDUP(BAR!C15*0.9*0.9,) -> 12555 | D15: =ROUNDUP(BAR!D15*0.9*0.9,) -> 13365 | E15: =ROUNDUP(BAR!E15*0.9*0.9,) -> 13365 | F15: =ROUNDUP(BAR!F15*0.9*0.9,) -> 13365 | G15: =ROUNDUP(BAR!G15*0.9*0.9,) -> 12231 | H15: =ROUNDUP(BAR!H15*0.9*0.9,) -> 12231 | I15: =ROUNDUP(BAR!I15*0.9*0.9,) -> 12231 | ... GW15: =ROUNDUP(BAR!GW15*0.9*0.9,) -> 15147
A16: 2 | B16: =ROUNDUP(BAR!B16*0.9*0.9,) -> 14459 | C16: =ROUNDUP(BAR!C16*0.9*0.9,) -> 14054 | D16: =ROUNDUP(BAR!D16*0.9*0.9,) -> 14864 | E16: =ROUNDUP(BAR!E16*0.9*0.9,) -> 14864 | F16: =ROUNDUP(BAR!F16*0.9*0.9,) -> 14864 | G16: =ROUNDUP(BAR!G16*0.9*0.9,) -> 13730 | H16: =ROUNDUP(BAR!H16*0.9*0.9,) -> 13730 | I16: =ROUNDUP(BAR!I16*0.9*0.9,) -> 13730 | ... GW16: =ROUNDUP(BAR!GW16*0.9*0.9,) -> 16767
A17: Номер Привилегия Люкс с двуспальной кроватью, Номер Привилегия Люкс с 2 односпальными кроватями
A18: 1 | B18: =ROUNDUP(BAR!B18*0.9*0.9,) -> 14580 | C18: =ROUNDUP(BAR!C18*0.9*0.9,) -> 14175 | D18: =ROUNDUP(BAR!D18*0.9*0.9,) -> 14985 | E18: =ROUNDUP(BAR!E18*0.9*0.9,) -> 14985 | F18: =ROUNDUP(BAR!F18*0.9*0.9,) -> 14985 | G18: =ROUNDUP(BAR!G18*0.9*0.9,) -> 13851 | H18: =ROUNDUP(BAR!H18*0.9*0.9,) -> 13851 | I18: =ROUNDUP(BAR!I18*0.9*0.9,) -> 13851 | ... GW18: =ROUNDUP(BAR!GW18*0.9*0.9,) -> 17577
A19: 2 | B19: =ROUNDUP(BAR!B19*0.9*0.9,) -> 16079 | C19: =ROUNDUP(BAR!C19*0.9*0.9,) -> 15674 | D19: =ROUNDUP(BAR!D19*0.9*0.9,) -> 16484 | E19: =ROUNDUP(BAR!E19*0.9*0.9,) -> 16484 | F19: =ROUNDUP(BAR!F19*0.9*0.9,) -> 16484 | G19: =ROUNDUP(BAR!G19*0.9*0.9,) -> 15350 | H19: =ROUNDUP(BAR!H19*0.9*0.9,) -> 15350 | I19: =ROUNDUP(BAR!I19*0.9*0.9,) -> 15350 | ... GW19: =ROUNDUP(BAR!GW19*0.9*0.9,) -> 19197
A20: Номер Семейный Люкс с 2 спальнями
A21: 1 | B21: =ROUNDUP(BAR!B21*0.9*0.9,) -> 21465 | C21: =ROUNDUP(BAR!C21*0.9*0.9,) -> 21060 | D21: =ROUNDUP(BAR!D21*0.9*0.9,) -> 21870 | E21: =ROUNDUP(BAR!E21*0.9*0.9,) -> 21870 | F21: =ROUNDUP(BAR!F21*0.9*0.9,) -> 21870 | G21: =ROUNDUP(BAR!G21*0.9*0.9,) -> 20736 | H21: =ROUNDUP(BAR!H21*0.9*0.9,) -> 20736 | I21: =ROUNDUP(BAR!I21*0.9*0.9,) -> 20736 | ... GW21: =ROUNDUP(BAR!GW21*0.9*0.9,) -> 26973
A22: 2 | B22: =ROUNDUP(BAR!B22*0.9*0.9,) -> 21465 | C22: =ROUNDUP(BAR!C22*0.9*0.9,) -> 21060 | D22: =ROUNDUP(BAR!D22*0.9*0.9,) -> 21870 | E22: =ROUNDUP(BAR!E22*0.9*0.9,) -> 21870 | F22: =ROUNDUP(BAR!F22*0.9*0.9,) -> 21870 | G22: =ROUNDUP(BAR!G22*0.9*0.9,) -> 20736 | H22: =ROUNDUP(BAR!H22*0.9*0.9,) -> 20736 | I22: =ROUNDUP(BAR!I22*0.9*0.9,) -> 20736 | ... GW22: =ROUNDUP(BAR!GW22*0.9*0.9,) -> 26973
A23: 3 | B23: =ROUNDUP(BAR!B23*0.9*0.9,) -> 21465 | C23: =ROUNDUP(BAR!C23*0.9*0.9,) -> 21060 | D23: =ROUNDUP(BAR!D23*0.9*0.9,) -> 21870 | E23: =ROUNDUP(BAR!E23*0.9*0.9,) -> 21870 | F23: =ROUNDUP(BAR!F23*0.9*0.9,) -> 21870 | G23: =ROUNDUP(BAR!G23*0.9*0.9,) -> 20736 | H23: =ROUNDUP(BAR!H23*0.9*0.9,) -> 20736 | I23: =ROUNDUP(BAR!I23*0.9*0.9,) -> 20736 | ... GW23: =ROUNDUP(BAR!GW23*0.9*0.9,) -> 26973
A24: 4 | B24: =ROUNDUP(BAR!B24*0.9*0.9,) -> 21465 | C24: =ROUNDUP(BAR!C24*0.9*0.9,) -> 21060 | D24: =ROUNDUP(BAR!D24*0.9*0.9,) -> 21870 | E24: =ROUNDUP(BAR!E24*0.9*0.9,) -> 21870 | F24: =ROUNDUP(BAR!F24*0.9*0.9,) -> 21870 | G24: =ROUNDUP(BAR!G24*0.9*0.9,) -> 20736 | H24: =ROUNDUP(BAR!H24*0.9*0.9,) -> 20736 | I24: =ROUNDUP(BAR!I24*0.9*0.9,) -> 20736 | ... GW24: =ROUNDUP(BAR!GW24*0.9*0.9,) -> 26973
A25: ВАЖНО:
A26: Доступен для бронирования от 7 до 14 дней до заезда.
A27: Даты тарифа (включительно):
A28: Период продажи: 20.03.2026 - 30.03.2027 Период проживания: 20.03.2026 - 31.03.2027
A29: Закрытые даты (включительно):
A30: 30.12.2026 - 08.01.2027
A31: В стоимость включено:
A32: Завтрак по системе "Шведский стол"; Посещение СПА-центра и тренажерного зала отеля; Бесплатная парковка на Поляне 960; Подъем на канатной дороге до Поляны 960; Бесплатный Wi-Fi на территории всего отеля; Комната для хранения горнолыжного оборудования
A33: Условия аннуляции:
A34: Для оформления бронирования необходимо внести 100% предоплату в размере полной стоимости проживания. В случае отмены или изменения бронирования после 00:00 часов дня заезда удерживается стоимость первых суток.

Sheet РБ15% FIT15
A1: Панорама by Mercure Красная Поляна 4*
A2: Тариф "Раннее бронирование со скидкой 15%, завтрак включен"
A3: Нетто тарифы
A4: завтраки формата "Шведский стол" | B4: 46274 | C4: 46275 | D4: 46276 | E4: 46277 | F4: 46278 | G4: 46279 | H4: 46280 | I4: 46281 | J4: 46282 | K4: 46283 | L4: 46284 | M4: 46285 | N4: 46286 | O4: 46287 | P4: 46288 | Q4: 46289 | R4: 46290 | S4: 46291 | T4: 46292 | U4: 46293 | V4: 46294 | W4: 46295 | X4: 46296 | Y4: 46297 | Z4: 46298 | AA4: 46299 | AB4: 46300 | AC4: 46301 | AD4: 46302 | AE4: 46303 | AF4: 46304 | AG4: 46305 | AH4: 46306 | AI4: 46307 | AJ4: 46308 | AK4: 46309 | AL4: 46310 | AM4: 46311 | AN4: 46312 | AO4: 46313 | AP4: 46314 | AQ4: 46315 | AR4: 46316 | AS4: 46317 | AT4: 46318 | AU4: 46319 | AV4: 46320 | AW4: 46321 | AX4: 46322 | AY4: 46323 | AZ4: 46324 | BA4: 46325 | BB4: 46326 | BC4: 46327 | BD4: 46328 | BE4: 46329 | BF4: 46330 | BG4: 46331 | BH4: 46332 | BI4: 46333 | BJ4: 46334 | BK4: 46335 | BL4: 46336 | BM4: 46337 | BN4: 46338 | BO4: 46339 | BP4: 46340 | BQ4: 46341 | BR4: 46342 | BS4: 46343 | BT4: 46344 | BU4: 46345 | BV4: 46346 | BW4: 46347 | BX4: 46348 | BY4: 46349 | BZ4: 46350 | CA4: 46351 | CB4: 46352 | CC4: 46353 | CD4: 46354 | CE4: 46355 | CF4: 46356 | CG4: 46357 | CH4: 46358 | CI4: 46359 | CJ4: 46360 | CK4: 46361 | CL4: 46362 | CM4: 46363 | CN4: 46364 | CO4: 46365 | CP4: 46366 | CQ4: 46367 | CR4: 46368 | CS4: 46369 | CT4: 46370 | CU4: 46371 | CV4: 46372 | CW4: 46373 | CX4: 46374 | CY4: 46375 | CZ4: 46376 | DA4: 46377 | DB4: 46378 | DC4: 46379 | DD4: 46380 | DE4: 46381 | DF4: 46382 | DG4: 46383 | DH4: 46384 | DI4: 46385 | DJ4: 46386 | DK4: 46387 | DL4: 46388 | DM4: 46389 | DN4: 46390 | DO4: 46391 | DP4: 46392 | DQ4: 46393 | DR4: 46394 | DS4: 46395 | DT4: 46396 | DU4: 46397 | DV4: 46398 | DW4: 46399 | DX4: 46400 | DY4: 46401 | DZ4: 46402 | EA4: 46403 | EB4: 46404 | EC4: 46405 | ED4: 46406 | EE4: 46407 | EF4: 46408 | EG4: 46409 | EH4: 46410 | EI4: 46411 | EJ4: 46412 | EK4: 46413 | EL4: 46414 | EM4: 46415 | EN4: 46416 | EO4: 46417 | EP4: 46418 | EQ4: 46419 | ER4: 46420 | ES4: 46421 | ET4: 46422 | EU4: 46423 | EV4: 46424 | EW4: 46425 | EX4: 46426 | EY4: 46427 | EZ4: 46428 | FA4: 46429 | FB4: 46430 | FC4: 46431 | FD4: 46432 | FE4: 46433 | FF4: 46434 | FG4: 46435 | FH4: 46436 | FI4: 46437 | FJ4: 46438 | FK4: 46439 | FL4: 46440 | FM4: 46441 | FN4: 46442 | FO4: 46443 | FP4: 46444 | FQ4: 46445 | FR4: 46446 | FS4: 46447 | FT4: 46448 | FU4: 46449 | FV4: 46450 | FW4: 46451 | FX4: 46452 | FY4: 46453 | FZ4: 46454 | GA4: 46455 | GB4: 46456 | GC4: 46457 | GD4: 46458 | GE4: 46459 | GF4: 46460 | GG4: 46461 | GH4: 46462 | GI4: 46463 | GJ4: 46464 | GK4: 46465 | GL4: 46466 | GM4: 46467 | GN4: 46468 | GO4: 46469 | GP4: 46470 | GQ4: 46471 | GR4: 46472 | GS4: 46473 | GT4: 46474 | GU4: 46475 | GV4: 46476 | GW4: 46477
A5: Классический номер с двуспальной кроватью, Классический номер с 2 односпальными кроватями
A6: 1 | B6: =ROUNDUP('РБ15%'!B6*0.9,) -> 6503 | C6: =ROUNDUP('РБ15%'!C6*0.9,) -> 6120 | D6: =ROUNDUP('РБ15%'!D6*0.9,) -> 6885 | E6: =ROUNDUP('РБ15%'!E6*0.9,) -> 6885 | F6: =ROUNDUP('РБ15%'!F6*0.9,) -> 6885 | G6: =ROUNDUP('РБ15%'!G6*0.9,) -> 5814 | H6: =ROUNDUP('РБ15%'!H6*0.9,) -> 5814 | I6: =ROUNDUP('РБ15%'!I6*0.9,) -> 5814 | ... GW6: =ROUNDUP('РБ15%'!GW6*0.9,) -> 10098
A7: 2 | B7: =ROUNDUP('РБ15%'!B7*0.9,) -> 7918 | C7: =ROUNDUP('РБ15%'!C7*0.9,) -> 7536 | D7: =ROUNDUP('РБ15%'!D7*0.9,) -> 8301 | E7: =ROUNDUP('РБ15%'!E7*0.9,) -> 8301 | F7: =ROUNDUP('РБ15%'!F7*0.9,) -> 8301 | G7: =ROUNDUP('РБ15%'!G7*0.9,) -> 7230 | H7: =ROUNDUP('РБ15%'!H7*0.9,) -> 7230 | I7: =ROUNDUP('РБ15%'!I7*0.9,) -> 7230 | ... GW7: =ROUNDUP('РБ15%'!GW7*0.9,) -> 11628
A8: Классический улучшенный номер с двуспальной кроватью, Классический улучшенный номер с 2 односпальными кроватями
A9: 1 | B9: =ROUNDUP('РБ15%'!B9*0.9,) -> 8033 | C9: =ROUNDUP('РБ15%'!C9*0.9,) -> 7650 | D9: =ROUNDUP('РБ15%'!D9*0.9,) -> 8415 | E9: =ROUNDUP('РБ15%'!E9*0.9,) -> 8415 | F9: =ROUNDUP('РБ15%'!F9*0.9,) -> 8415 | G9: =ROUNDUP('РБ15%'!G9*0.9,) -> 7344 | H9: =ROUNDUP('РБ15%'!H9*0.9,) -> 7344 | I9: =ROUNDUP('РБ15%'!I9*0.9,) -> 7344 | ... GW9: =ROUNDUP('РБ15%'!GW9*0.9,) -> 11399
A10: 2 | B10: =ROUNDUP('РБ15%'!B10*0.9,) -> 9448 | C10: =ROUNDUP('РБ15%'!C10*0.9,) -> 9066 | D10: =ROUNDUP('РБ15%'!D10*0.9,) -> 9831 | E10: =ROUNDUP('РБ15%'!E10*0.9,) -> 9831 | F10: =ROUNDUP('РБ15%'!F10*0.9,) -> 9831 | G10: =ROUNDUP('РБ15%'!G10*0.9,) -> 8760 | H10: =ROUNDUP('РБ15%'!H10*0.9,) -> 8760 | I10: =ROUNDUP('РБ15%'!I10*0.9,) -> 8760 | ... GW10: =ROUNDUP('РБ15%'!GW10*0.9,) -> 12929
A11: Классический улучшенный номер Комфорт, вид на горы - с 2 односпальными кроватями
A12: 1 | B12: =ROUNDUP('РБ15%'!B12*0.9,) -> 11093 | C12: =ROUNDUP('РБ15%'!C12*0.9,) -> 10710 | D12: =ROUNDUP('РБ15%'!D12*0.9,) -> 11475 | E12: =ROUNDUP('РБ15%'!E12*0.9,) -> 11475 | F12: =ROUNDUP('РБ15%'!F12*0.9,) -> 11475 | G12: =ROUNDUP('РБ15%'!G12*0.9,) -> 10404 | H12: =ROUNDUP('РБ15%'!H12*0.9,) -> 10404 | I12: =ROUNDUP('РБ15%'!I12*0.9,) -> 10404 | ... GW12: =ROUNDUP('РБ15%'!GW12*0.9,) -> 13158
A13: 2 | B13: =ROUNDUP('РБ15%'!B13*0.9,) -> 12508 | C13: =ROUNDUP('РБ15%'!C13*0.9,) -> 12126 | D13: =ROUNDUP('РБ15%'!D13*0.9,) -> 12891 | E13: =ROUNDUP('РБ15%'!E13*0.9,) -> 12891 | F13: =ROUNDUP('РБ15%'!F13*0.9,) -> 12891 | G13: =ROUNDUP('РБ15%'!G13*0.9,) -> 11820 | H13: =ROUNDUP('РБ15%'!H13*0.9,) -> 11820 | I13: =ROUNDUP('РБ15%'!I13*0.9,) -> 11820 | ... GW13: =ROUNDUP('РБ15%'!GW13*0.9,) -> 14688
A14: Номер Привилегия с двуспальной кроватью Номер Привилегия, для маломобильных с двуспальной кроватью
A15: 1 | B15: =ROUNDUP('РБ15%'!B15*0.9,) -> 12240 | C15: =ROUNDUP('РБ15%'!C15*0.9,) -> 11858 | D15: =ROUNDUP('РБ15%'!D15*0.9,) -> 12623 | E15: =ROUNDUP('РБ15%'!E15*0.9,) -> 12623 | F15: =ROUNDUP('РБ15%'!F15*0.9,) -> 12623 | G15: =ROUNDUP('РБ15%'!G15*0.9,) -> 11552 | H15: =ROUNDUP('РБ15%'!H15*0.9,) -> 11552 | I15: =ROUNDUP('РБ15%'!I15*0.9,) -> 11552 | ... GW15: =ROUNDUP('РБ15%'!GW15*0.9,) -> 14306
A16: 2 | B16: =ROUNDUP('РБ15%'!B16*0.9,) -> 13656 | C16: =ROUNDUP('РБ15%'!C16*0.9,) -> 13273 | D16: =ROUNDUP('РБ15%'!D16*0.9,) -> 14038 | E16: =ROUNDUP('РБ15%'!E16*0.9,) -> 14038 | F16: =ROUNDUP('РБ15%'!F16*0.9,) -> 14038 | G16: =ROUNDUP('РБ15%'!G16*0.9,) -> 12967 | H16: =ROUNDUP('РБ15%'!H16*0.9,) -> 12967 | I16: =ROUNDUP('РБ15%'!I16*0.9,) -> 12967 | ... GW16: =ROUNDUP('РБ15%'!GW16*0.9,) -> 15836
A17: Номер Привилегия Люкс с двуспальной кроватью, Номер Привилегия Люкс с 2 односпальными кроватями
A18: 1 | B18: =ROUNDUP('РБ15%'!B18*0.9,) -> 13770 | C18: =ROUNDUP('РБ15%'!C18*0.9,) -> 13388 | D18: =ROUNDUP('РБ15%'!D18*0.9,) -> 14153 | E18: =ROUNDUP('РБ15%'!E18*0.9,) -> 14153 | F18: =ROUNDUP('РБ15%'!F18*0.9,) -> 14153 | G18: =ROUNDUP('РБ15%'!G18*0.9,) -> 13082 | H18: =ROUNDUP('РБ15%'!H18*0.9,) -> 13082 | I18: =ROUNDUP('РБ15%'!I18*0.9,) -> 13082 | ... GW18: =ROUNDUP('РБ15%'!GW18*0.9,) -> 16601
A19: 2 | B19: =ROUNDUP('РБ15%'!B19*0.9,) -> 15186 | C19: =ROUNDUP('РБ15%'!C19*0.9,) -> 14803 | D19: =ROUNDUP('РБ15%'!D19*0.9,) -> 15568 | E19: =ROUNDUP('РБ15%'!E19*0.9,) -> 15568 | F19: =ROUNDUP('РБ15%'!F19*0.9,) -> 15568 | G19: =ROUNDUP('РБ15%'!G19*0.9,) -> 14497 | H19: =ROUNDUP('РБ15%'!H19*0.9,) -> 14497 | I19: =ROUNDUP('РБ15%'!I19*0.9,) -> 14497 | ... GW19: =ROUNDUP('РБ15%'!GW19*0.9,) -> 18131
A20: Номер Семейный Люкс с 2 спальнями
A21: 1 | B21: =ROUNDUP('РБ15%'!B21*0.9,) -> 20273 | C21: =ROUNDUP('РБ15%'!C21*0.9,) -> 19890 | D21: =ROUNDUP('РБ15%'!D21*0.9,) -> 20655 | E21: =ROUNDUP('РБ15%'!E21*0.9,) -> 20655 | F21: =ROUNDUP('РБ15%'!F21*0.9,) -> 20655 | G21: =ROUNDUP('РБ15%'!G21*0.9,) -> 19584 | H21: =ROUNDUP('РБ15%'!H21*0.9,) -> 19584 | I21: =ROUNDUP('РБ15%'!I21*0.9,) -> 19584 | ... GW21: =ROUNDUP('РБ15%'!GW21*0.9,) -> 25475
A22: 2 | B22: =ROUNDUP('РБ15%'!B22*0.9,) -> 20273 | C22: =ROUNDUP('РБ15%'!C22*0.9,) -> 19890 | D22: =ROUNDUP('РБ15%'!D22*0.9,) -> 20655 | E22: =ROUNDUP('РБ15%'!E22*0.9,) -> 20655 | F22: =ROUNDUP('РБ15%'!F22*0.9,) -> 20655 | G22: =ROUNDUP('РБ15%'!G22*0.9,) -> 19584 | H22: =ROUNDUP('РБ15%'!H22*0.9,) -> 19584 | I22: =ROUNDUP('РБ15%'!I22*0.9,) -> 19584 | ... GW22: =ROUNDUP('РБ15%'!GW22*0.9,) -> 25475
A23: 3 | B23: =ROUNDUP('РБ15%'!B23*0.9,) -> 20273 | C23: =ROUNDUP('РБ15%'!C23*0.9,) -> 19890 | D23: =ROUNDUP('РБ15%'!D23*0.9,) -> 20655 | E23: =ROUNDUP('РБ15%'!E23*0.9,) -> 20655 | F23: =ROUNDUP('РБ15%'!F23*0.9,) -> 20655 | G23: =ROUNDUP('РБ15%'!G23*0.9,) -> 19584 | H23: =ROUNDUP('РБ15%'!H23*0.9,) -> 19584 | I23: =ROUNDUP('РБ15%'!I23*0.9,) -> 19584 | ... GW23: =ROUNDUP('РБ15%'!GW23*0.9,) -> 25475
A24: 4 | B24: =ROUNDUP('РБ15%'!B24*0.9,) -> 20273 | C24: =ROUNDUP('РБ15%'!C24*0.9,) -> 19890 | D24: =ROUNDUP('РБ15%'!D24*0.9,) -> 20655 | E24: =ROUNDUP('РБ15%'!E24*0.9,) -> 20655 | F24: =ROUNDUP('РБ15%'!F24*0.9,) -> 20655 | G24: =ROUNDUP('РБ15%'!G24*0.9,) -> 19584 | H24: =ROUNDUP('РБ15%'!H24*0.9,) -> 19584 | I24: =ROUNDUP('РБ15%'!I24*0.9,) -> 19584 | ... GW24: =ROUNDUP('РБ15%'!GW24*0.9,) -> 25475
A25: ВАЖНО:
A26: Доступен для бронирования от 15 дней до заезда.
A27: Даты тарифа (включительно):
A28: Период продажи: 20.03.2026 - 30.03.2027 Период проживания: 20.03.2026 - 31.03.2027
A29: В стоимость включено:
A30: Завтрак по системе "Шведский стол"; Посещение СПА-центра и тренажерного зала отеля; Бесплатная парковка на Поляне 960; Подъем на канатной дороге до Поляны 960; Бесплатный Wi-Fi на территории всего отеля; Комната для хранения горнолыжного оборудования
A31: Условия аннуляции:
A32: Для оформления бронирования необходимо внести 100% предоплату в размере полной стоимости проживания. В случае отмены или изменения бронирования после 00:00 часов дня заезда удерживается стоимость первых суток.

Sheet ОиК FIT15 
A1: Панорама by Mercure Красная Поляна 4*
A2: тариф ОТДЫХАЙ и КАТАЙ
A3: Нетто тарифы
A4: завтраки формата "Шведский стол"
A5: Классический номер с двуспальной кроватью, Классический номер с 2 односпальными кроватями
A6: 1
A7: 2
A8: Классический улучшенный номер с двуспальной кроватью, Классический улучшенный номер с 2 односпальными кроватями
A9: 1
A10: 2
A11: Классический улучшенный номер Комфорт, вид на горы - с 2 односпальными кроватями
A12: 1
A13: 2
A14: Номер Привилегия с двуспальной кроватью Номер Привилегия, для маломобильных с двуспальной кроватью
A15: 1
A16: 2
A17: Номер Привилегия Люкс с двуспальной кроватью, Номер Привилегия Люкс с 2 односпальными кроватями
A18: 1
A19: 2
A20: Номер Семейный Люкс с 2 спальнями
A21: 1
A22: 2
A23: 3
A24: 4
A25: ВАЖНО:
A26: Дополнительно на каждый день проживания в стоимость заявки добавляются ски-пассы для каждого взрослого, стоимость: 09.01.2025 - 31.03.2026 включительно - 3500 рублей. 01.04.2026 - 09.05.2026 включительно - 2000 рублей. При размещении дополнительных гостей, также на каждый день проживания добавляются в стоимость заявки ски-пассы на каждого взрослого гостя: 09.01.2025 - 31.03.2026 включительно - 3500 рублей. 01.04.2026 - 09.05.2026 включительно - 2000 рублей.
A27: В Тravelline тариф выгружается с учетом стоимости ски-пассов на каждого взрослого в заявке. В заявки, направляемые вручную по почте, дополнительно на каждый день проживания в стоимость добавляется стоимость ски-пассов для каждого взрослого самостоятельно.
A28: Выдача электронного купона производится при заселении на стойке регистрации. Получить ски-пассы можно в автоматах (пикап-поинтах) у канатных дорог. Возврат средств за неиспользованные ски-пассы не производится. Тариф включает ски-пассы только для взрослых гостей. Детские ски-пассы приобретаются в кассе курорта или на стойке «Чем заняться» за 1 рубль.
A29: Даты тарифа:
A30: Период продажи: 31.10.2025 - 09.05.2026 Период проживания: 09.01.2026 - 10.05.2026
A31: В стоимость включено:
A32: Проживание в номере выбранной категории со скидкой 10%; Ски-пасс "Дневной взрослый" со скидкой 50% на весь период проживания (от открытой стоимости krasnayapolyanaresort.ru);* Завтрак по системе "Шведский стол"; Посещение СПА-центра и тренажерного зала отеля; Бесплатная парковка на Поляне 960; Подъем на канатной дороге до Поляны 960; Бесплатный Wi-Fi на территории всего отеля; Комната для хранения горнолыжного оборудования *Количество ски-пассов равно количеству ночей проживания
A33: Дополнительно в стоимость включено с 08.04.2026:
A34: Скидка 15% на все массажи и спа-процедуры во всех СПА Курорта (Mövenpick5*, Novotel Resort&Spa 5*, Rixos 5* и Marriott 5*, с 13.04.26 в отеле Panorama by Mercure 4*); Скидка 30% на меню и напитки ресторана «Вершина» (2200 м); Скидка 25% на разовый визит в СПА Novotel Resort&Spa 5* с открытым бассейном; Аренда малого банного комплекса с 9:00 до 11:00 (не более 5 гостей) - до 5 авторских процедур в подарок «Ритуал Воздуха» или «Сила Стихий»; Разовое посещение большого банного комплекса от 4 000р./взр и детский тариф со скидкой 50% от стоимости тарифа для взрослых (Посещение не входит в стоимость, оплачивается дополнительно). Подробная информация о предоставлении услуг в Службе поддержки Курорта: тел. 8 800 550 20 20 e-mail: infocenter@kpresort.ru. Услуги предложения действуют только в период проживания и предоставляются однократно, согласно условиям в купонной книге. Купонная книга выдается при заселении из расчета: 1 номер = 1 книга. Предложение ограничено и не комбинируется с другими действующими акциями отеля. НАО «Красная поляна» оставляет за собой право изменять услуги в составе пакета. Предоставление услуг может зависеть от высокой загрузки СПА и банного комплекса.
A35: Условия аннуляции:
A36: В случае отмены или изменения бронирования после 00:00 часов дня заезда удерживается стоимость первых суток.
... A38: Ежегодные регламентные работы на канатных дорогах курорта Красная Поляна пройдут с 16 марта по 24 июня 2026 года. С 10 по 31 мая будут закрыты канатные дороги Центрального сектора: («Красная Поляна» 540-960 м, «Реликтовый лес» 960-1460 м, «Вершина» 1460-2200 м, «Аибга» 2200-2050 м, «Черная Пирамида» 2050-2300 м). На время регламентных работ между уровнями 540-960 м будут курсировать шаттлы курорта. С 16 марта по 24 апреля будет закрыта канатная дорога Восточного сектора К‑13 «Водопад Поликаря. С 1 апреля по 24 апреля будут закрыты канатные дороги К‑10 «Восточный лес» и К‑12 «Старт чемпиона». К‑8 «Снежная звезда»: закрыта с 1 по 24 июня.

Sheet СП FIT15
A1: Панорама by Mercure Красная Поляна 4*
A2: Отель и Сочи Парк (Проживание + билет в Сочи Парк)
A3: Нетто тарифы
A4: завтраки формата "Шведский стол" | B4: =BAR!#REF! -> #REF!
A5: Классический номер с двуспальной кроватью, Классический номер с 2 односпальными кроватями
A6: 1 | B6: =ROUNDUP(СП!B6*0.9,) -> #REF!
A7: 2 | B7: =ROUNDUP(СП!B7*0.9,) -> #REF!
A8: Классический улучшенный номер с двуспальной кроватью, Классический улучшенный номер с 2 односпальными кроватями
A9: 1 | B9: =ROUNDUP(СП!B9*0.9,) -> #REF!
A10: 2 | B10: =ROUNDUP(СП!B10*0.9,) -> #REF!
A11: Классический улучшенный номер Комфорт, вид на горы - с 2 односпальными кроватями
A12: 1 | B12: =ROUNDUP(СП!B12*0.9,) -> #REF!
A13: 2 | B13: =ROUNDUP(СП!B13*0.9,) -> #REF!
A14: Номер Привилегия с двуспальной кроватью Номер Привилегия, для маломобильных с двуспальной кроватью
A15: 1 | B15: =ROUNDUP(СП!B15*0.9,) -> #REF!
A16: 2 | B16: =ROUNDUP(СП!B16*0.9,) -> #REF!
A17: Номер Привилегия Люкс с двуспальной кроватью, Номер Привилегия Люкс с 2 односпальными кроватями
A18: 1 | B18: =ROUNDUP(СП!B18*0.9,) -> #REF!
A19: 2 | B19: =ROUNDUP(СП!B19*0.9,) -> #REF!
A20: Номер Семейный Люкс с 2 спальнями
A21: 1 | B21: =ROUNDUP(СП!B21*0.9,) -> #REF!
A22: 2 | B22: =ROUNDUP(СП!B22*0.9,) -> #REF!
A23: 3 | B23: =ROUNDUP(СП!B23*0.9,) -> #REF!
A24: 4 | B24: =ROUNDUP(СП!B24*0.9,) -> #REF!
A25: ВАЖНО:
A26: Дополнительно единоразово за каждого взрослого и каждого ребенка с 7 лет к стоимости тарифа добавляется 1275руб.
A27: Даты тарифа:
A28: Даты бронирования: 13.02-22.04.26 вкл-но Даты проживания: 13.02-24.04.26 вкл-но.
A29: Тариф включает:
A30: Завтрак по системе "Шведский стол"; Билет в Сочи Парк (единоразовое посещение парка)* Посещение СПА-центра и тренажерного зала отеля; Бесплатная парковка на Поляне 960; Подъем на канатной дороге до Поляны 960; Бесплатный Wi-Fi на территории всего отеля; Комната для хранения горнолыжного оборудования
A31: Условия аннуляции:
A32: В случае отмены или изменения бронирования после 00:00 часов дня заезда удерживается стоимость первых суток.
A33: Дополнительная информация:
A34: • Билет в парк предоставляется один раз для всех проживающих гостей от 7-ми лет. В случае размещения дополнительных гостей, не указанных в бронировании, все услуги для них приобретаются отдельно по открытой стоимости в Сочи Парке. • Воспользоваться данной услугой возможно только в период проживания. Билеты в Сочи Парк предоставляются в бумажном виде на стойке приема и размещения в день заселения. • До 7-ми лет гости посещают парк без билета, при условии сопровождения взрослого от 18-ти лет с действительным билетом по тарифу «Сочи Парк КП» и предъявления при входе в парк документа, подтверждающего возраст ребёнка. Предоставление документов допускается в электронном виде. Каждый взрослый от 18 лет с билетом по тарифу «Сочи Парк КП» имеет право сопровождать не более 3-х гостей до 6 лет включительно. • Аттракционы Сочи Парка работают в зависимости от погодных условий. С подробной афишей можно ознакомиться на sochipark.ru • При предъявлении билета можно выходить из парка и повторно входить в течение дня. • Дополнительный тариф, доступный в продаже только в кассе парка: «Льготный» – инвалидам только 1 группы, детям-инвалидам, гостям старше 65 лет. Все льготы предоставляются только по предъявлению соответствующих документов. • Тематический парк "Сочи Парк" находится по адресу: г. Сочи, Олимпийский просп., 21, режим работы с 10:00 до 22:00.
A35: Регламентные работы:
A36: Ежегодные регламентные работы на канатных дорогах курорта Красная Поляна пройдут с 16 марта по 24 июня 2026 года. С 10 по 31 мая будут закрыты канатные дороги Центрального сектора: («Красная Поляна» 540-960 м, «Реликтовый лес» 960-1460 м, «Вершина» 1460-2200 м, «Аибга» 2200-2050 м, «Черная Пирамида» 2050-2300 м). На время регламентных работ между уровнями 540-960 м будут курсировать шаттлы курорта. С 16 марта по 24 апреля будет закрыта канатная дорога Восточного сектора К‑13 «Водопад Поликаря. С 1 апреля по 24 апреля будут закрыты канатные дороги К‑10 «Восточный лес» и К‑12 «Старт чемпиона». К‑8 «Снежная звезда»: закрыта с 1 по 24 июня.

Sheet ТЧК FIT15
A1: Панорама by Mercure Красная Поляна 4*
A2: ТОЧКА ПРИТЯЖЕНИЯ
A3: Нетто тарифы
A4: завтраки формата "Шведский стол" | B4: 46215 | C4: 46216 | D4: 46217 | E4: 46218 | F4: 46219 | G4: 46220 | H4: 46221 | I4: 46222 | J4: 46223 | K4: 46224 | L4: 46225 | M4: 46226 | N4: 46227 | O4: 46228 | P4: 46229 | Q4: 46230 | R4: 46231 | S4: 46232 | T4: 46233 | U4: 46234 | V4: 46235 | W4: 46236 | X4: 46237 | Y4: 46238 | Z4: 46239 | AA4: 46240 | AB4: 46241 | AC4: 46242 | AD4: 46243 | AE4: 46244 | AF4: 46245 | AG4: 46246 | AH4: 46247 | AI4: 46248 | AJ4: 46249 | AK4: 46250 | AL4: 46251 | AM4: 46252 | AN4: 46253 | AO4: 46254 | AP4: 46255 | AQ4: 46256 | AR4: 46257 | AS4: 46258 | AT4: 46259 | AU4: 46260 | AV4: 46261 | AW4: 46262 | AX4: 46263 | AY4: 46264 | AZ4: 46265
A5: Классический номер с двуспальной кроватью, Классический номер с 2 односпальными кроватями
A6: 1 | B6: =ТЧК!B6*0.9 -> #REF! | C6: =ТЧК!C6*0.9 -> #REF! | D6: =ТЧК!D6*0.9 -> #REF! | E6: =ТЧК!E6*0.9 -> #REF! | F6: =ТЧК!F6*0.9 -> #REF! | G6: =ТЧК!G6*0.9 -> #REF! | H6: =ТЧК!H6*0.9 -> #REF! | I6: =ТЧК!I6*0.9 -> #REF! | ... AZ6: =ТЧК!AZ6*0.9 -> #REF!
A7: 2 | B7: =ТЧК!B7*0.9 -> #REF! | C7: =ТЧК!C7*0.9 -> #REF! | D7: =ТЧК!D7*0.9 -> #REF! | E7: =ТЧК!E7*0.9 -> #REF! | F7: =ТЧК!F7*0.9 -> #REF! | G7: =ТЧК!G7*0.9 -> #REF! | H7: =ТЧК!H7*0.9 -> #REF! | I7: =ТЧК!I7*0.9 -> #REF! | ... AZ7: =ТЧК!AZ7*0.9 -> #REF!
A8: Классический улучшенный номер с двуспальной кроватью, Классический улучшенный номер с 2 односпальными кроватями
A9: 1 | B9: =ТЧК!B9*0.9 -> #REF! | C9: =ТЧК!C9*0.9 -> #REF! | D9: =ТЧК!D9*0.9 -> #REF! | E9: =ТЧК!E9*0.9 -> #REF! | F9: =ТЧК!F9*0.9 -> #REF! | G9: =ТЧК!G9*0.9 -> #REF! | H9: =ТЧК!H9*0.9 -> #REF! | I9: =ТЧК!I9*0.9 -> #REF! | ... AZ9: =ТЧК!AZ9*0.9 -> #REF!
A10: 2 | B10: =ТЧК!B10*0.9 -> #REF! | C10: =ТЧК!C10*0.9 -> #REF! | D10: =ТЧК!D10*0.9 -> #REF! | E10: =ТЧК!E10*0.9 -> #REF! | F10: =ТЧК!F10*0.9 -> #REF! | G10: =ТЧК!G10*0.9 -> #REF! | H10: =ТЧК!H10*0.9 -> #REF! | I10: =ТЧК!I10*0.9 -> #REF! | ... AZ10: =ТЧК!AZ10*0.9 -> #REF!
A11: Классический улучшенный номер Комфорт, вид на горы - с 2 односпальными кроватями
A12: 1 | B12: =ТЧК!B12*0.9 -> #REF! | C12: =ТЧК!C12*0.9 -> #REF! | D12: =ТЧК!D12*0.9 -> #REF! | E12: =ТЧК!E12*0.9 -> #REF! | F12: =ТЧК!F12*0.9 -> #REF! | G12: =ТЧК!G12*0.9 -> #REF! | H12: =ТЧК!H12*0.9 -> #REF! | I12: =ТЧК!I12*0.9 -> #REF! | ... AZ12: =ТЧК!AZ12*0.9 -> #REF!
A13: 2 | B13: =ТЧК!B13*0.9 -> #REF! | C13: =ТЧК!C13*0.9 -> #REF! | D13: =ТЧК!D13*0.9 -> #REF! | E13: =ТЧК!E13*0.9 -> #REF! | F13: =ТЧК!F13*0.9 -> #REF! | G13: =ТЧК!G13*0.9 -> #REF! | H13: =ТЧК!H13*0.9 -> #REF! | I13: =ТЧК!I13*0.9 -> #REF! | ... AZ13: =ТЧК!AZ13*0.9 -> #REF!
A14: Номер Привилегия с двуспальной кроватью Номер Привилегия, для маломобильных с двуспальной кроватью
A15: 1 | B15: =ТЧК!B15*0.9 -> #REF! | C15: =ТЧК!C15*0.9 -> #REF! | D15: =ТЧК!D15*0.9 -> #REF! | E15: =ТЧК!E15*0.9 -> #REF! | F15: =ТЧК!F15*0.9 -> #REF! | G15: =ТЧК!G15*0.9 -> #REF! | H15: =ТЧК!H15*0.9 -> #REF! | I15: =ТЧК!I15*0.9 -> #REF! | ... AZ15: =ТЧК!AZ15*0.9 -> #REF!
A16: 2 | B16: =ТЧК!B16*0.9 -> #REF! | C16: =ТЧК!C16*0.9 -> #REF! | D16: =ТЧК!D16*0.9 -> #REF! | E16: =ТЧК!E16*0.9 -> #REF! | F16: =ТЧК!F16*0.9 -> #REF! | G16: =ТЧК!G16*0.9 -> #REF! | H16: =ТЧК!H16*0.9 -> #REF! | I16: =ТЧК!I16*0.9 -> #REF! | ... AZ16: =ТЧК!AZ16*0.9 -> #REF!
A17: Номер Привилегия Люкс с двуспальной кроватью, Номер Привилегия Люкс с 2 односпальными кроватями
A18: 1 | B18: =ТЧК!B18*0.9 -> #REF! | C18: =ТЧК!C18*0.9 -> #REF! | D18: =ТЧК!D18*0.9 -> #REF! | E18: =ТЧК!E18*0.9 -> #REF! | F18: =ТЧК!F18*0.9 -> #REF! | G18: =ТЧК!G18*0.9 -> #REF! | H18: =ТЧК!H18*0.9 -> #REF! | I18: =ТЧК!I18*0.9 -> #REF! | ... AZ18: =ТЧК!AZ18*0.9 -> #REF!
A19: 2 | B19: =ТЧК!B19*0.9 -> #REF! | C19: =ТЧК!C19*0.9 -> #REF! | D19: =ТЧК!D19*0.9 -> #REF! | E19: =ТЧК!E19*0.9 -> #REF! | F19: =ТЧК!F19*0.9 -> #REF! | G19: =ТЧК!G19*0.9 -> #REF! | H19: =ТЧК!H19*0.9 -> #REF! | I19: =ТЧК!I19*0.9 -> #REF! | ... AZ19: =ТЧК!AZ19*0.9 -> #REF!
A20: Номер Семейный Люкс с 2 спальнями
A21: 1 | B21: =ТЧК!B21*0.9 -> #REF! | C21: =ТЧК!C21*0.9 -> #REF! | D21: =ТЧК!D21*0.9 -> #REF! | E21: =ТЧК!E21*0.9 -> #REF! | F21: =ТЧК!F21*0.9 -> #REF! | G21: =ТЧК!G21*0.9 -> #REF! | H21: =ТЧК!H21*0.9 -> #REF! | I21: =ТЧК!I21*0.9 -> #REF! | ... AZ21: =ТЧК!AZ21*0.9 -> #REF!
A22: 2 | B22: =ТЧК!B22*0.9 -> #REF! | C22: =ТЧК!C22*0.9 -> #REF! | D22: =ТЧК!D22*0.9 -> #REF! | E22: =ТЧК!E22*0.9 -> #REF! | F22: =ТЧК!F22*0.9 -> #REF! | G22: =ТЧК!G22*0.9 -> #REF! | H22: =ТЧК!H22*0.9 -> #REF! | I22: =ТЧК!I22*0.9 -> #REF! | ... AZ22: =ТЧК!AZ22*0.9 -> #REF!
A23: 3 | B23: =ТЧК!B23*0.9 -> #REF! | C23: =ТЧК!C23*0.9 -> #REF! | D23: =ТЧК!D23*0.9 -> #REF! | E23: =ТЧК!E23*0.9 -> #REF! | F23: =ТЧК!F23*0.9 -> #REF! | G23: =ТЧК!G23*0.9 -> #REF! | H23: =ТЧК!H23*0.9 -> #REF! | I23: =ТЧК!I23*0.9 -> #REF! | ... AZ23: =ТЧК!AZ23*0.9 -> #REF!
A24: 4 | B24: =ТЧК!B24*0.9 -> #REF! | C24: =ТЧК!C24*0.9 -> #REF! | D24: =ТЧК!D24*0.9 -> #REF! | E24: =ТЧК!E24*0.9 -> #REF! | F24: =ТЧК!F24*0.9 -> #REF! | G24: =ТЧК!G24*0.9 -> #REF! | H24: =ТЧК!H24*0.9 -> #REF! | I24: =ТЧК!I24*0.9 -> #REF! | ... AZ24: =ТЧК!AZ24*0.9 -> #REF!
A25: Даты тарифа (включительно):
A26: Период продажи: 17.06.2026 - 29.06.2026 Период проживания: 12.07.2026 - 31.08.2026
A27: Ограничения:
A28: Минимальный срок проживания - 2 ночи
A29: В стоимость включено:
A30: 🔸Скидка 30% на проживание; 🔸Завтрак Шведский стол; 🔸Бесплатный Wi-Fi на территории всего отеля; 🔸Посещение СПА-центра и тренажерного зала отеля; 🔸Подъем на канатной дороге до Поляны 960; 🔸Бесплатная парковка на Поляне 960; 🔸Прогулочный билет на все открытые канатные дороги для всех гостей в бронировании (предоставляется один раз во время проживания). 🔸Скидка 15% на меню в ресторане (-ах) отеля (на весь чек, на все время проживания)
A31: Условия аннуляции:
A32: В случае отмены или изменения бронирования после 00:00 часов дня заезда удерживается стоимость первых суток.
A33: Пропуск "Сочинский национальный парк":
A34: Территория Курорта Красная поляна является особо охраняемой природной территорией "Сочинский национальный парк". При подъёме выше отметки +960 и при прогулках по экотропам Курорта, вам необходимо оформить пропуск. *Детям дошкольного и школьного возраста, гостям пенсионного возраста - приобретают льготный билет (0Р) в кассе Сочинского национального парка, на высоте 960 Купить пропуск в национальный парк https://npsochi.ru/tickets/ Ознакомиться с правилами Сочинского национального парка https://npsochi.ru/rules/

Sheet НсЛ FIT15
A1: Панорама by Mercure Красная Поляна 4*
A2: тариф НАПОЛНИ СВОЕ ЛЕТО
A3: Нетто тарифы
A4: завтраки формата "Шведский стол" | B4: 46274 | C4: 46275 | D4: 46276 | E4: 46277 | F4: 46278 | G4: 46279 | H4: 46280 | I4: 46281 | J4: 46282 | K4: 46283 | L4: 46284 | M4: 46285 | N4: 46286 | O4: 46287 | P4: 46288 | Q4: 46289 | R4: 46290 | S4: 46291 | T4: 46292 | U4: 46293 | V4: 46294 | W4: 46295
A5: Классический номер с двуспальной кроватью, Классический номер с 2 односпальными кроватями
A6: 1 | B6: =НсЛ!B6*0.9 -> 6885 | C6: =НсЛ!C6*0.9 -> 6480 | D6: =НсЛ!D6*0.9 -> 7290 | E6: =НсЛ!E6*0.9 -> 7290 | F6: =НсЛ!F6*0.9 -> 7290 | G6: =НсЛ!G6*0.9 -> 6156 | H6: =НсЛ!H6*0.9 -> 6156 | I6: =НсЛ!I6*0.9 -> 6156 | ... W6: =НсЛ!W6*0.9 -> 5670
A7: 2 | B7: =НсЛ!B7*0.9 -> 8383.5 | C7: =НсЛ!C7*0.9 -> 7978.5 | D7: =НсЛ!D7*0.9 -> 8788.5 | E7: =НсЛ!E7*0.9 -> 8788.5 | F7: =НсЛ!F7*0.9 -> 8788.5 | G7: =НсЛ!G7*0.9 -> 7654.5 | H7: =НсЛ!H7*0.9 -> 7654.5 | I7: =НсЛ!I7*0.9 -> 7654.5 | ... W7: =НсЛ!W7*0.9 -> 7168.5
A8: Классический улучшенный номер с двуспальной кроватью, Классический улучшенный номер с 2 односпальными кроватями
A9: 1 | B9: =НсЛ!B9*0.9 -> 8505 | C9: =НсЛ!C9*0.9 -> 8100 | D9: =НсЛ!D9*0.9 -> 8910 | E9: =НсЛ!E9*0.9 -> 8910 | F9: =НсЛ!F9*0.9 -> 8910 | G9: =НсЛ!G9*0.9 -> 7776 | H9: =НсЛ!H9*0.9 -> 7776 | I9: =НсЛ!I9*0.9 -> 7776 | ... W9: =НсЛ!W9*0.9 -> 7290
A10: 2 | B10: =НсЛ!B10*0.9 -> 10003.5 | C10: =НсЛ!C10*0.9 -> 9598.5 | D10: =НсЛ!D10*0.9 -> 10408.5 | E10: =НсЛ!E10*0.9 -> 10408.5 | F10: =НсЛ!F10*0.9 -> 10408.5 | G10: =НсЛ!G10*0.9 -> 9274.5 | H10: =НсЛ!H10*0.9 -> 9274.5 | I10: =НсЛ!I10*0.9 -> 9274.5 | ... W10: =НсЛ!W10*0.9 -> 8788.5
A11: Классический улучшенный номер Комфорт, вид на горы - с 2 односпальными кроватями
A12: 1 | B12: =НсЛ!B12*0.9 -> 11745 | C12: =НсЛ!C12*0.9 -> 11340 | D12: =НсЛ!D12*0.9 -> 12150 | E12: =НсЛ!E12*0.9 -> 12150 | F12: =НсЛ!F12*0.9 -> 12150 | G12: =НсЛ!G12*0.9 -> 11016 | H12: =НсЛ!H12*0.9 -> 11016 | I12: =НсЛ!I12*0.9 -> 11016 | ... W12: =НсЛ!W12*0.9 -> 10530
A13: 2 | B13: =НсЛ!B13*0.9 -> 13243.5 | C13: =НсЛ!C13*0.9 -> 12838.5 | D13: =НсЛ!D13*0.9 -> 13648.5 | E13: =НсЛ!E13*0.9 -> 13648.5 | F13: =НсЛ!F13*0.9 -> 13648.5 | G13: =НсЛ!G13*0.9 -> 12514.5 | H13: =НсЛ!H13*0.9 -> 12514.5 | I13: =НсЛ!I13*0.9 -> 12514.5 | ... W13: =НсЛ!W13*0.9 -> 12028.5
A14: Номер Привилегия с двуспальной кроватью Номер Привилегия, для маломобильных с двуспальной кроватью
A15: 1 | B15: =НсЛ!B15*0.9 -> 12960 | C15: =НсЛ!C15*0.9 -> 12555 | D15: =НсЛ!D15*0.9 -> 13365 | E15: =НсЛ!E15*0.9 -> 13365 | F15: =НсЛ!F15*0.9 -> 13365 | G15: =НсЛ!G15*0.9 -> 12231 | H15: =НсЛ!H15*0.9 -> 12231 | I15: =НсЛ!I15*0.9 -> 12231 | ... W15: =НсЛ!W15*0.9 -> 11745
A16: 2 | B16: =НсЛ!B16*0.9 -> 14458.5 | C16: =НсЛ!C16*0.9 -> 14053.5 | D16: =НсЛ!D16*0.9 -> 14863.5 | E16: =НсЛ!E16*0.9 -> 14863.5 | F16: =НсЛ!F16*0.9 -> 14863.5 | G16: =НсЛ!G16*0.9 -> 13729.5 | H16: =НсЛ!H16*0.9 -> 13729.5 | I16: =НсЛ!I16*0.9 -> 13729.5 | ... W16: =НсЛ!W16*0.9 -> 13243.5
A17: Номер Привилегия Люкс с двуспальной кроватью, Номер Привилегия Люкс с 2 односпальными кроватями
A18: 1 | B18: =НсЛ!B18*0.9 -> 14580 | C18: =НсЛ!C18*0.9 -> 14175 | D18: =НсЛ!D18*0.9 -> 14985 | E18: =НсЛ!E18*0.9 -> 14985 | F18: =НсЛ!F18*0.9 -> 14985 | G18: =НсЛ!G18*0.9 -> 13851 | H18: =НсЛ!H18*0.9 -> 13851 | I18: =НсЛ!I18*0.9 -> 13851 | ... W18: =НсЛ!W18*0.9 -> 13365
A19: 2 | B19: =НсЛ!B19*0.9 -> 16078.5 | C19: =НсЛ!C19*0.9 -> 15673.5 | D19: =НсЛ!D19*0.9 -> 16483.5 | E19: =НсЛ!E19*0.9 -> 16483.5 | F19: =НсЛ!F19*0.9 -> 16483.5 | G19: =НсЛ!G19*0.9 -> 15349.5 | H19: =НсЛ!H19*0.9 -> 15349.5 | I19: =НсЛ!I19*0.9 -> 15349.5 | ... W19: =НсЛ!W19*0.9 -> 14863.5
A20: Номер Семейный Люкс с 2 спальнями
A21: 1 | B21: =НсЛ!B21*0.9 -> 21465 | C21: =НсЛ!C21*0.9 -> 21060 | D21: =НсЛ!D21*0.9 -> 21870 | E21: =НсЛ!E21*0.9 -> 21870 | F21: =НсЛ!F21*0.9 -> 21870 | G21: =НсЛ!G21*0.9 -> 20736 | H21: =НсЛ!H21*0.9 -> 20736 | I21: =НсЛ!I21*0.9 -> 20736 | ... W21: =НсЛ!W21*0.9 -> 20250
A22: 2 | B22: =НсЛ!B22*0.9 -> 21465 | C22: =НсЛ!C22*0.9 -> 21060 | D22: =НсЛ!D22*0.9 -> 21870 | E22: =НсЛ!E22*0.9 -> 21870 | F22: =НсЛ!F22*0.9 -> 21870 | G22: =НсЛ!G22*0.9 -> 20736 | H22: =НсЛ!H22*0.9 -> 20736 | I22: =НсЛ!I22*0.9 -> 20736 | ... W22: =НсЛ!W22*0.9 -> 20250
A23: 3 | B23: =НсЛ!B23*0.9 -> 21465 | C23: =НсЛ!C23*0.9 -> 21060 | D23: =НсЛ!D23*0.9 -> 21870 | E23: =НсЛ!E23*0.9 -> 21870 | F23: =НсЛ!F23*0.9 -> 21870 | G23: =НсЛ!G23*0.9 -> 20736 | H23: =НсЛ!H23*0.9 -> 20736 | I23: =НсЛ!I23*0.9 -> 20736 | ... W23: =НсЛ!W23*0.9 -> 20250
A24: 4 | B24: =НсЛ!B24*0.9 -> 21465 | C24: =НсЛ!C24*0.9 -> 21060 | D24: =НсЛ!D24*0.9 -> 21870 | E24: =НсЛ!E24*0.9 -> 21870 | F24: =НсЛ!F24*0.9 -> 21870 | G24: =НсЛ!G24*0.9 -> 20736 | H24: =НсЛ!H24*0.9 -> 20736 | I24: =НсЛ!I24*0.9 -> 20736 | ... W24: =НсЛ!W24*0.9 -> 20250
A25: ВАЖНО:
A26: Дополнительно ЕДИНОРАЗОВО в стоимость заявки добавляется стоимость за купонную книгу за каждого взрослого гостя (возраст от 13 лет), стоимость - 2650 руб. за гостя и за каждого ребенка от 0-12 лет включительно -1000 рублей за ребенка. При размещении дополнительных взрослых гостей, также ЕДИНОРАЗОВО добавляется в стоимость заявки купонная книга на каждого взрослого гостя - 2650 руб. (возраст от 13 лет) и за каждого ребенка от 0-12 лет включительно -1000 руб. Стоимость купонной книги на всех взрослых и детей просим сразу добавлять в заявку. В системе трэвэллайн тариф указан без учета стоимости купонной книги на взрослых и детей, необходимо добавлять стоимость вручную.
A27: Даты тарифа (включительно):
A28: Период продажи: 17.04.2025 - 29.09.2026 Период проживания: 01.06.2026 - 30.09.2026
A29: В стоимость включено:
A30: Проживание в номере выбранной категории; Завтрак по системе "Шведский стол"; Посещение СПА-центра и тренажерного зала отеля; Бесплатная парковка на Поляне 960; Подъем на канатной дороге до Поляны 960; Бесплатный Wi-Fi на территории всего отеля; Комната для хранения горнолыжного оборудования
A31: В предложение «Наполни свое лето» входят бесплатно (условия предоставления услуг подробно представлены в купонной книге):
A32: ✔Трансфер на побережье Черного моря Пляж Сочи Парк Отеля - по предварительной записи для всех гостей, проживающих в номере. ✔Прогулочные билеты "Панорама Красной Поляны" Для всех гостей с 7 лет, проживающих в номере. Для детей до 6 лет вкл-но билет приобретается в кассе за 1 ₽. ✔Верёвочный парк Прохождение маршрута "Воздушный сноуборд" для взрослых (рост от 140 см) либо маршрута "Маугли" для детей (рост от 110 см до 140 см). Единоразовое посещение во время проживания для всех гостей в номере с 7 лет; ✔Хаски центр Единоразовое посещение для всех гостей, проживающих в номере; ✔Капибары и друзья Единоразовое посещение для всех гостей, проживающих в номере; ✔Скидка 30% на аренду роликов или скейтборда на 1 час. Единоразовое использование для всех гостей, проживающих в номере. Количество оборудования ограничено. Действует в пункте проката на уровне 540.
A33: Дополнительная информация:
A34: Подробная информация о предоставлении услуг в Службе поддержки Курорта: тел. 8 800 550 20 20 e-mail: infocenter@kpresort.ru 🔸 В случае размещения дополнительных гостей, не указанных в бронировании, все услуги для них приобретаются отдельно в отеле. 🔸 Пляжные полотенца предоставляются по предъявлению towel card для всех проживающих гостей. Пляжное оборудование (шезлонг, зонт) предоставляется за дополнительную плату. Количество мест ограничено. 🔸 Пляж функционирует с 01.06.2026-30.09.2026, в график могут быть внесены изменения в зависимости от погодных условий. Трансфер предоставляется ежедневно для всех гостей, проживающих в номере. 🔸 Предварительная запись на трансфер обязательна. Расписание трансфера необходимо уточнять на ресепшн отеля. 🔸Услуги предложения действуют только в период проживания и предоставляются однократно, согласно условиям в Купонной книге. Купонная книга выдается при заселении из расчета: 1 номер = 1 книга. Предложение ограничено и не комбинируется с другими действующими акциями отеля. 🔸 Возврат средств за неиспользованные услуги Купонных книг не производится. НАО «Красная поляна» оставляет за собой право изменять услуги в составе пакета. Предоставление услуг может зависеть от погодных условий и графика работы канатных дорог. 🔸 Согласно приказу МЧС от 1.09.25 г. нахождение на пляжах Федеральной территории Сириус с животными запрещено (за исключением собак-поводырей). Для трансфера -питомцы в переноске разрешены к провозу (если поездка не на пляж).
A35: Условия аннуляции:
A36: В случае отмены или изменения бронирования после 00:00 часов дня заезда удерживается стоимость первых суток.

Sheet HB FIT15
A1: Панорама by Mercure Красная Поляна 4*
A2: ПОЛУПАНСИОН
A3: Открытые тарифы
A4: завтраки "Шведский стол" + ужины (сет-меню или "Шведский стол") | B4: 46274 | C4: 46275 | D4: 46276 | E4: 46277 | F4: 46278 | G4: 46279 | H4: 46280 | I4: 46281 | J4: 46282 | K4: 46283 | L4: 46284 | M4: 46285 | N4: 46286 | O4: 46287 | P4: 46288 | Q4: 46289 | R4: 46290 | S4: 46291 | T4: 46292 | U4: 46293 | V4: 46294 | W4: 46295 | X4: 46296 | Y4: 46297 | Z4: 46298 | AA4: 46299 | AB4: 46300 | AC4: 46301 | AD4: 46302 | AE4: 46303 | AF4: 46304 | AG4: 46305 | AH4: 46306 | AI4: 46307 | AJ4: 46308 | AK4: 46309 | AL4: 46310 | AM4: 46311 | AN4: 46312 | AO4: 46313 | AP4: 46314 | AQ4: 46315 | AR4: 46316 | AS4: 46317 | AT4: 46318 | AU4: 46319 | AV4: 46320 | AW4: 46321 | AX4: 46322 | AY4: 46323 | AZ4: 46324 | BA4: 46325 | BB4: 46326 | BC4: 46327 | BD4: 46328 | BE4: 46329 | BF4: 46330 | BG4: 46331 | BH4: 46332 | BI4: 46333 | BJ4: 46334 | BK4: 46335 | BL4: 46336 | BM4: 46337 | BN4: 46338 | BO4: 46339 | BP4: 46340 | BQ4: 46341 | BR4: 46342 | BS4: 46343 | BT4: 46344 | BU4: 46345 | BV4: 46346 | BW4: 46347 | BX4: 46348 | BY4: 46349 | BZ4: 46350 | CA4: 46351 | CB4: 46352 | CC4: 46353 | CD4: 46354 | CE4: 46355 | CF4: 46356 | CG4: 46357 | CH4: 46358 | CI4: 46359 | CJ4: 46360 | CK4: 46361 | CL4: 46362 | CM4: 46363 | CN4: 46364 | CO4: 46365 | CP4: 46366 | CQ4: 46367 | CR4: 46368 | CS4: 46369 | CT4: 46370 | CU4: 46371 | CV4: 46372 | CW4: 46373 | CX4: 46374 | CY4: 46375 | CZ4: 46376 | DA4: 46377 | DB4: 46378 | DC4: 46379 | DD4: 46380 | DE4: 46381
A5: Классический номер с двуспальной кроватью, Классический номер с 2 односпальными кроватями
A6: 1 | B6: =HB!B6*0.9 -> 7987.5 | C6: =HB!C6*0.9 -> 7605 | D6: =HB!D6*0.9 -> 8370 | E6: =HB!E6*0.9 -> 8370 | F6: =HB!F6*0.9 -> 8370 | G6: =HB!G6*0.9 -> 7299 | H6: =HB!H6*0.9 -> 7299 | I6: =HB!I6*0.9 -> 7299 | ... DE6: =HB!DE6*0.9 -> 8370
A7: 2 | B7: =HB!B7*0.9 -> 10887.75 | C7: =HB!C7*0.9 -> 10505.25 | D7: =HB!D7*0.9 -> 11270.25 | E7: =HB!E7*0.9 -> 11270.25 | F7: =HB!F7*0.9 -> 11270.25 | G7: =HB!G7*0.9 -> 10199.25 | H7: =HB!H7*0.9 -> 10199.25 | I7: =HB!I7*0.9 -> 10199.25 | ... DE7: =HB!DE7*0.9 -> 11270.25
A8: Классический улучшенный номер с двуспальной кроватью, Классический улучшенный номер с 2 односпальными кроватями
A9: 1 | B9: =HB!B9*0.9 -> 9517.5 | C9: =HB!C9*0.9 -> 9135 | D9: =HB!D9*0.9 -> 9900 | E9: =HB!E9*0.9 -> 9900 | F9: =HB!F9*0.9 -> 9900 | G9: =HB!G9*0.9 -> 8829 | H9: =HB!H9*0.9 -> 8829 | I9: =HB!I9*0.9 -> 8829 | ... DE9: =HB!DE9*0.9 -> 9517.5
A10: 2 | B10: =HB!B10*0.9 -> 12417.75 | C10: =HB!C10*0.9 -> 12035.25 | D10: =HB!D10*0.9 -> 12800.25 | E10: =HB!E10*0.9 -> 12800.25 | F10: =HB!F10*0.9 -> 12800.25 | G10: =HB!G10*0.9 -> 11729.25 | H10: =HB!H10*0.9 -> 11729.25 | I10: =HB!I10*0.9 -> 11729.25 | ... DE10: =HB!DE10*0.9 -> 12417.75
A11: Классический улучшенный номер Комфорт, вид на горы - с 2 односпальными кроватями
A12: 1 | B12: =HB!B12*0.9 -> 12577.5 | C12: =HB!C12*0.9 -> 12195 | D12: =HB!D12*0.9 -> 12960 | E12: =HB!E12*0.9 -> 12960 | F12: =HB!F12*0.9 -> 12960 | G12: =HB!G12*0.9 -> 11889 | H12: =HB!H12*0.9 -> 11889 | I12: =HB!I12*0.9 -> 11889 | ... DE12: =HB!DE12*0.9 -> 12195
A13: 2 | B13: =HB!B13*0.9 -> 15477.75 | C13: =HB!C13*0.9 -> 15095.25 | D13: =HB!D13*0.9 -> 15860.25 | E13: =HB!E13*0.9 -> 15860.25 | F13: =HB!F13*0.9 -> 15860.25 | G13: =HB!G13*0.9 -> 14789.25 | H13: =HB!H13*0.9 -> 14789.25 | I13: =HB!I13*0.9 -> 14789.25 | ... DE13: =HB!DE13*0.9 -> 15095.25
A14: Номер Привилегия с двуспальной кроватью Номер Привилегия, для маломобильных с двуспальной кроватью
A15: 1 | B15: =HB!B15*0.9 -> 13725 | C15: =HB!C15*0.9 -> 13342.5 | D15: =HB!D15*0.9 -> 14107.5 | E15: =HB!E15*0.9 -> 14107.5 | F15: =HB!F15*0.9 -> 14107.5 | G15: =HB!G15*0.9 -> 13036.5 | H15: =HB!H15*0.9 -> 13036.5 | I15: =HB!I15*0.9 -> 13036.5 | ... DE15: =HB!DE15*0.9 -> 13342.5
A16: 2 | B16: =HB!B16*0.9 -> 16625.25 | C16: =HB!C16*0.9 -> 16242.75 | D16: =HB!D16*0.9 -> 17007.75 | E16: =HB!E16*0.9 -> 17007.75 | F16: =HB!F16*0.9 -> 17007.75 | G16: =HB!G16*0.9 -> 15936.75 | H16: =HB!H16*0.9 -> 15936.75 | I16: =HB!I16*0.9 -> 15936.75 | ... DE16: =HB!DE16*0.9 -> 16242.75
A17: Номер Привилегия Люкс с двуспальной кроватью, Номер Привилегия Люкс с 2 односпальными кроватями
A18: 1 | B18: =HB!B18*0.9 -> 15255 | C18: =HB!C18*0.9 -> 14872.5 | D18: =HB!D18*0.9 -> 15637.5 | E18: =HB!E18*0.9 -> 15637.5 | F18: =HB!F18*0.9 -> 15637.5 | G18: =HB!G18*0.9 -> 14566.5 | H18: =HB!H18*0.9 -> 14566.5 | I18: =HB!I18*0.9 -> 14566.5 | ... DE18: =HB!DE18*0.9 -> 14490
A19: 2 | B19: =HB!B19*0.9 -> 18155.25 | C19: =HB!C19*0.9 -> 17772.75 | D19: =HB!D19*0.9 -> 18537.75 | E19: =HB!E19*0.9 -> 18537.75 | F19: =HB!F19*0.9 -> 18537.75 | G19: =HB!G19*0.9 -> 17466.75 | H19: =HB!H19*0.9 -> 17466.75 | I19: =HB!I19*0.9 -> 17466.75 | ... DE19: =HB!DE19*0.9 -> 17390.25
A20: Номер Семейный Люкс с 2 спальнями
A21: 1 | B21: =HB!B21*0.9 -> 21757.5 | C21: =HB!C21*0.9 -> 21375 | D21: =HB!D21*0.9 -> 22140 | E21: =HB!E21*0.9 -> 22140 | F21: =HB!F21*0.9 -> 22140 | G21: =HB!G21*0.9 -> 21069 | H21: =HB!H21*0.9 -> 21069 | I21: =HB!I21*0.9 -> 21069 | ... DE21: =HB!DE21*0.9 -> 19845
A22: 2 | B22: =HB!B22*0.9 -> 23242.5 | C22: =HB!C22*0.9 -> 22860 | D22: =HB!D22*0.9 -> 23625 | E22: =HB!E22*0.9 -> 23625 | F22: =HB!F22*0.9 -> 23625 | G22: =HB!G22*0.9 -> 22554 | H22: =HB!H22*0.9 -> 22554 | I22: =HB!I22*0.9 -> 22554 | ... DE22: =HB!DE22*0.9 -> 21330
A23: 3 | B23: =HB!B23*0.9 -> 24727.5 | C23: =HB!C23*0.9 -> 24345 | D23: =HB!D23*0.9 -> 25110 | E23: =HB!E23*0.9 -> 25110 | F23: =HB!F23*0.9 -> 25110 | G23: =HB!G23*0.9 -> 24039 | H23: =HB!H23*0.9 -> 24039 | I23: =HB!I23*0.9 -> 24039 | ... DE23: =HB!DE23*0.9 -> 22815
A24: 4 | B24: =HB!B24*0.9 -> 26212.5 | C24: =HB!C24*0.9 -> 25830 | D24: =HB!D24*0.9 -> 26595 | E24: =HB!E24*0.9 -> 26595 | F24: =HB!F24*0.9 -> 26595 | G24: =HB!G24*0.9 -> 25524 | H24: =HB!H24*0.9 -> 25524 | I24: =HB!I24*0.9 -> 25524 | ... DE24: =HB!DE24*0.9 -> 24300
A25: Даты тарифа:
A26: Период продажи: 24.06.2026 - 25.12.2026 Период проживания: 11.07.2026 - 26.12.2026
A27: В стоимость включено:
A28: 🔸Скидка 15% на проживание; 🔸Завтрак по системе "Шведский стол" в ресторане "ROMA" 6:30-11:00; 🔸Ужин* в ресторане "РИМ" 19:00-21:00 (включен в стоимость тарифов); Взрослый (с 13лет) - 1650 руб; Ребенок 7 - 12 лет вкл-но - 825 руб; Ребенок 0 - 6 лет вкл-но - бесплатно 🔸Посещение СПА-центра и тренажерного зала отеля; 🔸Бесплатная парковка на Поляне 960; 🔸Подъем на канатной дороге до Поляны 960; 🔸Бесплатный Wi-Fi на территории всего отеля; *До 25 гостей – по сет-меню, более 25 гостей - по системе "Шведский стол" Напитки включены в стоимость
A29: Условия аннуляции:
A30: Для оформления бронирования необходимо внести 100% предоплату в размере полной стоимости проживания. В случае отмены или изменения бронирования после 00:00 часов дня заезда удерживается стоимость первых суток.
A31: Пропуск "Сочинский национальный парк":
A32: Территория Курорта Красная поляна является особо охраняемой природной территорией "Сочинский национальный парк". При подъёме выше отметки +960 и при прогулках по экотропам Курорта, вам необходимо оформить пропуск. *Детям дошкольного и школьного возраста, гостям пенсионного возраста - приобретают льготный билет (0Р) в кассе Сочинского национального парка, на высоте 960 Купить пропуск в национальный парк https://npsochi.ru/tickets/ Ознакомиться с правилами Сочинского национального парка https://npsochi.ru/rules/

Sheet КвГ FIT15
A1: Панорама by Mercure Красная Поляна 4*
A2: тариф "Каникулы в горах"
A3: Нетто тарифы
A4: завтраки формата "Шведский стол" | B4: 46296 | C4: 46297 | D4: 46298 | E4: 46299 | F4: 46300 | G4: 46301 | H4: 46302 | I4: 46303 | J4: 46304 | K4: 46305 | L4: 46306 | M4: 46307 | N4: 46308 | O4: 46309 | P4: 46310 | Q4: 46311 | R4: 46312 | S4: 46313 | T4: 46314 | U4: 46315 | V4: 46316 | W4: 46317 | X4: 46318 | Y4: 46319 | Z4: 46320 | AA4: 46321 | AB4: 46322 | AC4: 46323 | AD4: 46324 | AE4: 46325 | AF4: 46326 | AG4: 46327 | AH4: 46328 | AI4: 46329 | AJ4: 46330 | AK4: 46331 | AL4: 46332 | AM4: 46333 | AN4: 46334 | AO4: 46335 | AP4: 46336 | AQ4: 46337 | AR4: 46338 | AS4: 46339 | AT4: 46340 | AU4: 46341 | AV4: 46342 | AW4: 46343 | AX4: 46344 | AY4: 46345 | AZ4: 46346 | BA4: 46347 | BB4: 46348 | BC4: 46349 | BD4: 46350 | BE4: 46351 | BF4: 46352 | BG4: 46353 | BH4: 46354 | BI4: 46355 | BJ4: 46356
A5: Классический номер с двуспальной кроватью, Классический номер с 2 односпальными кроватями
A6: 1 | B6: =BAR!X6*0.9*0.9 -> 5589 | C6: =BAR!Y6*0.9*0.9 -> 5832 | D6: =BAR!Z6*0.9*0.9 -> 5832 | E6: =BAR!AA6*0.9*0.9 -> 5589 | F6: =BAR!AB6*0.9*0.9 -> 5589 | G6: =BAR!AC6*0.9*0.9 -> 5589 | H6: =BAR!AD6*0.9*0.9 -> 5589 | I6: =BAR!AE6*0.9*0.9 -> 5589 | ... BJ6: =BAR!CF6*0.9*0.9 -> 5184
A7: 2 | B7: =BAR!X7*0.9*0.9 -> 7087.5 | C7: =BAR!Y7*0.9*0.9 -> 7330.5 | D7: =BAR!Z7*0.9*0.9 -> 7330.5 | E7: =BAR!AA7*0.9*0.9 -> 7087.5 | F7: =BAR!AB7*0.9*0.9 -> 7087.5 | G7: =BAR!AC7*0.9*0.9 -> 7087.5 | H7: =BAR!AD7*0.9*0.9 -> 7087.5 | I7: =BAR!AE7*0.9*0.9 -> 7087.5 | ... BJ7: =BAR!CF7*0.9*0.9 -> 6682.5
A8: Классический улучшенный номер с двуспальной кроватью, Классический улучшенный номер с 2 односпальными кроватями
A9: 1 | B9: =BAR!X9*0.9*0.9 -> 6804 | C9: =BAR!Y9*0.9*0.9 -> 7047 | D9: =BAR!Z9*0.9*0.9 -> 7047 | E9: =BAR!AA9*0.9*0.9 -> 6804 | F9: =BAR!AB9*0.9*0.9 -> 6804 | G9: =BAR!AC9*0.9*0.9 -> 6804 | H9: =BAR!AD9*0.9*0.9 -> 6804 | I9: =BAR!AE9*0.9*0.9 -> 6804 | ... BJ9: =BAR!CF9*0.9*0.9 -> 6399
A10: 2 | B10: =BAR!X10*0.9*0.9 -> 8302.5 | C10: =BAR!Y10*0.9*0.9 -> 8545.5 | D10: =BAR!Z10*0.9*0.9 -> 8545.5 | E10: =BAR!AA10*0.9*0.9 -> 8302.5 | F10: =BAR!AB10*0.9*0.9 -> 8302.5 | G10: =BAR!AC10*0.9*0.9 -> 8302.5 | H10: =BAR!AD10*0.9*0.9 -> 8302.5 | I10: =BAR!AE10*0.9*0.9 -> 8302.5 | ... BJ10: =BAR!CF10*0.9*0.9 -> 7897.5
A11: Классический улучшенный номер Комфорт, вид на горы - с 2 односпальными кроватями
A12: 1 | B12: =BAR!X12*0.9*0.9 -> 9639 | C12: =BAR!Y12*0.9*0.9 -> 9882 | D12: =BAR!Z12*0.9*0.9 -> 9882 | E12: =BAR!AA12*0.9*0.9 -> 9639 | F12: =BAR!AB12*0.9*0.9 -> 9639 | G12: =BAR!AC12*0.9*0.9 -> 9639 | H12: =BAR!AD12*0.9*0.9 -> 9639 | I12: =BAR!AE12*0.9*0.9 -> 9639 | ... BJ12: =BAR!CF12*0.9*0.9 -> 9234
A13: 2 | B13: =BAR!X13*0.9*0.9 -> 11137.5 | C13: =BAR!Y13*0.9*0.9 -> 11380.5 | D13: =BAR!Z13*0.9*0.9 -> 11380.5 | E13: =BAR!AA13*0.9*0.9 -> 11137.5 | F13: =BAR!AB13*0.9*0.9 -> 11137.5 | G13: =BAR!AC13*0.9*0.9 -> 11137.5 | H13: =BAR!AD13*0.9*0.9 -> 11137.5 | I13: =BAR!AE13*0.9*0.9 -> 11137.5 | ... BJ13: =BAR!CF13*0.9*0.9 -> 10732.5
A14: Номер Привилегия с двуспальной кроватью Номер Привилегия, для маломобильных с двуспальной кроватью
A15: 1 | B15: =BAR!X15*0.9 -> 12060 | C15: =BAR!Y15*0.9 -> 12330 | D15: =BAR!Z15*0.9 -> 12330 | E15: =BAR!AA15*0.9 -> 12060 | F15: =BAR!AB15*0.9 -> 12060 | G15: =BAR!AC15*0.9 -> 12060 | H15: =BAR!AD15*0.9 -> 12060 | I15: =BAR!AE15*0.9 -> 12060 | ... BJ15: =BAR!CF15*0.9 -> 11610
A16: 2 | B16: =BAR!X16*0.9*0.9 -> 12352.5 | C16: =BAR!Y16*0.9*0.9 -> 12595.5 | D16: =BAR!Z16*0.9*0.9 -> 12595.5 | E16: =BAR!AA16*0.9*0.9 -> 12352.5 | F16: =BAR!AB16*0.9*0.9 -> 12352.5 | G16: =BAR!AC16*0.9*0.9 -> 12352.5 | H16: =BAR!AD16*0.9*0.9 -> 12352.5 | I16: =BAR!AE16*0.9*0.9 -> 12352.5 | ... BJ16: =BAR!CF16*0.9*0.9 -> 11947.5
A17: Номер Привилегия Люкс с двуспальной кроватью, Номер Привилегия Люкс с 2 односпальными кроватями
A18: 1 | B18: =BAR!X18*0.9*0.9 -> 12069 | C18: =BAR!Y18*0.9*0.9 -> 12312 | D18: =BAR!Z18*0.9*0.9 -> 12312 | E18: =BAR!AA18*0.9*0.9 -> 12069 | F18: =BAR!AB18*0.9*0.9 -> 12069 | G18: =BAR!AC18*0.9*0.9 -> 12069 | H18: =BAR!AD18*0.9*0.9 -> 12069 | I18: =BAR!AE18*0.9*0.9 -> 12069 | ... BJ18: =BAR!CF18*0.9*0.9 -> 11664
A19: 2 | B19: =BAR!X19*0.9*0.9 -> 13567.5 | C19: =BAR!Y19*0.9*0.9 -> 13810.5 | D19: =BAR!Z19*0.9*0.9 -> 13810.5 | E19: =BAR!AA19*0.9*0.9 -> 13567.5 | F19: =BAR!AB19*0.9*0.9 -> 13567.5 | G19: =BAR!AC19*0.9*0.9 -> 13567.5 | H19: =BAR!AD19*0.9*0.9 -> 13567.5 | I19: =BAR!AE19*0.9*0.9 -> 13567.5 | ... BJ19: =BAR!CF19*0.9*0.9 -> 13162.5
A20: Номер Семейный Люкс с 2 спальнями
A21: 1 | B21: =BAR!X21*0.9*0.9 -> 17739 | C21: =BAR!Y21*0.9*0.9 -> 17982 | D21: =BAR!Z21*0.9*0.9 -> 17982 | E21: =BAR!AA21*0.9*0.9 -> 17739 | F21: =BAR!AB21*0.9*0.9 -> 17739 | G21: =BAR!AC21*0.9*0.9 -> 17739 | H21: =BAR!AD21*0.9*0.9 -> 17739 | I21: =BAR!AE21*0.9*0.9 -> 17739 | ... BJ21: =BAR!CF21*0.9*0.9 -> 17334
A22: 2 | B22: =B21 -> 17739 | C22: =C21 -> 17982 | D22: =D21 -> 17982 | E22: =E21 -> 17739 | F22: =F21 -> 17739 | G22: =G21 -> 17739 | H22: =H21 -> 17739 | I22: =I21 -> 17739 | ... BJ22: =BJ21 -> 17334
A23: 3 | B23: =B21 -> 17739 | C23: =C21 -> 17982 | D23: =D21 -> 17982 | E23: =E21 -> 17739 | F23: =F21 -> 17739 | G23: =G21 -> 17739 | H23: =H21 -> 17739 | I23: =I21 -> 17739 | ... BJ23: =BJ21 -> 17334
A24: 4 | B24: =B21 -> 17739 | C24: =C21 -> 17982 | D24: =D21 -> 17982 | E24: =E21 -> 17739 | F24: =F21 -> 17739 | G24: =G21 -> 17739 | H24: =H21 -> 17739 | I24: =I21 -> 17739 | ... BJ24: =BJ21 -> 17334
A25: ВАЖНО:
A26: Дополнительно ЕДИНОРАЗОВО в стоимость заявки добавляется стоимость за купонную книгу за каждого взрослого гостя (возраст от 12 лет), стоимость - 2650 руб. за гостя и за каждого ребенка от 0-11 лет включительно -1000 рублей за ребенка. При размещении дополнительных взрослых гостей, также ЕДИНОРАЗОВО добавляется в стоимость заявки купонная книга на каждого взрослого гостя - 2650 руб. (возраст от 12 лет) и за каждого ребенка от 0-11 лет включительно -1000 руб. Стоимость купонной книги на всех взрослых и детей просим сразу добавлять в заявку. В системе трэвэллайн тариф указан без учета стоимости купонной книги на взрослых и детей, необходимо добавлять стоимость вручную.
A27: Даты тарифа:
A28: Период продажи: 19.08.2026 - 30.11.2026 Период проживания: 01.10.2026 - 01.12.2026
A29: Условия аннуляции:
A30: В случае отмены или изменения бронирования после 00:00 часов дня заезда удерживается стоимость первых суток.
A31: В стоимость включено:
A32: Проживание в номере выбранной категории; Завтрак по системе "Шведский стол"; Посещение СПА-центра и тренажерного зала отеля; Услуги парковки автомобиля на Поляне 960 (крытая и открытая парковка); Подъём по канатной дороге с Поляны 540 на Поляну 960; Бесплатный Wi-Fi на территории всего отеля; Комната для хранения горнолыжного оборудования Бесплатное размещение 2-х детей до 12 лет вкл-но. Бесплатно предоставляются завтраки для 2-х детей и одно дополнительное место в номерах высокой категории. Второй ребенок размещается на основных спальных местах. В категориях Классический, Улучш.Классический и Классический улучшенный номер Комфорт не устанавливаются доп.места (2-ое детей размещаются только на основных местах).
A33: По купонной книге в предложение "Каникулы в горах" входят бесплатно:
A34: 1. Прогулочные билеты "Панорама Красной Поляны" (для всех гостей, проживающих в номере); 2. Посещение Хаски центра (для всех гостей, проживающих в номере); 3. Посещение мини-зоопарка «Капибара и друзья» (для всех гостей, проживающих в номере); 4. Один маршрут веревочного парка (для всех гостей, проживающих в номере), услуга доступна при проживании с 01.05.2026; 5. Скидка 20% скидка на посещение Сочи Парка; 6. Скидка 50% скидка на посещение Аквапарка + дети до 12 включительно бесплатно.
A35: Дополнительная информация:
A36: Услуги и бонусы предложения действуют только в период проживания и предоставляются однократно, согласно условиям в купонной книге. Купонная книга выдается при заселении из расчета: 1 номер = 1 книга. Предложение ограничено и не комбинируется с другими действующими акциями отеля. НАО «Красная поляна» оставляет за собой право изменять услуги в составе пакета. Предоставление услуг может зависеть от погодных условий и графика работы канатных дорог.
... A38: Ежегодные регламентные работы на канатных дорогах курорта Красная Поляна пройдут с 16 марта по 24 июня 2026 года. С 10 по 31 мая будут закрыты канатные дороги Центрального сектора: («Красная Поляна» 540-960 м, «Реликтовый лес» 960-1460 м, «Вершина» 1460-2200 м, «Аибга» 2200-2050 м, «Черная Пирамида» 2050-2300 м). На время регламентных работ между уровнями 540-960 м будут курсировать шаттлы курорта. С 16 марта по 24 апреля будет закрыта канатная дорога Восточного сектора К‑13 «Водопад Поликаря. С 1 апреля по 24 апреля будут закрыты канатные дороги К‑10 «Восточный лес» и К‑12 «Старт чемпиона». К‑8 «Снежная звезда»: закрыта с 1 по 24 июня.

Sheet нетто FIT18
A1: Панорама by Mercure Красная Поляна 4*
A2: Тариф "Базовый с завтраком"
A3: Нетто тарифы
A4: завтраки формата "Шведский стол" | B4: 46274 | C4: 46275 | D4: 46276 | E4: 46277 | F4: 46278 | G4: 46279 | H4: 46280 | I4: 46281 | J4: 46282 | K4: 46283 | L4: 46284 | M4: 46285 | N4: 46286 | O4: 46287 | P4: 46288 | Q4: 46289 | R4: 46290 | S4: 46291 | T4: 46292 | U4: 46293 | V4: 46294 | W4: 46295 | X4: 46296 | Y4: 46297 | Z4: 46298 | AA4: 46299 | AB4: 46300 | AC4: 46301 | AD4: 46302 | AE4: 46303 | AF4: 46304 | AG4: 46305 | AH4: 46306 | AI4: 46307 | AJ4: 46308 | AK4: 46309 | AL4: 46310 | AM4: 46311 | AN4: 46312 | AO4: 46313 | AP4: 46314 | AQ4: 46315 | AR4: 46316 | AS4: 46317 | AT4: 46318 | AU4: 46319 | AV4: 46320 | AW4: 46321 | AX4: 46322 | AY4: 46323 | AZ4: 46324 | BA4: 46325 | BB4: 46326 | BC4: 46327 | BD4: 46328 | BE4: 46329 | BF4: 46330 | BG4: 46331 | BH4: 46332 | BI4: 46333 | BJ4: 46334 | BK4: 46335 | BL4: 46336 | BM4: 46337 | BN4: 46338 | BO4: 46339 | BP4: 46340 | BQ4: 46341 | BR4: 46342 | BS4: 46343 | BT4: 46344 | BU4: 46345 | BV4: 46346 | BW4: 46347 | BX4: 46348 | BY4: 46349 | BZ4: 46350 | CA4: 46351 | CB4: 46352 | CC4: 46353 | CD4: 46354 | CE4: 46355 | CF4: 46356 | CG4: 46357 | CH4: 46358 | CI4: 46359 | CJ4: 46360 | CK4: 46361 | CL4: 46362 | CM4: 46363 | CN4: 46364 | CO4: 46365 | CP4: 46366 | CQ4: 46367 | CR4: 46368 | CS4: 46369 | CT4: 46370 | CU4: 46371 | CV4: 46372 | CW4: 46373 | CX4: 46374 | CY4: 46375 | CZ4: 46376 | DA4: 46377 | DB4: 46378 | DC4: 46379 | DD4: 46380 | DE4: 46381 | DF4: 46382 | DG4: 46383 | DH4: 46384 | DI4: 46385 | DJ4: 46386 | DK4: 46387 | DL4: 46388 | DM4: 46389 | DN4: 46390 | DO4: 46391 | DP4: 46392 | DQ4: 46393 | DR4: 46394 | DS4: 46395 | DT4: 46396 | DU4: 46397 | DV4: 46398 | DW4: 46399 | DX4: 46400 | DY4: 46401 | DZ4: 46402 | EA4: 46403 | EB4: 46404 | EC4: 46405 | ED4: 46406 | EE4: 46407 | EF4: 46408 | EG4: 46409 | EH4: 46410 | EI4: 46411 | EJ4: 46412 | EK4: 46413 | EL4: 46414 | EM4: 46415 | EN4: 46416 | EO4: 46417 | EP4: 46418 | EQ4: 46419 | ER4: 46420 | ES4: 46421 | ET4: 46422 | EU4: 46423 | EV4: 46424 | EW4: 46425 | EX4: 46426 | EY4: 46427 | EZ4: 46428 | FA4: 46429 | FB4: 46430 | FC4: 46431 | FD4: 46432 | FE4: 46433 | FF4: 46434 | FG4: 46435 | FH4: 46436 | FI4: 46437 | FJ4: 46438 | FK4: 46439 | FL4: 46440 | FM4: 46441 | FN4: 46442 | FO4: 46443 | FP4: 46444 | FQ4: 46445 | FR4: 46446 | FS4: 46447 | FT4: 46448 | FU4: 46449 | FV4: 46450 | FW4: 46451 | FX4: 46452 | FY4: 46453 | FZ4: 46454 | GA4: 46455 | GB4: 46456 | GC4: 46457 | GD4: 46458 | GE4: 46459 | GF4: 46460 | GG4: 46461 | GH4: 46462 | GI4: 46463 | GJ4: 46464 | GK4: 46465 | GL4: 46466 | GM4: 46467 | GN4: 46468 | GO4: 46469 | GP4: 46470 | GQ4: 46471 | GR4: 46472 | GS4: 46473 | GT4: 46474 | GU4: 46475 | GV4: 46476 | GW4: 46477
A5: Классический номер с двуспальной кроватью, Классический номер с 2 односпальными кроватями
A6: 1 | B6: =BAR!B6*0.82 -> 6970 | C6: =BAR!C6*0.82 -> 6560 | D6: =BAR!D6*0.82 -> 7380 | E6: =BAR!E6*0.82 -> 7380 | F6: =BAR!F6*0.82 -> 7380 | G6: =BAR!G6*0.82 -> 6232 | H6: =BAR!H6*0.82 -> 6232 | I6: =BAR!I6*0.82 -> 6232 | ... GW6: =BAR!GW6*0.82 -> 10824
A7: 2 | B7: =BAR!B7*0.82 -> 8487 | C7: =BAR!C7*0.82 -> 8077 | D7: =BAR!D7*0.82 -> 8897 | E7: =BAR!E7*0.82 -> 8897 | F7: =BAR!F7*0.82 -> 8897 | G7: =BAR!G7*0.82 -> 7749 | H7: =BAR!H7*0.82 -> 7749 | I7: =BAR!I7*0.82 -> 7749 | ... GW7: =BAR!GW7*0.82 -> 12464
A8: Классический улучшенный номер с двуспальной кроватью, Классический улучшенный номер с 2 односпальными кроватями
A9: 1 | B9: =BAR!B9*0.82 -> 8610 | C9: =BAR!C9*0.82 -> 8200 | D9: =BAR!D9*0.82 -> 9020 | E9: =BAR!E9*0.82 -> 9020 | F9: =BAR!F9*0.82 -> 9020 | G9: =BAR!G9*0.82 -> 7872 | H9: =BAR!H9*0.82 -> 7872 | I9: =BAR!I9*0.82 -> 7872 | ... GW9: =BAR!GW9*0.82 -> 12218
A10: 2 | B10: =BAR!B10*0.82 -> 10127 | C10: =BAR!C10*0.82 -> 9717 | D10: =BAR!D10*0.82 -> 10537 | E10: =BAR!E10*0.82 -> 10537 | F10: =BAR!F10*0.82 -> 10537 | G10: =BAR!G10*0.82 -> 9389 | H10: =BAR!H10*0.82 -> 9389 | I10: =BAR!I10*0.82 -> 9389 | ... GW10: =BAR!GW10*0.82 -> 13858
A11: Классический улучшенный номер Комфорт, вид на горы - с 2 односпальными кроватями
A12: 1 | B12: =BAR!B12*0.82 -> 11890 | C12: =BAR!C12*0.82 -> 11480 | D12: =BAR!D12*0.82 -> 12300 | E12: =BAR!E12*0.82 -> 12300 | F12: =BAR!F12*0.82 -> 12300 | G12: =BAR!G12*0.82 -> 11152 | H12: =BAR!H12*0.82 -> 11152 | I12: =BAR!I12*0.82 -> 11152 | ... GW12: =BAR!GW12*0.82 -> 14104
A13: 2 | B13: =BAR!B13*0.82 -> 13407 | C13: =BAR!C13*0.82 -> 12997 | D13: =BAR!D13*0.82 -> 13817 | E13: =BAR!E13*0.82 -> 13817 | F13: =BAR!F13*0.82 -> 13817 | G13: =BAR!G13*0.82 -> 12669 | H13: =BAR!H13*0.82 -> 12669 | I13: =BAR!I13*0.82 -> 12669 | ... GW13: =BAR!GW13*0.82 -> 15744
A14: Номер Привилегия с двуспальной кроватью Номер Привилегия, для маломобильных с двуспальной кроватью
A15: 1 | B15: =BAR!B15*0.82 -> 13120 | C15: =BAR!C15*0.82 -> 12710 | D15: =BAR!D15*0.82 -> 13530 | E15: =BAR!E15*0.82 -> 13530 | F15: =BAR!F15*0.82 -> 13530 | G15: =BAR!G15*0.82 -> 12382 | H15: =BAR!H15*0.82 -> 12382 | I15: =BAR!I15*0.82 -> 12382 | ... GW15: =BAR!GW15*0.82 -> 15334
A16: 2 | B16: =BAR!B16*0.82 -> 14637 | C16: =BAR!C16*0.82 -> 14227 | D16: =BAR!D16*0.82 -> 15047 | E16: =BAR!E16*0.82 -> 15047 | F16: =BAR!F16*0.82 -> 15047 | G16: =BAR!G16*0.82 -> 13899 | H16: =BAR!H16*0.82 -> 13899 | I16: =BAR!I16*0.82 -> 13899 | ... GW16: =BAR!GW16*0.82 -> 16974
A17: Номер Привилегия Люкс с двуспальной кроватью, Номер Привилегия Люкс с 2 односпальными кроватями
A18: 1 | B18: =BAR!B18*0.82 -> 14760 | C18: =BAR!C18*0.82 -> 14350 | D18: =BAR!D18*0.82 -> 15170 | E18: =BAR!E18*0.82 -> 15170 | F18: =BAR!F18*0.82 -> 15170 | G18: =BAR!G18*0.82 -> 14022 | H18: =BAR!H18*0.82 -> 14022 | I18: =BAR!I18*0.82 -> 14022 | ... GW18: =BAR!GW18*0.82 -> 17794
A19: 2 | B19: =BAR!B19*0.82 -> 16277 | C19: =BAR!C19*0.82 -> 15867 | D19: =BAR!D19*0.82 -> 16687 | E19: =BAR!E19*0.82 -> 16687 | F19: =BAR!F19*0.82 -> 16687 | G19: =BAR!G19*0.82 -> 15539 | H19: =BAR!H19*0.82 -> 15539 | I19: =BAR!I19*0.82 -> 15539 | ... GW19: =BAR!GW19*0.82 -> 19434
A20: Номер Семейный Люкс с 2 спальнями
A21: 1 | B21: =BAR!B21*0.82 -> 21730 | C21: =BAR!C21*0.82 -> 21320 | D21: =BAR!D21*0.82 -> 22140 | E21: =BAR!E21*0.82 -> 22140 | F21: =BAR!F21*0.82 -> 22140 | G21: =BAR!G21*0.82 -> 20992 | H21: =BAR!H21*0.82 -> 20992 | I21: =BAR!I21*0.82 -> 20992 | ... GW21: =BAR!GW21*0.82 -> 27306
A22: 2 | B22: =BAR!B22*0.82 -> 21730 | C22: =BAR!C22*0.82 -> 21320 | D22: =BAR!D22*0.82 -> 22140 | E22: =BAR!E22*0.82 -> 22140 | F22: =BAR!F22*0.82 -> 22140 | G22: =BAR!G22*0.82 -> 20992 | H22: =BAR!H22*0.82 -> 20992 | I22: =BAR!I22*0.82 -> 20992 | ... GW22: =BAR!GW22*0.82 -> 27306
A23: 3 | B23: =BAR!B23*0.82 -> 21730 | C23: =BAR!C23*0.82 -> 21320 | D23: =BAR!D23*0.82 -> 22140 | E23: =BAR!E23*0.82 -> 22140 | F23: =BAR!F23*0.82 -> 22140 | G23: =BAR!G23*0.82 -> 20992 | H23: =BAR!H23*0.82 -> 20992 | I23: =BAR!I23*0.82 -> 20992 | ... GW23: =BAR!GW23*0.82 -> 27306
A24: 4 | B24: =BAR!B24*0.82 -> 21730 | C24: =BAR!C24*0.82 -> 21320 | D24: =BAR!D24*0.82 -> 22140 | E24: =BAR!E24*0.82 -> 22140 | F24: =BAR!F24*0.82 -> 22140 | G24: =BAR!G24*0.82 -> 20992 | H24: =BAR!H24*0.82 -> 20992 | I24: =BAR!I24*0.82 -> 20992 | ... GW24: =BAR!GW24*0.82 -> 27306
A25: Доп.инфо:
A26: 📌Дополнительное место с завтраком: 01.04.26 - 28.12.26 взр 2850 руб/сут, реб 1950 руб/сут 29.12.26 - 08.01.27 взр 3300 руб/сут, реб 2150 руб/сут 09.01.27 - 31.03.27 взр 3000 руб/сут, реб 2000 руб/сут 📌Завтраки: 01.04.26 - 28.12.26 взр 1850 руб/сут, реб 950 руб/сут 29.12.26 - 08.01.27 взр 2300 руб/сут, реб 1150 руб/сут 09.01.27 - 31.03.27 взр 2000 руб/сут, реб 1000 руб/сут 📌Доплата за размещение с животными (до 15 кг и 45 см в холке) – 2500 руб. единоразово при заселении. Допустимо проживание не более 1-го животного в номере. Обязателен вет.паспорт животного. 📌Услуга "Ранний заезд или Поздний выезд" предоставляется при 100% гарантиии доп. суток размещения по возможности отеля. Негарантированный РЗ/ПВ оформляется в отеле и предоставляется по возможности отеля. Время негарантированных услуг: РЗ с 00:00 до 02:59 - 100%, с 03:00 до 15:00 - 50%; ПВ с 12:00 до 18:00 - 50%, после 18:00 - 100%
A27: Даты тарифа (включительно):
A28: Период продажи: 20.03.2026 - 30.03.2027 Период проживания: 20.03.2026 - 31.03.2027
A29: Новогодний тариф (включительно):
A30: Период продажи: 22.07.2026 – 08.01.2027 Период проживания: 29.12.2026 – 08.01.2027 Условия бронирования: При бронировании номера в даты проживания с 30.12.25-08.01.26 необходима предоплата в размере 1-х суток и полная оплата в размере 100% до 01.12.2026. Условия аннуляции: бесплатная отмена до 00:00 дня заезда и при отмене после 00:00 часов дня заезда удерживается стоимость первых суток.
A31: В стоимость включено:
A32: Завтрак по системе "Шведский стол"; Посещение СПА-центра и тренажерного зала отеля; Бесплатная парковка на Поляне 960; Подъем на канатной дороге до Поляны 960; Бесплатный Wi-Fi на территории всего отеля; Комната для хранения горнолыжного оборудования
A33: Условия аннуляции:
A34: В случае отмены или изменения бронирования после 00:00 часов дня заезда удерживается стоимость первых суток.
A35: Пропуск "Сочинский национальный парк":
A36: Территория Курорта Красная поляна является особо охраняемой природной территорией "Сочинский национальный парк". При подъёме выше отметки +960 и при прогулках по экотропам Курорта, вам необходимо оформить пропуск. *Детям дошкольного и школьного возраста, гостям пенсионного возраста - приобретают льготный билет (0Р) в кассе Сочинского национального парка, на высоте 960 Купить пропуск в национальный парк https://npsochi.ru/tickets/ Ознакомиться с правилами Сочинского национального парка https://npsochi.ru/rules/
... A38: Вопросы и замечения по тарифным сеткам просьба направлять в адрес Супервайзеры отдела бронирования отелей ACCOR <res.supervisor.accor@kpresort.ru>

Sheet RO FIT18
A1: Панорама by Mercure Красная Поляна 4*
A2: тариф "Базовый без завтрака"
A3: Нетто тарифы
A4: Проживание без питания (Room only) | B4: 46169 | C4: 46170 | D4: 46171 | E4: 46172 | F4: 46173
A5: Классический номер с двуспальной кроватью, Классический номер с 2 односпальными кроватями
A6: 1 | B6: =ROUNDUP(RO!B6*0.85,) -> #REF! | C6: =ROUNDUP(RO!C6*0.85,) -> #REF! | D6: =ROUNDUP(RO!D6*0.85,) -> #REF! | E6: =ROUNDUP(RO!E6*0.85,) -> #REF! | F6: =ROUNDUP(RO!F6*0.85,) -> #REF!
A7: 2 | B7: =B6 -> #REF! | C7: =C6 -> #REF! | D7: =D6 -> #REF! | E7: =E6 -> #REF! | F7: =F6 -> #REF!
A8: Классический улучшенный номер с двуспальной кроватью, Классический улучшенный номер с 2 односпальными кроватями
A9: 1 | B9: =ROUNDUP(RO!B9*0.85,) -> #REF! | C9: =ROUNDUP(RO!C9*0.85,) -> #REF! | D9: =ROUNDUP(RO!D9*0.85,) -> #REF! | E9: =ROUNDUP(RO!E9*0.85,) -> #REF! | F9: =ROUNDUP(RO!F9*0.85,) -> #REF!
A10: 2 | B10: =B9 -> #REF! | C10: =C9 -> #REF! | D10: =D9 -> #REF! | E10: =E9 -> #REF! | F10: =F9 -> #REF!
A11: Классический улучшенный номер Комфорт, вид на горы - с 2 односпальными кроватями
A12: 1 | B12: =ROUNDUP(RO!B12*0.85,) -> #REF! | C12: =ROUNDUP(RO!C12*0.85,) -> #REF! | D12: =ROUNDUP(RO!D12*0.85,) -> #REF! | E12: =ROUNDUP(RO!E12*0.85,) -> #REF! | F12: =ROUNDUP(RO!F12*0.85,) -> #REF!
A13: 2 | B13: =B12 -> #REF! | C13: =C12 -> #REF! | D13: =D12 -> #REF! | E13: =E12 -> #REF! | F13: =F12 -> #REF!
A14: Номер Привилегия с двуспальной кроватью Номер Привилегия, для маломобильных с двуспальной кроватью
A15: 1 | B15: =ROUNDUP(RO!B15*0.85,) -> #REF! | C15: =ROUNDUP(RO!C15*0.85,) -> #REF! | D15: =ROUNDUP(RO!D15*0.85,) -> #REF! | E15: =ROUNDUP(RO!E15*0.85,) -> #REF! | F15: =ROUNDUP(RO!F15*0.85,) -> #REF!
A16: 2 | B16: =B15 -> #REF! | C16: =C15 -> #REF! | D16: =D15 -> #REF! | E16: =E15 -> #REF! | F16: =F15 -> #REF!
A17: Номер Привилегия Люкс с двуспальной кроватью, Номер Привилегия Люкс с 2 односпальными кроватями
A18: 1 | B18: =ROUNDUP(RO!B18*0.85,) -> #REF! | C18: =ROUNDUP(RO!C18*0.85,) -> #REF! | D18: =ROUNDUP(RO!D18*0.85,) -> #REF! | E18: =ROUNDUP(RO!E18*0.85,) -> #REF! | F18: =ROUNDUP(RO!F18*0.85,) -> #REF!
A19: 2 | B19: =B18 -> #REF! | C19: =C18 -> #REF! | D19: =D18 -> #REF! | E19: =E18 -> #REF! | F19: =F18 -> #REF!
A20: Номер Семейный Люкс с 2 спальнями
A21: 1 | B21: =ROUNDUP(RO!B21*0.85,) -> #REF! | C21: =ROUNDUP(RO!C21*0.85,) -> #REF! | D21: =ROUNDUP(RO!D21*0.85,) -> #REF! | E21: =ROUNDUP(RO!E21*0.85,) -> #REF! | F21: =ROUNDUP(RO!F21*0.85,) -> #REF!
A22: 2 | B22: =B21 -> #REF! | C22: =C21 -> #REF! | D22: =D21 -> #REF! | E22: =E21 -> #REF! | F22: =F21 -> #REF!
A23: 3 | B23: =B21 -> #REF! | C23: =C21 -> #REF! | D23: =D21 -> #REF! | E23: =E21 -> #REF! | F23: =F21 -> #REF!
A24: 4 | B24: =B21 -> #REF! | C24: =C21 -> #REF! | D24: =D21 -> #REF! | E24: =E21 -> #REF! | F24: =F21 -> #REF!
A25: Даты тарифа:
A26: Период продажи: 20.03.2026 - 30.05.2026 Период проживания: 01.04.2026 - 31.05.2026
A27: Закрытые даты (включительно):
A28: 07.06.2026-11.06.2026
A29: 22.06.2026-25.06.2026
A30: 21.09.2026-24.09.2026
A31: 30.09.2026-03.10.2026
A32: В стоимость включено:
A33: Посещение СПА-центра и тренажерного зала отеля; Бесплатная парковка на Поляне 960; Подъем на канатной дороге до Поляны 960; Бесплатный Wi-Fi на территории всего отеля; Комната для хранения горнолыжного оборудования
A34: Условия аннуляции:
A35: В случае отмены или изменения бронирования после 00:00 часов дня заезда удерживается стоимость первых суток.
A36: Регламентные работы:
A37: Ежегодные регламентные работы на канатных дорогах курорта Красная Поляна пройдут с 16 марта по 24 июня 2026 года. С 10 по 31 мая будут закрыты канатные дороги Центрального сектора: («Красная Поляна» 540-960 м, «Реликтовый лес» 960-1460 м, «Вершина» 1460-2200 м, «Аибга» 2200-2050 м, «Черная Пирамида» 2050-2300 м). На время регламентных работ между уровнями 540-960 м будут курсировать шаттлы курорта. С 16 марта по 24 апреля будет закрыта канатная дорога Восточного сектора К‑13 «Водопад Поликаря. С 1 апреля по 24 апреля будут закрыты канатные дороги К‑10 «Восточный лес» и К‑12 «Старт чемпиона». К‑8 «Снежная звезда»: закрыта с 1 по 24 июня.

Sheet РБ10% FIT18
A1: Панорама by Mercure Красная Поляна 4*
A2: Тариф "Раннее бронирование со скидкой 10%, завтрак включен"
A3: Нетто тарифы
A4: завтраки формата "Шведский стол" | B4: 46274 | C4: 46275 | D4: 46276 | E4: 46277 | F4: 46278 | G4: 46279 | H4: 46280 | I4: 46281 | J4: 46282 | K4: 46283 | L4: 46284 | M4: 46285 | N4: 46286 | O4: 46287 | P4: 46288 | Q4: 46289 | R4: 46290 | S4: 46291 | T4: 46292 | U4: 46293 | V4: 46294 | W4: 46295 | X4: 46296 | Y4: 46297 | Z4: 46298 | AA4: 46299 | AB4: 46300 | AC4: 46301 | AD4: 46302 | AE4: 46303 | AF4: 46304 | AG4: 46305 | AH4: 46306 | AI4: 46307 | AJ4: 46308 | AK4: 46309 | AL4: 46310 | AM4: 46311 | AN4: 46312 | AO4: 46313 | AP4: 46314 | AQ4: 46315 | AR4: 46316 | AS4: 46317 | AT4: 46318 | AU4: 46319 | AV4: 46320 | AW4: 46321 | AX4: 46322 | AY4: 46323 | AZ4: 46324 | BA4: 46325 | BB4: 46326 | BC4: 46327 | BD4: 46328 | BE4: 46329 | BF4: 46330 | BG4: 46331 | BH4: 46332 | BI4: 46333 | BJ4: 46334 | BK4: 46335 | BL4: 46336 | BM4: 46337 | BN4: 46338 | BO4: 46339 | BP4: 46340 | BQ4: 46341 | BR4: 46342 | BS4: 46343 | BT4: 46344 | BU4: 46345 | BV4: 46346 | BW4: 46347 | BX4: 46348 | BY4: 46349 | BZ4: 46350 | CA4: 46351 | CB4: 46352 | CC4: 46353 | CD4: 46354 | CE4: 46355 | CF4: 46356 | CG4: 46357 | CH4: 46358 | CI4: 46359 | CJ4: 46360 | CK4: 46361 | CL4: 46362 | CM4: 46363 | CN4: 46364 | CO4: 46365 | CP4: 46366 | CQ4: 46367 | CR4: 46368 | CS4: 46369 | CT4: 46370 | CU4: 46371 | CV4: 46372 | CW4: 46373 | CX4: 46374 | CY4: 46375 | CZ4: 46376 | DA4: 46377 | DB4: 46378 | DC4: 46379 | DD4: 46380 | DE4: 46381 | DF4: 46382 | DG4: 46383 | DH4: 46384 | DI4: 46385 | DJ4: 46386 | DK4: 46387 | DL4: 46388 | DM4: 46389 | DN4: 46390 | DO4: 46391 | DP4: 46392 | DQ4: 46393 | DR4: 46394 | DS4: 46395 | DT4: 46396 | DU4: 46397 | DV4: 46398 | DW4: 46399 | DX4: 46400 | DY4: 46401 | DZ4: 46402 | EA4: 46403 | EB4: 46404 | EC4: 46405 | ED4: 46406 | EE4: 46407 | EF4: 46408 | EG4: 46409 | EH4: 46410 | EI4: 46411 | EJ4: 46412 | EK4: 46413 | EL4: 46414 | EM4: 46415 | EN4: 46416 | EO4: 46417 | EP4: 46418 | EQ4: 46419 | ER4: 46420 | ES4: 46421 | ET4: 46422 | EU4: 46423 | EV4: 46424 | EW4: 46425 | EX4: 46426 | EY4: 46427 | EZ4: 46428 | FA4: 46429 | FB4: 46430 | FC4: 46431 | FD4: 46432 | FE4: 46433 | FF4: 46434 | FG4: 46435 | FH4: 46436 | FI4: 46437 | FJ4: 46438 | FK4: 46439 | FL4: 46440 | FM4: 46441 | FN4: 46442 | FO4: 46443 | FP4: 46444 | FQ4: 46445 | FR4: 46446 | FS4: 46447 | FT4: 46448 | FU4: 46449 | FV4: 46450 | FW4: 46451 | FX4: 46452 | FY4: 46453 | FZ4: 46454 | GA4: 46455 | GB4: 46456 | GC4: 46457 | GD4: 46458 | GE4: 46459 | GF4: 46460 | GG4: 46461 | GH4: 46462 | GI4: 46463 | GJ4: 46464 | GK4: 46465 | GL4: 46466 | GM4: 46467 | GN4: 46468 | GO4: 46469 | GP4: 46470 | GQ4: 46471 | GR4: 46472 | GS4: 46473 | GT4: 46474 | GU4: 46475 | GV4: 46476 | GW4: 46477
A5: Классический номер с двуспальной кроватью, Классический номер с 2 односпальными кроватями
A6: 1 | B6: =ROUNDUP(BAR!B6*0.9*0.87,) -> 6656 | C6: =ROUNDUP(BAR!C6*0.9*0.87,) -> 6264 | D6: =ROUNDUP(BAR!D6*0.9*0.87,) -> 7047 | E6: =ROUNDUP(BAR!E6*0.9*0.87,) -> 7047 | F6: =ROUNDUP(BAR!F6*0.9*0.87,) -> 7047 | G6: =ROUNDUP(BAR!G6*0.9*0.87,) -> 5951 | H6: =ROUNDUP(BAR!H6*0.9*0.87,) -> 5951 | I6: =ROUNDUP(BAR!I6*0.9*0.87,) -> 5951 | ... GW6: =ROUNDUP(BAR!GW6*0.9*0.87,) -> 10336
A7: 2 | B7: =ROUNDUP(BAR!B7*0.9*0.87,) -> 8105 | C7: =ROUNDUP(BAR!C7*0.9*0.87,) -> 7713 | D7: =ROUNDUP(BAR!D7*0.9*0.87,) -> 8496 | E7: =ROUNDUP(BAR!E7*0.9*0.87,) -> 8496 | F7: =ROUNDUP(BAR!F7*0.9*0.87,) -> 8496 | G7: =ROUNDUP(BAR!G7*0.9*0.87,) -> 7400 | H7: =ROUNDUP(BAR!H7*0.9*0.87,) -> 7400 | I7: =ROUNDUP(BAR!I7*0.9*0.87,) -> 7400 | ... GW7: =ROUNDUP(BAR!GW7*0.9*0.87,) -> 11902
A8: Классический улучшенный номер с двуспальной кроватью, Классический улучшенный номер с 2 односпальными кроватями
A9: 1 | B9: =ROUNDUP(BAR!B9*0.9*0.87,) -> 8222 | C9: =ROUNDUP(BAR!C9*0.9*0.87,) -> 7830 | D9: =ROUNDUP(BAR!D9*0.9*0.87,) -> 8613 | E9: =ROUNDUP(BAR!E9*0.9*0.87,) -> 8613 | F9: =ROUNDUP(BAR!F9*0.9*0.87,) -> 8613 | G9: =ROUNDUP(BAR!G9*0.9*0.87,) -> 7517 | H9: =ROUNDUP(BAR!H9*0.9*0.87,) -> 7517 | I9: =ROUNDUP(BAR!I9*0.9*0.87,) -> 7517 | ... GW9: =ROUNDUP(BAR!GW9*0.9*0.87,) -> 11667
A10: 2 | B10: =ROUNDUP(BAR!B10*0.9*0.87,) -> 9671 | C10: =ROUNDUP(BAR!C10*0.9*0.87,) -> 9279 | D10: =ROUNDUP(BAR!D10*0.9*0.87,) -> 10062 | E10: =ROUNDUP(BAR!E10*0.9*0.87,) -> 10062 | F10: =ROUNDUP(BAR!F10*0.9*0.87,) -> 10062 | G10: =ROUNDUP(BAR!G10*0.9*0.87,) -> 8966 | H10: =ROUNDUP(BAR!H10*0.9*0.87,) -> 8966 | I10: =ROUNDUP(BAR!I10*0.9*0.87,) -> 8966 | ... GW10: =ROUNDUP(BAR!GW10*0.9*0.87,) -> 13233
A11: Классический улучшенный номер Комфорт, вид на горы - с 2 односпальными кроватями
A12: 1 | B12: =ROUNDUP(BAR!B12*0.9*0.87,) -> 11354 | C12: =ROUNDUP(BAR!C12*0.9*0.87,) -> 10962 | D12: =ROUNDUP(BAR!D12*0.9*0.87,) -> 11745 | E12: =ROUNDUP(BAR!E12*0.9*0.87,) -> 11745 | F12: =ROUNDUP(BAR!F12*0.9*0.87,) -> 11745 | G12: =ROUNDUP(BAR!G12*0.9*0.87,) -> 10649 | H12: =ROUNDUP(BAR!H12*0.9*0.87,) -> 10649 | I12: =ROUNDUP(BAR!I12*0.9*0.87,) -> 10649 | ... GW12: =ROUNDUP(BAR!GW12*0.9*0.87,) -> 13468
A13: 2 | B13: =ROUNDUP(BAR!B13*0.9*0.87,) -> 12803 | C13: =ROUNDUP(BAR!C13*0.9*0.87,) -> 12411 | D13: =ROUNDUP(BAR!D13*0.9*0.87,) -> 13194 | E13: =ROUNDUP(BAR!E13*0.9*0.87,) -> 13194 | F13: =ROUNDUP(BAR!F13*0.9*0.87,) -> 13194 | G13: =ROUNDUP(BAR!G13*0.9*0.87,) -> 12098 | H13: =ROUNDUP(BAR!H13*0.9*0.87,) -> 12098 | I13: =ROUNDUP(BAR!I13*0.9*0.87,) -> 12098 | ... GW13: =ROUNDUP(BAR!GW13*0.9*0.87,) -> 15034
A14: Номер Привилегия с двуспальной кроватью Номер Привилегия, для маломобильных с двуспальной кроватью
A15: 1 | B15: =ROUNDUP(BAR!B15*0.9*0.87,) -> 12528 | C15: =ROUNDUP(BAR!C15*0.9*0.87,) -> 12137 | D15: =ROUNDUP(BAR!D15*0.9*0.87,) -> 12920 | E15: =ROUNDUP(BAR!E15*0.9*0.87,) -> 12920 | F15: =ROUNDUP(BAR!F15*0.9*0.87,) -> 12920 | G15: =ROUNDUP(BAR!G15*0.9*0.87,) -> 11824 | H15: =ROUNDUP(BAR!H15*0.9*0.87,) -> 11824 | I15: =ROUNDUP(BAR!I15*0.9*0.87,) -> 11824 | ... GW15: =ROUNDUP(BAR!GW15*0.9*0.87,) -> 14643
A16: 2 | B16: =ROUNDUP(BAR!B16*0.9*0.87,) -> 13977 | C16: =ROUNDUP(BAR!C16*0.9*0.87,) -> 13586 | D16: =ROUNDUP(BAR!D16*0.9*0.87,) -> 14369 | E16: =ROUNDUP(BAR!E16*0.9*0.87,) -> 14369 | F16: =ROUNDUP(BAR!F16*0.9*0.87,) -> 14369 | G16: =ROUNDUP(BAR!G16*0.9*0.87,) -> 13272 | H16: =ROUNDUP(BAR!H16*0.9*0.87,) -> 13272 | I16: =ROUNDUP(BAR!I16*0.9*0.87,) -> 13272 | ... GW16: =ROUNDUP(BAR!GW16*0.9*0.87,) -> 16209
A17: Номер Привилегия Люкс с двуспальной кроватью, Номер Привилегия Люкс с 2 односпальными кроватями
A18: 1 | B18: =ROUNDUP(BAR!B18*0.9*0.87,) -> 14094 | C18: =ROUNDUP(BAR!C18*0.9*0.87,) -> 13703 | D18: =ROUNDUP(BAR!D18*0.9*0.87,) -> 14486 | E18: =ROUNDUP(BAR!E18*0.9*0.87,) -> 14486 | F18: =ROUNDUP(BAR!F18*0.9*0.87,) -> 14486 | G18: =ROUNDUP(BAR!G18*0.9*0.87,) -> 13390 | H18: =ROUNDUP(BAR!H18*0.9*0.87,) -> 13390 | I18: =ROUNDUP(BAR!I18*0.9*0.87,) -> 13390 | ... GW18: =ROUNDUP(BAR!GW18*0.9*0.87,) -> 16992
A19: 2 | B19: =ROUNDUP(BAR!B19*0.9*0.87,) -> 15543 | C19: =ROUNDUP(BAR!C19*0.9*0.87,) -> 15152 | D19: =ROUNDUP(BAR!D19*0.9*0.87,) -> 15935 | E19: =ROUNDUP(BAR!E19*0.9*0.87,) -> 15935 | F19: =ROUNDUP(BAR!F19*0.9*0.87,) -> 15935 | G19: =ROUNDUP(BAR!G19*0.9*0.87,) -> 14838 | H19: =ROUNDUP(BAR!H19*0.9*0.87,) -> 14838 | I19: =ROUNDUP(BAR!I19*0.9*0.87,) -> 14838 | ... GW19: =ROUNDUP(BAR!GW19*0.9*0.87,) -> 18558
A20: Номер Семейный Люкс с 2 спальнями
A21: 1 | B21: =ROUNDUP(BAR!B21*0.9*0.87,) -> 20750 | C21: =ROUNDUP(BAR!C21*0.9*0.87,) -> 20358 | D21: =ROUNDUP(BAR!D21*0.9*0.87,) -> 21141 | E21: =ROUNDUP(BAR!E21*0.9*0.87,) -> 21141 | F21: =ROUNDUP(BAR!F21*0.9*0.87,) -> 21141 | G21: =ROUNDUP(BAR!G21*0.9*0.87,) -> 20045 | H21: =ROUNDUP(BAR!H21*0.9*0.87,) -> 20045 | I21: =ROUNDUP(BAR!I21*0.9*0.87,) -> 20045 | ... GW21: =ROUNDUP(BAR!GW21*0.9*0.87,) -> 26074
A22: 2 | B22: =ROUNDUP(BAR!B22*0.9*0.87,) -> 20750 | C22: =ROUNDUP(BAR!C22*0.9*0.87,) -> 20358 | D22: =ROUNDUP(BAR!D22*0.9*0.87,) -> 21141 | E22: =ROUNDUP(BAR!E22*0.9*0.87,) -> 21141 | F22: =ROUNDUP(BAR!F22*0.9*0.87,) -> 21141 | G22: =ROUNDUP(BAR!G22*0.9*0.87,) -> 20045 | H22: =ROUNDUP(BAR!H22*0.9*0.87,) -> 20045 | I22: =ROUNDUP(BAR!I22*0.9*0.87,) -> 20045 | ... GW22: =ROUNDUP(BAR!GW22*0.9*0.87,) -> 26074
A23: 3 | B23: =ROUNDUP(BAR!B23*0.9*0.87,) -> 20750 | C23: =ROUNDUP(BAR!C23*0.9*0.87,) -> 20358 | D23: =ROUNDUP(BAR!D23*0.9*0.87,) -> 21141 | E23: =ROUNDUP(BAR!E23*0.9*0.87,) -> 21141 | F23: =ROUNDUP(BAR!F23*0.9*0.87,) -> 21141 | G23: =ROUNDUP(BAR!G23*0.9*0.87,) -> 20045 | H23: =ROUNDUP(BAR!H23*0.9*0.87,) -> 20045 | I23: =ROUNDUP(BAR!I23*0.9*0.87,) -> 20045 | ... GW23: =ROUNDUP(BAR!GW23*0.9*0.87,) -> 26074
A24: 4 | B24: =ROUNDUP(BAR!B24*0.9*0.87,) -> 20750 | C24: =ROUNDUP(BAR!C24*0.9*0.87,) -> 20358 | D24: =ROUNDUP(BAR!D24*0.9*0.87,) -> 21141 | E24: =ROUNDUP(BAR!E24*0.9*0.87,) -> 21141 | F24: =ROUNDUP(BAR!F24*0.9*0.87,) -> 21141 | G24: =ROUNDUP(BAR!G24*0.9*0.87,) -> 20045 | H24: =ROUNDUP(BAR!H24*0.9*0.87,) -> 20045 | I24: =ROUNDUP(BAR!I24*0.9*0.87,) -> 20045 | ... GW24: =ROUNDUP(BAR!GW24*0.9*0.87,) -> 26074
A25: ВАЖНО:
A26: Доступен для бронирования от 7 до 14 дней до заезда.
A27: Даты тарифа (включительно):
A28: Период продажи: 20.03.2026 - 30.03.2027 Период проживания: 20.03.2026 - 31.03.2027
A29: Закрытые даты (включительно):
A30: 30.12.2026 - 08.01.2027
A31: В стоимость включено:
A32: Завтрак по системе "Шведский стол"; Посещение СПА-центра и тренажерного зала отеля; Бесплатная парковка на Поляне 960; Подъем на канатной дороге до Поляны 960; Бесплатный Wi-Fi на территории всего отеля; Комната для хранения горнолыжного оборудования
A33: Условия аннуляции:
A34: Для оформления бронирования необходимо внести 100% предоплату в размере полной стоимости проживания. В случае отмены или изменения бронирования после 00:00 часов дня заезда удерживается стоимость первых суток.

Sheet РБ15% FIT18
A1: Панорама by Mercure Красная Поляна 4*
A2: Тариф "Раннее бронирование со скидкой 15%, завтрак включен"
A3: Нетто тарифы
A4: завтраки формата "Шведский стол" | B4: 46274 | C4: 46275 | D4: 46276 | E4: 46277 | F4: 46278 | G4: 46279 | H4: 46280 | I4: 46281 | J4: 46282 | K4: 46283 | L4: 46284 | M4: 46285 | N4: 46286 | O4: 46287 | P4: 46288 | Q4: 46289 | R4: 46290 | S4: 46291 | T4: 46292 | U4: 46293 | V4: 46294 | W4: 46295 | X4: 46296 | Y4: 46297 | Z4: 46298 | AA4: 46299 | AB4: 46300 | AC4: 46301 | AD4: 46302 | AE4: 46303 | AF4: 46304 | AG4: 46305 | AH4: 46306 | AI4: 46307 | AJ4: 46308 | AK4: 46309 | AL4: 46310 | AM4: 46311 | AN4: 46312 | AO4: 46313 | AP4: 46314 | AQ4: 46315 | AR4: 46316 | AS4: 46317 | AT4: 46318 | AU4: 46319 | AV4: 46320 | AW4: 46321 | AX4: 46322 | AY4: 46323 | AZ4: 46324 | BA4: 46325 | BB4: 46326 | BC4: 46327 | BD4: 46328 | BE4: 46329 | BF4: 46330 | BG4: 46331 | BH4: 46332 | BI4: 46333 | BJ4: 46334 | BK4: 46335 | BL4: 46336 | BM4: 46337 | BN4: 46338 | BO4: 46339 | BP4: 46340 | BQ4: 46341 | BR4: 46342 | BS4: 46343 | BT4: 46344 | BU4: 46345 | BV4: 46346 | BW4: 46347 | BX4: 46348 | BY4: 46349 | BZ4: 46350 | CA4: 46351 | CB4: 46352 | CC4: 46353 | CD4: 46354 | CE4: 46355 | CF4: 46356 | CG4: 46357 | CH4: 46358 | CI4: 46359 | CJ4: 46360 | CK4: 46361 | CL4: 46362 | CM4: 46363 | CN4: 46364 | CO4: 46365 | CP4: 46366 | CQ4: 46367 | CR4: 46368 | CS4: 46369 | CT4: 46370 | CU4: 46371 | CV4: 46372 | CW4: 46373 | CX4: 46374 | CY4: 46375 | CZ4: 46376 | DA4: 46377 | DB4: 46378 | DC4: 46379 | DD4: 46380 | DE4: 46381 | DF4: 46382 | DG4: 46383 | DH4: 46384 | DI4: 46385 | DJ4: 46386 | DK4: 46387 | DL4: 46388 | DM4: 46389 | DN4: 46390 | DO4: 46391 | DP4: 46392 | DQ4: 46393 | DR4: 46394 | DS4: 46395 | DT4: 46396 | DU4: 46397 | DV4: 46398 | DW4: 46399 | DX4: 46400 | DY4: 46401 | DZ4: 46402 | EA4: 46403 | EB4: 46404 | EC4: 46405 | ED4: 46406 | EE4: 46407 | EF4: 46408 | EG4: 46409 | EH4: 46410 | EI4: 46411 | EJ4: 46412 | EK4: 46413 | EL4: 46414 | EM4: 46415 | EN4: 46416 | EO4: 46417 | EP4: 46418 | EQ4: 46419 | ER4: 46420 | ES4: 46421 | ET4: 46422 | EU4: 46423 | EV4: 46424 | EW4: 46425 | EX4: 46426 | EY4: 46427 | EZ4: 46428 | FA4: 46429 | FB4: 46430 | FC4: 46431 | FD4: 46432 | FE4: 46433 | FF4: 46434 | FG4: 46435 | FH4: 46436 | FI4: 46437 | FJ4: 46438 | FK4: 46439 | FL4: 46440 | FM4: 46441 | FN4: 46442 | FO4: 46443 | FP4: 46444 | FQ4: 46445 | FR4: 46446 | FS4: 46447 | FT4: 46448 | FU4: 46449 | FV4: 46450 | FW4: 46451 | FX4: 46452 | FY4: 46453 | FZ4: 46454 | GA4: 46455 | GB4: 46456 | GC4: 46457 | GD4: 46458 | GE4: 46459 | GF4: 46460 | GG4: 46461 | GH4: 46462 | GI4: 46463 | GJ4: 46464 | GK4: 46465 | GL4: 46466 | GM4: 46467 | GN4: 46468 | GO4: 46469 | GP4: 46470 | GQ4: 46471 | GR4: 46472 | GS4: 46473 | GT4: 46474 | GU4: 46475 | GV4: 46476 | GW4: 46477
A5: Классический номер с двуспальной кроватью, Классический номер с 2 односпальными кроватями
A6: 1 | B6: =ROUNDUP('РБ15%'!B6*0.87,) -> 6286 | C6: =ROUNDUP('РБ15%'!C6*0.87,) -> 5916 | D6: =ROUNDUP('РБ15%'!D6*0.87,) -> 6656 | E6: =ROUNDUP('РБ15%'!E6*0.87,) -> 6656 | F6: =ROUNDUP('РБ15%'!F6*0.87,) -> 6656 | G6: =ROUNDUP('РБ15%'!G6*0.87,) -> 5621 | H6: =ROUNDUP('РБ15%'!H6*0.87,) -> 5621 | I6: =ROUNDUP('РБ15%'!I6*0.87,) -> 5621 | ... GW6: =ROUNDUP('РБ15%'!GW6*0.87,) -> 9762
A7: 2 | B7: =ROUNDUP('РБ15%'!B7*0.87,) -> 7654 | C7: =ROUNDUP('РБ15%'!C7*0.87,) -> 7285 | D7: =ROUNDUP('РБ15%'!D7*0.87,) -> 8024 | E7: =ROUNDUP('РБ15%'!E7*0.87,) -> 8024 | F7: =ROUNDUP('РБ15%'!F7*0.87,) -> 8024 | G7: =ROUNDUP('РБ15%'!G7*0.87,) -> 6989 | H7: =ROUNDUP('РБ15%'!H7*0.87,) -> 6989 | I7: =ROUNDUP('РБ15%'!I7*0.87,) -> 6989 | ... GW7: =ROUNDUP('РБ15%'!GW7*0.87,) -> 11241
A8: Классический улучшенный номер с двуспальной кроватью, Классический улучшенный номер с 2 односпальными кроватями
A9: 1 | B9: =ROUNDUP('РБ15%'!B9*0.87,) -> 7765 | C9: =ROUNDUP('РБ15%'!C9*0.87,) -> 7395 | D9: =ROUNDUP('РБ15%'!D9*0.87,) -> 8135 | E9: =ROUNDUP('РБ15%'!E9*0.87,) -> 8135 | F9: =ROUNDUP('РБ15%'!F9*0.87,) -> 8135 | G9: =ROUNDUP('РБ15%'!G9*0.87,) -> 7100 | H9: =ROUNDUP('РБ15%'!H9*0.87,) -> 7100 | I9: =ROUNDUP('РБ15%'!I9*0.87,) -> 7100 | ... GW9: =ROUNDUP('РБ15%'!GW9*0.87,) -> 11019
A10: 2 | B10: =ROUNDUP('РБ15%'!B10*0.87,) -> 9133 | C10: =ROUNDUP('РБ15%'!C10*0.87,) -> 8764 | D10: =ROUNDUP('РБ15%'!D10*0.87,) -> 9503 | E10: =ROUNDUP('РБ15%'!E10*0.87,) -> 9503 | F10: =ROUNDUP('РБ15%'!F10*0.87,) -> 9503 | G10: =ROUNDUP('РБ15%'!G10*0.87,) -> 8468 | H10: =ROUNDUP('РБ15%'!H10*0.87,) -> 8468 | I10: =ROUNDUP('РБ15%'!I10*0.87,) -> 8468 | ... GW10: =ROUNDUP('РБ15%'!GW10*0.87,) -> 12498
A11: Классический улучшенный номер Комфорт, вид на горы - с 2 односпальными кроватями
A12: 1 | B12: =ROUNDUP('РБ15%'!B12*0.87,) -> 10723 | C12: =ROUNDUP('РБ15%'!C12*0.87,) -> 10353 | D12: =ROUNDUP('РБ15%'!D12*0.87,) -> 11093 | E12: =ROUNDUP('РБ15%'!E12*0.87,) -> 11093 | F12: =ROUNDUP('РБ15%'!F12*0.87,) -> 11093 | G12: =ROUNDUP('РБ15%'!G12*0.87,) -> 10058 | H12: =ROUNDUP('РБ15%'!H12*0.87,) -> 10058 | I12: =ROUNDUP('РБ15%'!I12*0.87,) -> 10058 | ... GW12: =ROUNDUP('РБ15%'!GW12*0.87,) -> 12720
A13: 2 | B13: =ROUNDUP('РБ15%'!B13*0.87,) -> 12091 | C13: =ROUNDUP('РБ15%'!C13*0.87,) -> 11722 | D13: =ROUNDUP('РБ15%'!D13*0.87,) -> 12461 | E13: =ROUNDUP('РБ15%'!E13*0.87,) -> 12461 | F13: =ROUNDUP('РБ15%'!F13*0.87,) -> 12461 | G13: =ROUNDUP('РБ15%'!G13*0.87,) -> 11426 | H13: =ROUNDUP('РБ15%'!H13*0.87,) -> 11426 | I13: =ROUNDUP('РБ15%'!I13*0.87,) -> 11426 | ... GW13: =ROUNDUP('РБ15%'!GW13*0.87,) -> 14199
A14: Номер Привилегия с двуспальной кроватью Номер Привилегия, для маломобильных с двуспальной кроватью
A15: 1 | B15: =ROUNDUP('РБ15%'!B15*0.87,) -> 11832 | C15: =ROUNDUP('РБ15%'!C15*0.87,) -> 11463 | D15: =ROUNDUP('РБ15%'!D15*0.87,) -> 12202 | E15: =ROUNDUP('РБ15%'!E15*0.87,) -> 12202 | F15: =ROUNDUP('РБ15%'!F15*0.87,) -> 12202 | G15: =ROUNDUP('РБ15%'!G15*0.87,) -> 11167 | H15: =ROUNDUP('РБ15%'!H15*0.87,) -> 11167 | I15: =ROUNDUP('РБ15%'!I15*0.87,) -> 11167 | ... GW15: =ROUNDUP('РБ15%'!GW15*0.87,) -> 13829
A16: 2 | B16: =ROUNDUP('РБ15%'!B16*0.87,) -> 13201 | C16: =ROUNDUP('РБ15%'!C16*0.87,) -> 12831 | D16: =ROUNDUP('РБ15%'!D16*0.87,) -> 13570 | E16: =ROUNDUP('РБ15%'!E16*0.87,) -> 13570 | F16: =ROUNDUP('РБ15%'!F16*0.87,) -> 13570 | G16: =ROUNDUP('РБ15%'!G16*0.87,) -> 12535 | H16: =ROUNDUP('РБ15%'!H16*0.87,) -> 12535 | I16: =ROUNDUP('РБ15%'!I16*0.87,) -> 12535 | ... GW16: =ROUNDUP('РБ15%'!GW16*0.87,) -> 15308
A17: Номер Привилегия Люкс с двуспальной кроватью, Номер Привилегия Люкс с 2 односпальными кроватями
A18: 1 | B18: =ROUNDUP('РБ15%'!B18*0.87,) -> 13311 | C18: =ROUNDUP('РБ15%'!C18*0.87,) -> 12942 | D18: =ROUNDUP('РБ15%'!D18*0.87,) -> 13681 | E18: =ROUNDUP('РБ15%'!E18*0.87,) -> 13681 | F18: =ROUNDUP('РБ15%'!F18*0.87,) -> 13681 | G18: =ROUNDUP('РБ15%'!G18*0.87,) -> 12646 | H18: =ROUNDUP('РБ15%'!H18*0.87,) -> 12646 | I18: =ROUNDUP('РБ15%'!I18*0.87,) -> 12646 | ... GW18: =ROUNDUP('РБ15%'!GW18*0.87,) -> 16048
A19: 2 | B19: =ROUNDUP('РБ15%'!B19*0.87,) -> 14680 | C19: =ROUNDUP('РБ15%'!C19*0.87,) -> 14310 | D19: =ROUNDUP('РБ15%'!D19*0.87,) -> 15049 | E19: =ROUNDUP('РБ15%'!E19*0.87,) -> 15049 | F19: =ROUNDUP('РБ15%'!F19*0.87,) -> 15049 | G19: =ROUNDUP('РБ15%'!G19*0.87,) -> 14014 | H19: =ROUNDUP('РБ15%'!H19*0.87,) -> 14014 | I19: =ROUNDUP('РБ15%'!I19*0.87,) -> 14014 | ... GW19: =ROUNDUP('РБ15%'!GW19*0.87,) -> 17527
A20: Номер Семейный Люкс с 2 спальнями
A21: 1 | B21: =ROUNDUP('РБ15%'!B21*0.87,) -> 19597 | C21: =ROUNDUP('РБ15%'!C21*0.87,) -> 19227 | D21: =ROUNDUP('РБ15%'!D21*0.87,) -> 19967 | E21: =ROUNDUP('РБ15%'!E21*0.87,) -> 19967 | F21: =ROUNDUP('РБ15%'!F21*0.87,) -> 19967 | G21: =ROUNDUP('РБ15%'!G21*0.87,) -> 18932 | H21: =ROUNDUP('РБ15%'!H21*0.87,) -> 18932 | I21: =ROUNDUP('РБ15%'!I21*0.87,) -> 18932 | ... GW21: =ROUNDUP('РБ15%'!GW21*0.87,) -> 24626
A22: 2 | B22: =ROUNDUP('РБ15%'!B22*0.87,) -> 19597 | C22: =ROUNDUP('РБ15%'!C22*0.87,) -> 19227 | D22: =ROUNDUP('РБ15%'!D22*0.87,) -> 19967 | E22: =ROUNDUP('РБ15%'!E22*0.87,) -> 19967 | F22: =ROUNDUP('РБ15%'!F22*0.87,) -> 19967 | G22: =ROUNDUP('РБ15%'!G22*0.87,) -> 18932 | H22: =ROUNDUP('РБ15%'!H22*0.87,) -> 18932 | I22: =ROUNDUP('РБ15%'!I22*0.87,) -> 18932 | ... GW22: =ROUNDUP('РБ15%'!GW22*0.87,) -> 24626
A23: 3 | B23: =ROUNDUP('РБ15%'!B23*0.87,) -> 19597 | C23: =ROUNDUP('РБ15%'!C23*0.87,) -> 19227 | D23: =ROUNDUP('РБ15%'!D23*0.87,) -> 19967 | E23: =ROUNDUP('РБ15%'!E23*0.87,) -> 19967 | F23: =ROUNDUP('РБ15%'!F23*0.87,) -> 19967 | G23: =ROUNDUP('РБ15%'!G23*0.87,) -> 18932 | H23: =ROUNDUP('РБ15%'!H23*0.87,) -> 18932 | I23: =ROUNDUP('РБ15%'!I23*0.87,) -> 18932 | ... GW23: =ROUNDUP('РБ15%'!GW23*0.87,) -> 24626
A24: 4 | B24: =ROUNDUP('РБ15%'!B24*0.87,) -> 19597 | C24: =ROUNDUP('РБ15%'!C24*0.87,) -> 19227 | D24: =ROUNDUP('РБ15%'!D24*0.87,) -> 19967 | E24: =ROUNDUP('РБ15%'!E24*0.87,) -> 19967 | F24: =ROUNDUP('РБ15%'!F24*0.87,) -> 19967 | G24: =ROUNDUP('РБ15%'!G24*0.87,) -> 18932 | H24: =ROUNDUP('РБ15%'!H24*0.87,) -> 18932 | I24: =ROUNDUP('РБ15%'!I24*0.87,) -> 18932 | ... GW24: =ROUNDUP('РБ15%'!GW24*0.87,) -> 24626
A25: ВАЖНО:
A26: Доступен для бронирования от 15 дней до заезда.
A27: Даты тарифа (включительно):
A28: Период продажи: 20.03.2026 - 30.03.2027 Период проживания: 20.03.2026 - 31.03.2027
A29: В стоимость включено:
A30: Завтрак по системе "Шведский стол"; Посещение СПА-центра и тренажерного зала отеля; Бесплатная парковка на Поляне 960; Подъем на канатной дороге до Поляны 960; Бесплатный Wi-Fi на территории всего отеля; Комната для хранения горнолыжного оборудования
A31: Условия аннуляции:
A32: Для оформления бронирования необходимо внести 100% предоплату в размере полной стоимости проживания. В случае отмены или изменения бронирования после 00:00 часов дня заезда удерживается стоимость первых суток.

Sheet ОиК FIT18
A1: Панорама by Mercure Красная Поляна 4*
A2: тариф ОТДЫХАЙ и КАТАЙ
A3: Нетто тарифы
A4: завтраки формата "Шведский стол"
A5: Классический номер с двуспальной кроватью, Классический номер с 2 односпальными кроватями
A6: 1
A7: 2
A8: Классический улучшенный номер с двуспальной кроватью, Классический улучшенный номер с 2 односпальными кроватями
A9: 1
A10: 2
A11: Классический улучшенный номер Комфорт, вид на горы - с 2 односпальными кроватями
A12: 1
A13: 2
A14: Номер Привилегия с двуспальной кроватью Номер Привилегия, для маломобильных с двуспальной кроватью
A15: 1
A16: 2
A17: Номер Привилегия Люкс с двуспальной кроватью, Номер Привилегия Люкс с 2 односпальными кроватями
A18: 1
A19: 2
A20: Номер Семейный Люкс с 2 спальнями
A21: 1
A22: 2
A23: 3
A24: 4
A25: ВАЖНО:
A26: Дополнительно на каждый день проживания в стоимость заявки добавляются ски-пассы для каждого взрослого, стоимость: 09.01.2025 - 31.03.2026 включительно - 3500 рублей. 01.04.2026 - 09.05.2026 включительно - 2000 рублей. При размещении дополнительных гостей, также на каждый день проживания добавляются в стоимость заявки ски-пассы на каждого взрослого гостя: 09.01.2025 - 31.03.2026 включительно - 3500 рублей. 01.04.2026 - 09.05.2026 включительно - 2000 рублей.
A27: В Тravelline тариф выгружается с учетом стоимости ски-пассов на каждого взрослого в заявке. В заявки, направляемые вручную по почте, дополнительно на каждый день проживания в стоимость добавляется стоимость ски-пассов для каждого взрослого самостоятельно.
A28: Выдача электронного купона производится при заселении на стойке регистрации. Получить ски-пассы можно в автоматах (пикап-поинтах) у канатных дорог. Возврат средств за неиспользованные ски-пассы не производится. Тариф включает ски-пассы только для взрослых гостей. Детские ски-пассы приобретаются в кассе курорта или на стойке «Чем заняться» за 1 рубль.
A29: Даты тарифа:
A30: Период продажи: 31.10.2025 - 09.05.2026 Период проживания: 09.01.2026 - 10.05.2026
A31: В стоимость включено:
A32: Проживание в номере выбранной категории со скидкой 10%; Ски-пасс "Дневной взрослый" со скидкой 50% на весь период проживания (от открытой стоимости krasnayapolyanaresort.ru);* Завтрак по системе "Шведский стол"; Посещение СПА-центра и тренажерного зала отеля; Бесплатная парковка на Поляне 960; Подъем на канатной дороге до Поляны 960; Бесплатный Wi-Fi на территории всего отеля; Комната для хранения горнолыжного оборудования *Количество ски-пассов равно количеству ночей проживания
A33: Дополнительно в стоимость включено с 08.04.2026:
A34: Скидка 15% на все массажи и спа-процедуры во всех СПА Курорта (Mövenpick5*, Novotel Resort&Spa 5*, Rixos 5* и Marriott 5*, с 13.04.26 в отеле Panorama by Mercure 4*); Скидка 30% на меню и напитки ресторана «Вершина» (2200 м); Скидка 25% на разовый визит в СПА Novotel Resort&Spa 5* с открытым бассейном; Аренда малого банного комплекса с 9:00 до 11:00 (не более 5 гостей) - до 5 авторских процедур в подарок «Ритуал Воздуха» или «Сила Стихий»; Разовое посещение большого банного комплекса от 4 000р./взр и детский тариф со скидкой 50% от стоимости тарифа для взрослых (Посещение не входит в стоимость, оплачивается дополнительно). Подробная информация о предоставлении услуг в Службе поддержки Курорта: тел. 8 800 550 20 20 e-mail: infocenter@kpresort.ru. Услуги предложения действуют только в период проживания и предоставляются однократно, согласно условиям в купонной книге. Купонная книга выдается при заселении из расчета: 1 номер = 1 книга. Предложение ограничено и не комбинируется с другими действующими акциями отеля. НАО «Красная поляна» оставляет за собой право изменять услуги в составе пакета. Предоставление услуг может зависеть от высокой загрузки СПА и банного комплекса.
A35: Условия аннуляции:
A36: В случае отмены или изменения бронирования после 00:00 часов дня заезда удерживается стоимость первых суток.
... A38: Ежегодные регламентные работы на канатных дорогах курорта Красная Поляна пройдут с 16 марта по 24 июня 2026 года. С 10 по 31 мая будут закрыты канатные дороги Центрального сектора: («Красная Поляна» 540-960 м, «Реликтовый лес» 960-1460 м, «Вершина» 1460-2200 м, «Аибга» 2200-2050 м, «Черная Пирамида» 2050-2300 м). На время регламентных работ между уровнями 540-960 м будут курсировать шаттлы курорта. С 16 марта по 24 апреля будет закрыта канатная дорога Восточного сектора К‑13 «Водопад Поликаря. С 1 апреля по 24 апреля будут закрыты канатные дороги К‑10 «Восточный лес» и К‑12 «Старт чемпиона». К‑8 «Снежная звезда»: закрыта с 1 по 24 июня.

Sheet СП FIT18
A1: Панорама by Mercure Красная Поляна 4*
A2: Отель и Сочи Парк (Проживание + билет в Сочи Парк)
A3: Нетто тарифы
A4: завтраки формата "Шведский стол" | B4: =BAR!#REF! -> #REF!
A5: Классический номер с двуспальной кроватью, Классический номер с 2 односпальными кроватями
A6: 1 | B6: =ROUNDUP(BAR!#REF!*0.87,) -> #REF!
A7: 2 | B7: =ROUNDUP(BAR!#REF!*0.87,) -> #REF!
A8: Классический улучшенный номер с двуспальной кроватью, Классический улучшенный номер с 2 односпальными кроватями
A9: 1 | B9: =ROUNDUP(BAR!#REF!*0.87,) -> #REF!
A10: 2 | B10: =ROUNDUP(BAR!#REF!*0.87,) -> #REF!
A11: Классический улучшенный номер Комфорт, вид на горы - с 2 односпальными кроватями
A12: 1 | B12: =ROUNDUP(BAR!#REF!*0.87,) -> #REF!
A13: 2 | B13: =ROUNDUP(BAR!#REF!*0.87,) -> #REF!
A14: Номер Привилегия с двуспальной кроватью Номер Привилегия, для маломобильных с двуспальной кроватью
A15: 1 | B15: =ROUNDUP(BAR!#REF!*0.87,) -> #REF!
A16: 2 | B16: =ROUNDUP(BAR!#REF!*0.87,) -> #REF!
A17: Номер Привилегия Люкс с двуспальной кроватью, Номер Привилегия Люкс с 2 односпальными кроватями
A18: 1 | B18: =ROUNDUP(BAR!#REF!*0.87,) -> #REF!
A19: 2 | B19: =ROUNDUP(BAR!#REF!*0.87,) -> #REF!
A20: Номер Семейный Люкс с 2 спальнями
A21: 1 | B21: =ROUNDUP(BAR!#REF!*0.87,) -> #REF!
A22: 2 | B22: =ROUNDUP(BAR!#REF!*0.87,) -> #REF!
A23: 3 | B23: =ROUNDUP(BAR!#REF!*0.87,) -> #REF!
A24: 4 | B24: =ROUNDUP(BAR!#REF!*0.87,) -> #REF!
A25: ВАЖНО:
A26: Дополнительно единоразово за каждого взрослого и каждого ребенка с 7 лет к стоимости тарифа добавляется 1275руб.
A27: Даты тарифа:
A28: Даты бронирования: 13.02-22.04.26 вкл-но Даты проживания: 13.02-24.04.26 вкл-но.
A29: Тариф включает:
A30: Завтрак по системе "Шведский стол"; Билет в Сочи Парк (единоразовое посещение парка)* Посещение СПА-центра и тренажерного зала отеля; Бесплатная парковка на Поляне 960; Подъем на канатной дороге до Поляны 960; Бесплатный Wi-Fi на территории всего отеля; Комната для хранения горнолыжного оборудования
A31: Условия аннуляции:
A32: В случае отмены или изменения бронирования после 00:00 часов дня заезда удерживается стоимость первых суток.
A33: Дополнительная информация:
A34: • Билет в парк предоставляется один раз для всех проживающих гостей от 7-ми лет. В случае размещения дополнительных гостей, не указанных в бронировании, все услуги для них приобретаются отдельно по открытой стоимости в Сочи Парке. • Воспользоваться данной услугой возможно только в период проживания. Билеты в Сочи Парк предоставляются в бумажном виде на стойке приема и размещения в день заселения. • До 7-ми лет гости посещают парк без билета, при условии сопровождения взрослого от 18-ти лет с действительным билетом по тарифу «Сочи Парк КП» и предъявления при входе в парк документа, подтверждающего возраст ребёнка. Предоставление документов допускается в электронном виде. Каждый взрослый от 18 лет с билетом по тарифу «Сочи Парк КП» имеет право сопровождать не более 3-х гостей до 6 лет включительно. • Аттракционы Сочи Парка работают в зависимости от погодных условий. С подробной афишей можно ознакомиться на sochipark.ru • При предъявлении билета можно выходить из парка и повторно входить в течение дня. • Дополнительный тариф, доступный в продаже только в кассе парка: «Льготный» – инвалидам только 1 группы, детям-инвалидам, гостям старше 65 лет. Все льготы предоставляются только по предъявлению соответствующих документов. • Тематический парк "Сочи Парк" находится по адресу: г. Сочи, Олимпийский просп., 21, режим работы с 10:00 до 22:00.
A35: Регламентные работы:
A36: Ежегодные регламентные работы на канатных дорогах курорта Красная Поляна пройдут с 16 марта по 24 июня 2026 года. С 10 по 31 мая будут закрыты канатные дороги Центрального сектора: («Красная Поляна» 540-960 м, «Реликтовый лес» 960-1460 м, «Вершина» 1460-2200 м, «Аибга» 2200-2050 м, «Черная Пирамида» 2050-2300 м). На время регламентных работ между уровнями 540-960 м будут курсировать шаттлы курорта. С 16 марта по 24 апреля будет закрыта канатная дорога Восточного сектора К‑13 «Водопад Поликаря. С 1 апреля по 24 апреля будут закрыты канатные дороги К‑10 «Восточный лес» и К‑12 «Старт чемпиона». К‑8 «Снежная звезда»: закрыта с 1 по 24 июня.

Sheet ТЧК FIT18
A1: Панорама by Mercure Красная Поляна 4*
A2: ТОЧКА ПРИТЯЖЕНИЯ
A3: Нетто тарифы
A4: завтраки формата "Шведский стол" | B4: 46215 | C4: 46216 | D4: 46217 | E4: 46218 | F4: 46219 | G4: 46220 | H4: 46221 | I4: 46222 | J4: 46223 | K4: 46224 | L4: 46225 | M4: 46226 | N4: 46227 | O4: 46228 | P4: 46229 | Q4: 46230 | R4: 46231 | S4: 46232 | T4: 46233 | U4: 46234 | V4: 46235 | W4: 46236 | X4: 46237 | Y4: 46238 | Z4: 46239 | AA4: 46240 | AB4: 46241 | AC4: 46242 | AD4: 46243 | AE4: 46244 | AF4: 46245 | AG4: 46246 | AH4: 46247 | AI4: 46248 | AJ4: 46249 | AK4: 46250 | AL4: 46251 | AM4: 46252 | AN4: 46253 | AO4: 46254 | AP4: 46255 | AQ4: 46256 | AR4: 46257 | AS4: 46258 | AT4: 46259 | AU4: 46260 | AV4: 46261 | AW4: 46262 | AX4: 46263 | AY4: 46264 | AZ4: 46265
A5: Классический номер с двуспальной кроватью, Классический номер с 2 односпальными кроватями
A6: 1 | B6: =ТЧК!B6*0.87 -> #REF! | C6: =ТЧК!C6*0.87 -> #REF! | D6: =ТЧК!D6*0.87 -> #REF! | E6: =ТЧК!E6*0.87 -> #REF! | F6: =ТЧК!F6*0.87 -> #REF! | G6: =ТЧК!G6*0.87 -> #REF! | H6: =ТЧК!H6*0.87 -> #REF! | I6: =ТЧК!I6*0.87 -> #REF! | ... AZ6: =ТЧК!AZ6*0.87 -> #REF!
A7: 2 | B7: =ТЧК!B7*0.87 -> #REF! | C7: =ТЧК!C7*0.87 -> #REF! | D7: =ТЧК!D7*0.87 -> #REF! | E7: =ТЧК!E7*0.87 -> #REF! | F7: =ТЧК!F7*0.87 -> #REF! | G7: =ТЧК!G7*0.87 -> #REF! | H7: =ТЧК!H7*0.87 -> #REF! | I7: =ТЧК!I7*0.87 -> #REF! | ... AZ7: =ТЧК!AZ7*0.87 -> #REF!
A8: Классический улучшенный номер с двуспальной кроватью, Классический улучшенный номер с 2 односпальными кроватями
A9: 1 | B9: =ТЧК!B9*0.87 -> #REF! | C9: =ТЧК!C9*0.87 -> #REF! | D9: =ТЧК!D9*0.87 -> #REF! | E9: =ТЧК!E9*0.87 -> #REF! | F9: =ТЧК!F9*0.87 -> #REF! | G9: =ТЧК!G9*0.87 -> #REF! | H9: =ТЧК!H9*0.87 -> #REF! | I9: =ТЧК!I9*0.87 -> #REF! | ... AZ9: =ТЧК!AZ9*0.87 -> #REF!
A10: 2 | B10: =ТЧК!B10*0.87 -> #REF! | C10: =ТЧК!C10*0.87 -> #REF! | D10: =ТЧК!D10*0.87 -> #REF! | E10: =ТЧК!E10*0.87 -> #REF! | F10: =ТЧК!F10*0.87 -> #REF! | G10: =ТЧК!G10*0.87 -> #REF! | H10: =ТЧК!H10*0.87 -> #REF! | I10: =ТЧК!I10*0.87 -> #REF! | ... AZ10: =ТЧК!AZ10*0.87 -> #REF!
A11: Классический улучшенный номер Комфорт, вид на горы - с 2 односпальными кроватями
A12: 1 | B12: =ТЧК!B12*0.87 -> #REF! | C12: =ТЧК!C12*0.87 -> #REF! | D12: =ТЧК!D12*0.87 -> #REF! | E12: =ТЧК!E12*0.87 -> #REF! | F12: =ТЧК!F12*0.87 -> #REF! | G12: =ТЧК!G12*0.87 -> #REF! | H12: =ТЧК!H12*0.87 -> #REF! | I12: =ТЧК!I12*0.87 -> #REF! | ... AZ12: =ТЧК!AZ12*0.87 -> #REF!
A13: 2 | B13: =ТЧК!B13*0.87 -> #REF! | C13: =ТЧК!C13*0.87 -> #REF! | D13: =ТЧК!D13*0.87 -> #REF! | E13: =ТЧК!E13*0.87 -> #REF! | F13: =ТЧК!F13*0.87 -> #REF! | G13: =ТЧК!G13*0.87 -> #REF! | H13: =ТЧК!H13*0.87 -> #REF! | I13: =ТЧК!I13*0.87 -> #REF! | ... AZ13: =ТЧК!AZ13*0.87 -> #REF!
A14: Номер Привилегия с двуспальной кроватью Номер Привилегия, для маломобильных с двуспальной кроватью
A15: 1 | B15: =ТЧК!B15*0.87 -> #REF! | C15: =ТЧК!C15*0.87 -> #REF! | D15: =ТЧК!D15*0.87 -> #REF! | E15: =ТЧК!E15*0.87 -> #REF! | F15: =ТЧК!F15*0.87 -> #REF! | G15: =ТЧК!G15*0.87 -> #REF! | H15: =ТЧК!H15*0.87 -> #REF! | I15: =ТЧК!I15*0.87 -> #REF! | ... AZ15: =ТЧК!AZ15*0.87 -> #REF!
A16: 2 | B16: =ТЧК!B16*0.87 -> #REF! | C16: =ТЧК!C16*0.87 -> #REF! | D16: =ТЧК!D16*0.87 -> #REF! | E16: =ТЧК!E16*0.87 -> #REF! | F16: =ТЧК!F16*0.87 -> #REF! | G16: =ТЧК!G16*0.87 -> #REF! | H16: =ТЧК!H16*0.87 -> #REF! | I16: =ТЧК!I16*0.87 -> #REF! | ... AZ16: =ТЧК!AZ16*0.87 -> #REF!
A17: Номер Привилегия Люкс с двуспальной кроватью, Номер Привилегия Люкс с 2 односпальными кроватями
A18: 1 | B18: =ТЧК!B18*0.87 -> #REF! | C18: =ТЧК!C18*0.87 -> #REF! | D18: =ТЧК!D18*0.87 -> #REF! | E18: =ТЧК!E18*0.87 -> #REF! | F18: =ТЧК!F18*0.87 -> #REF! | G18: =ТЧК!G18*0.87 -> #REF! | H18: =ТЧК!H18*0.87 -> #REF! | I18: =ТЧК!I18*0.87 -> #REF! | ... AZ18: =ТЧК!AZ18*0.87 -> #REF!
A19: 2 | B19: =ТЧК!B19*0.87 -> #REF! | C19: =ТЧК!C19*0.87 -> #REF! | D19: =ТЧК!D19*0.87 -> #REF! | E19: =ТЧК!E19*0.87 -> #REF! | F19: =ТЧК!F19*0.87 -> #REF! | G19: =ТЧК!G19*0.87 -> #REF! | H19: =ТЧК!H19*0.87 -> #REF! | I19: =ТЧК!I19*0.87 -> #REF! | ... AZ19: =ТЧК!AZ19*0.87 -> #REF!
A20: Номер Семейный Люкс с 2 спальнями
A21: 1 | B21: =ТЧК!B21*0.87 -> #REF! | C21: =ТЧК!C21*0.87 -> #REF! | D21: =ТЧК!D21*0.87 -> #REF! | E21: =ТЧК!E21*0.87 -> #REF! | F21: =ТЧК!F21*0.87 -> #REF! | G21: =ТЧК!G21*0.87 -> #REF! | H21: =ТЧК!H21*0.87 -> #REF! | I21: =ТЧК!I21*0.87 -> #REF! | ... AZ21: =ТЧК!AZ21*0.87 -> #REF!
A22: 2 | B22: =ТЧК!B22*0.87 -> #REF! | C22: =ТЧК!C22*0.87 -> #REF! | D22: =ТЧК!D22*0.87 -> #REF! | E22: =ТЧК!E22*0.87 -> #REF! | F22: =ТЧК!F22*0.87 -> #REF! | G22: =ТЧК!G22*0.87 -> #REF! | H22: =ТЧК!H22*0.87 -> #REF! | I22: =ТЧК!I22*0.87 -> #REF! | ... AZ22: =ТЧК!AZ22*0.87 -> #REF!
A23: 3 | B23: =ТЧК!B23*0.87 -> #REF! | C23: =ТЧК!C23*0.87 -> #REF! | D23: =ТЧК!D23*0.87 -> #REF! | E23: =ТЧК!E23*0.87 -> #REF! | F23: =ТЧК!F23*0.87 -> #REF! | G23: =ТЧК!G23*0.87 -> #REF! | H23: =ТЧК!H23*0.87 -> #REF! | I23: =ТЧК!I23*0.87 -> #REF! | ... AZ23: =ТЧК!AZ23*0.87 -> #REF!
A24: 4 | B24: =ТЧК!B24*0.87 -> #REF! | C24: =ТЧК!C24*0.87 -> #REF! | D24: =ТЧК!D24*0.87 -> #REF! | E24: =ТЧК!E24*0.87 -> #REF! | F24: =ТЧК!F24*0.87 -> #REF! | G24: =ТЧК!G24*0.87 -> #REF! | H24: =ТЧК!H24*0.87 -> #REF! | I24: =ТЧК!I24*0.87 -> #REF! | ... AZ24: =ТЧК!AZ24*0.87 -> #REF!
A25: Даты тарифа (включительно):
A26: Период продажи: 17.06.2026 - 29.06.2026 Период проживания: 12.07.2026 - 31.08.2026
A27: Ограничения:
A28: Минимальный срок проживания - 2 ночи
A29: В стоимость включено:
